Workbook

Sheet Menu
C2: FINANCE KPI DASHBOARD
C3: MENU
C7: INPUT | F7: OUTPUT

Sheet Metrics
C2: FINANCE KPI DASHBOARD
C3: KPI METRICS
B5: KPI Code | C5: KPI Group | D5: Criteria | E5: Unit | F5: Lower Better? | G5: Cumulative Calculation Method? | H5: KPI Description | J5: STARTING DATE SETTING
B6: 101 | C6: Profit Metrics | D6: Gross Profit | E6: USD | F6: No | G6: Sum | H6: The amount a company makes after deducting the costs associated with producing and selling its products. | J6: Year | K6: 2022
B7: 102 | C7: Profit Metrics | D7: Gross Profit Margin | E7: % | F7: No | G7: Average | H7: The amount left over from a business's income after direct selling expenses are subtracted. | J7: Month | K7: January
B8: 103 | C8: Profit Metrics | D8: Net Profit | E8: USD | F8: No | G8: Sum | H8: The amount of profit remaining after deducting all costs in a business.
B9: 104 | C9: Profit Metrics | D9: Net Profit Margin | E9: % | F9: No | G9: Average | H9: The rate of net profits to revenues for a company or business segment.
B10: 105 | C10: Profit Metrics | D10: EBIT | E10: USD | F10: No | G10: Sum | H10: The amount representing the financial performance of the company as the level of profit from sales.
B11: 106 | C11: Profit Metrics | D11: EBIT Margin | E11: % | F11: No | G11: Average | H11: The ratio of how profitable a company's core business is.
B12: 107 | C12: Profit Metrics | D12: Operating Expense Ratio | E12: % | F12: Yes | G12: Average | H12: The value that represents the core operations of a day-to-day company.
B13: 108 | C13: Profit Metrics
B14: 109 | C14: Profit Metrics
B15: 201 | C15: Cash Flow Metrics | D15: Current Ratio | E15: % | F15: No | G15: Average | H15: The ratio between the company’s the total assets value owned by the company.
B16: 202 | C16: Cash Flow Metrics | D16: Accounts Payable Trunover Ratio | E16: # | F16: No | G16: Average | H16: The value that measures how quickly a company pays its suppliers.
B17: 203 | C17: Cash Flow Metrics | D17: Accounts Receivable Days | E17: Days | F17: Yes | G17: Average | H17: The total time representing how long it takes to receive money for goods sold.
B18: 204 | C18: Cash Flow Metrics | D18: Accounts Receivable Trunover Ratio | E18: # | F18: No | G18: Average | H18: The amount shows a company's effectiveness in lending and collecting debt.
B19: 205 | C19: Cash Flow Metrics
B20: 206 | C20: Cash Flow Metrics

Sheet CY_Actual
C2: FINANCE KPI DASHBOARD
C3: CURRENT YEAR ACTUALS
B5: KPI Code | C5: KPI Group | D5: Criteria | E5: Unit | F5: =IFERROR(INDEX(Calc!$H$7:$H$18,COLUMN(CY_Actual!F4)-COLUMN(CY_Actual!$E$4)),"") -> Jan 2022 | G5: =IFERROR(INDEX(Calc!$H$7:$H$18,COLUMN(CY_Actual!G4)-COLUMN(CY_Actual!$E$4)),"") -> Feb 2022 | H5: =IFERROR(INDEX(Calc!$H$7:$H$18,COLUMN(CY_Actual!H4)-COLUMN(CY_Actual!$E$4)),"") -> Mar 2022 | I5: =IFERROR(INDEX(Calc!$H$7:$H$18,COLUMN(CY_Actual!I4)-COLUMN(CY_Actual!$E$4)),"") -> Apr 2022 | J5: =IFERROR(INDEX(Calc!$H$7:$H$18,COLUMN(CY_Actual!J4)-COLUMN(CY_Actual!$E$4)),"") -> May 2022 | K5: =IFERROR(INDEX(Calc!$H$7:$H$18,COLUMN(CY_Actual!K4)-COLUMN(CY_Actual!$E$4)),"") -> Jun 2022 | L5: =IFERROR(INDEX(Calc!$H$7:$H$18,COLUMN(CY_Actual!L4)-COLUMN(CY_Actual!$E$4)),"") -> Jul 2022 | M5: =IFERROR(INDEX(Calc!$H$7:$H$18,COLUMN(CY_Actual!M4)-COLUMN(CY_Actual!$E$4)),"") -> Aug 2022 | ... Q5: =IFERROR(INDEX(Calc!$H$7:$H$18,COLUMN(CY_Actual!Q4)-COLUMN(CY_Actual!$E$4)),"") -> Dec 2022
B6: =IFERROR(IF(LEN(INDEX(Metrics!$B$6:$H$14,ROW($A6)-ROW($A$5),MATCH(B$5,Metrics!$B$5:$H$5,0)))=0,"",INDEX(Metrics!$B$6:$H$14,ROW($A6)-ROW($A$5),MATCH(B$5,Metrics!$B$5:$H$5,0))),"") -> 101 | C6: =IFERROR(IF(LEN(INDEX(Metrics!$B$6:$H$14,ROW($A6)-ROW($A$5),MATCH(C$5,Metrics!$B$5:$H$5,0)))=0,"",INDEX(Metrics!$B$6:$H$14,ROW($A6)-ROW($A$5),MATCH(C$5,Metrics!$B$5:$H$5,0))),"") -> Profit Metrics | D6: =IFERROR(IF(LEN(INDEX(Metrics!$B$6:$H$14,ROW($A6)-ROW($A$5),MATCH(D$5,Metrics!$B$5:$H$5,0)))=0,"",INDEX(Metrics!$B$6:$H$14,ROW($A6)-ROW($A$5),MATCH(D$5,Metrics!$B$5:$H$5,0))),"") -> Gross Profit | E6: =IFERROR(IF(LEN(INDEX(Metrics!$B$6:$H$14,ROW($A6)-ROW($A$5),MATCH(E$5,Metrics!$B$5:$H$5,0)))=0,"",INDEX(Metrics!$B$6:$H$14,ROW($A6)-ROW($A$5),MATCH(E$5,Metrics!$B$5:$H$5,0))),"") -> USD | F6: 58500 | G6: 66000 | H6: 64000 | I6: 51000 | J6: 70000 | K6: 62700
B7: =IFERROR(IF(LEN(INDEX(Metrics!$B$6:$H$14,ROW($A7)-ROW($A$5),MATCH(B$5,Metrics!$B$5:$H$5,0)))=0,"",INDEX(Metrics!$B$6:$H$14,ROW($A7)-ROW($A$5),MATCH(B$5,Metrics!$B$5:$H$5,0))),"") -> 102 | C7: =IFERROR(IF(LEN(INDEX(Metrics!$B$6:$H$14,ROW($A7)-ROW($A$5),MATCH(C$5,Metrics!$B$5:$H$5,0)))=0,"",INDEX(Metrics!$B$6:$H$14,ROW($A7)-ROW($A$5),MATCH(C$5,Metrics!$B$5:$H$5,0))),"") -> Profit Metrics | D7: =IFERROR(IF(LEN(INDEX(Metrics!$B$6:$H$14,ROW($A7)-ROW($A$5),MATCH(D$5,Metrics!$B$5:$H$5,0)))=0,"",INDEX(Metrics!$B$6:$H$14,ROW($A7)-ROW($A$5),MATCH(D$5,Metrics!$B$5:$H$5,0))),"") -> Gross Profit Margin | E7: =IFERROR(IF(LEN(INDEX(Metrics!$B$6:$H$14,ROW($A7)-ROW($A$5),MATCH(E$5,Metrics!$B$5:$H$5,0)))=0,"",INDEX(Metrics!$B$6:$H$14,ROW($A7)-ROW($A$5),MATCH(E$5,Metrics!$B$5:$H$5,0))),"") -> % | F7: 0.392 | G7: 0.392 | H7: 0.37632 | I7: 0.3876096 | J7: 0.36822912 | K7: 0.40136974
B8: =IFERROR(IF(LEN(INDEX(Metrics!$B$6:$H$14,ROW($A8)-ROW($A$5),MATCH(B$5,Metrics!$B$5:$H$5,0)))=0,"",INDEX(Metrics!$B$6:$H$14,ROW($A8)-ROW($A$5),MATCH(B$5,Metrics!$B$5:$H$5,0))),"") -> 103 | C8: =IFERROR(IF(LEN(INDEX(Metrics!$B$6:$H$14,ROW($A8)-ROW($A$5),MATCH(C$5,Metrics!$B$5:$H$5,0)))=0,"",INDEX(Metrics!$B$6:$H$14,ROW($A8)-ROW($A$5),MATCH(C$5,Metrics!$B$5:$H$5,0))),"") -> Profit Metrics | D8: =IFERROR(IF(LEN(INDEX(Metrics!$B$6:$H$14,ROW($A8)-ROW($A$5),MATCH(D$5,Metrics!$B$5:$H$5,0)))=0,"",INDEX(Metrics!$B$6:$H$14,ROW($A8)-ROW($A$5),MATCH(D$5,Metrics!$B$5:$H$5,0))),"") -> Net Profit | E8: =IFERROR(IF(LEN(INDEX(Metrics!$B$6:$H$14,ROW($A8)-ROW($A$5),MATCH(E$5,Metrics!$B$5:$H$5,0)))=0,"",INDEX(Metrics!$B$6:$H$14,ROW($A8)-ROW($A$5),MATCH(E$5,Metrics!$B$5:$H$5,0))),"") -> USD | F8: 42705 | G8: 48180 | H8: 46720 | I8: 37230 | J8: 51100 | K8: 45771
B9: =IFERROR(IF(LEN(INDEX(Metrics!$B$6:$H$14,ROW($A9)-ROW($A$5),MATCH(B$5,Metrics!$B$5:$H$5,0)))=0,"",INDEX(Metrics!$B$6:$H$14,ROW($A9)-ROW($A$5),MATCH(B$5,Metrics!$B$5:$H$5,0))),"") -> 104 | C9: =IFERROR(IF(LEN(INDEX(Metrics!$B$6:$H$14,ROW($A9)-ROW($A$5),MATCH(C$5,Metrics!$B$5:$H$5,0)))=0,"",INDEX(Metrics!$B$6:$H$14,ROW($A9)-ROW($A$5),MATCH(C$5,Metrics!$B$5:$H$5,0))),"") -> Profit Metrics | D9: =IFERROR(IF(LEN(INDEX(Metrics!$B$6:$H$14,ROW($A9)-ROW($A$5),MATCH(D$5,Metrics!$B$5:$H$5,0)))=0,"",INDEX(Metrics!$B$6:$H$14,ROW($A9)-ROW($A$5),MATCH(D$5,Metrics!$B$5:$H$5,0))),"") -> Net Profit Margin | E9: =IFERROR(IF(LEN(INDEX(Metrics!$B$6:$H$14,ROW($A9)-ROW($A$5),MATCH(E$5,Metrics!$B$5:$H$5,0)))=0,"",INDEX(Metrics!$B$6:$H$14,ROW($A9)-ROW($A$5),MATCH(E$5,Metrics!$B$5:$H$5,0))),"") -> % | F9: 0.20776 | G9: 0.20776 | H9: 0.1994496 | I9: 0.20543309 | J9: 0.19516143 | K9: 0.21272596
B10: =IFERROR(IF(LEN(INDEX(Metrics!$B$6:$H$14,ROW($A10)-ROW($A$5),MATCH(B$5,Metrics!$B$5:$H$5,0)))=0,"",INDEX(Metrics!$B$6:$H$14,ROW($A10)-ROW($A$5),MATCH(B$5,Metrics!$B$5:$H$5,0))),"") -> 105 | C10: =IFERROR(IF(LEN(INDEX(Metrics!$B$6:$H$14,ROW($A10)-ROW($A$5),MATCH(C$5,Metrics!$B$5:$H$5,0)))=0,"",INDEX(Metrics!$B$6:$H$14,ROW($A10)-ROW($A$5),MATCH(C$5,Metrics!$B$5:$H$5,0))),"") -> Profit Metrics | D10: =IFERROR(IF(LEN(INDEX(Metrics!$B$6:$H$14,ROW($A10)-ROW($A$5),MATCH(D$5,Metrics!$B$5:$H$5,0)))=0,"",INDEX(Metrics!$B$6:$H$14,ROW($A10)-ROW($A$5),MATCH(D$5,Metrics!$B$5:$H$5,0))),"") -> EBIT | E10: =IFERROR(IF(LEN(INDEX(Metrics!$B$6:$H$14,ROW($A10)-ROW($A$5),MATCH(E$5,Metrics!$B$5:$H$5,0)))=0,"",INDEX(Metrics!$B$6:$H$14,ROW($A10)-ROW($A$5),MATCH(E$5,Metrics!$B$5:$H$5,0))),"") -> USD | F10: 30320.55 | G10: 34207.8 | H10: 33171.2 | I10: 26433.3 | J10: 36281 | K10: 32497.41
B11: =IFERROR(IF(LEN(INDEX(Metrics!$B$6:$H$14,ROW($A11)-ROW($A$5),MATCH(B$5,Metrics!$B$5:$H$5,0)))=0,"",INDEX(Metrics!$B$6:$H$14,ROW($A11)-ROW($A$5),MATCH(B$5,Metrics!$B$5:$H$5,0))),"") -> 106 | C11: =IFERROR(IF(LEN(INDEX(Metrics!$B$6:$H$14,ROW($A11)-ROW($A$5),MATCH(C$5,Metrics!$B$5:$H$5,0)))=0,"",INDEX(Metrics!$B$6:$H$14,ROW($A11)-ROW($A$5),MATCH(C$5,Metrics!$B$5:$H$5,0))),"") -> Profit Metrics | D11: =IFERROR(IF(LEN(INDEX(Metrics!$B$6:$H$14,ROW($A11)-ROW($A$5),MATCH(D$5,Metrics!$B$5:$H$5,0)))=0,"",INDEX(Metrics!$B$6:$H$14,ROW($A11)-ROW($A$5),MATCH(D$5,Metrics!$B$5:$H$5,0))),"") -> EBIT Margin | E11: =IFERROR(IF(LEN(INDEX(Metrics!$B$6:$H$14,ROW($A11)-ROW($A$5),MATCH(E$5,Metrics!$B$5:$H$5,0)))=0,"",INDEX(Metrics!$B$6:$H$14,ROW($A11)-ROW($A$5),MATCH(E$5,Metrics!$B$5:$H$5,0))),"") -> % | F11: 0.1267336 | G11: 0.1267336 | H11: 0.12166426 | I11: 0.12531418 | J11: 0.11904847 | K11: 0.12976284
B12: =IFERROR(IF(LEN(INDEX(Metrics!$B$6:$H$14,ROW($A12)-ROW($A$5),MATCH(B$5,Metrics!$B$5:$H$5,0)))=0,"",INDEX(Metrics!$B$6:$H$14,ROW($A12)-ROW($A$5),MATCH(B$5,Metrics!$B$5:$H$5,0))),"") -> 107 | C12: =IFERROR(IF(LEN(INDEX(Metrics!$B$6:$H$14,ROW($A12)-ROW($A$5),MATCH(C$5,Metrics!$B$5:$H$5,0)))=0,"",INDEX(Metrics!$B$6:$H$14,ROW($A12)-ROW($A$5),MATCH(C$5,Metrics!$B$5:$H$5,0))),"") -> Profit Metrics | D12: =IFERROR(IF(LEN(INDEX(Metrics!$B$6:$H$14,ROW($A12)-ROW($A$5),MATCH(D$5,Metrics!$B$5:$H$5,0)))=0,"",INDEX(Metrics!$B$6:$H$14,ROW($A12)-ROW($A$5),MATCH(D$5,Metrics!$B$5:$H$5,0))),"") -> Operating Expense Ratio | E12: =IFERROR(IF(LEN(INDEX(Metrics!$B$6:$H$14,ROW($A12)-ROW($A$5),MATCH(E$5,Metrics!$B$5:$H$5,0)))=0,"",INDEX(Metrics!$B$6:$H$14,ROW($A12)-ROW($A$5),MATCH(E$5,Metrics!$B$5:$H$5,0))),"") -> % | F12: 0.29148728 | G12: 0.29148728 | H12: 0.27982779 | I12: 0.28822262 | J12: 0.27381149 | K12: 0.29845453
B13: =IFERROR(IF(LEN(INDEX(Metrics!$B$6:$H$14,ROW($A13)-ROW($A$5),MATCH(B$5,Metrics!$B$5:$H$5,0)))=0,"",INDEX(Metrics!$B$6:$H$14,ROW($A13)-ROW($A$5),MATCH(B$5,Metrics!$B$5:$H$5,0))),"") -> 108 | C13: =IFERROR(IF(LEN(INDEX(Metrics!$B$6:$H$14,ROW($A13)-ROW($A$5),MATCH(C$5,Metrics!$B$5:$H$5,0)))=0,"",INDEX(Metrics!$B$6:$H$14,ROW($A13)-ROW($A$5),MATCH(C$5,Metrics!$B$5:$H$5,0))),"") -> Profit Metrics | D13: =IFERROR(IF(LEN(INDEX(Metrics!$B$6:$H$14,ROW($A13)-ROW($A$5),MATCH(D$5,Metrics!$B$5:$H$5,0)))=0,"",INDEX(Metrics!$B$6:$H$14,ROW($A13)-ROW($A$5),MATCH(D$5,Metrics!$B$5:$H$5,0))),"") | E13: =IFERROR(IF(LEN(INDEX(Metrics!$B$6:$H$14,ROW($A13)-ROW($A$5),MATCH(E$5,Metrics!$B$5:$H$5,0)))=0,"",INDEX(Metrics!$B$6:$H$14,ROW($A13)-ROW($A$5),MATCH(E$5,Metrics!$B$5:$H$5,0))),"")
B14: =IFERROR(IF(LEN(INDEX(Metrics!$B$6:$H$14,ROW($A14)-ROW($A$5),MATCH(B$5,Metrics!$B$5:$H$5,0)))=0,"",INDEX(Metrics!$B$6:$H$14,ROW($A14)-ROW($A$5),MATCH(B$5,Metrics!$B$5:$H$5,0))),"") -> 109 | C14: =IFERROR(IF(LEN(INDEX(Metrics!$B$6:$H$14,ROW($A14)-ROW($A$5),MATCH(C$5,Metrics!$B$5:$H$5,0)))=0,"",INDEX(Metrics!$B$6:$H$14,ROW($A14)-ROW($A$5),MATCH(C$5,Metrics!$B$5:$H$5,0))),"") -> Profit Metrics | D14: =IFERROR(IF(LEN(INDEX(Metrics!$B$6:$H$14,ROW($A14)-ROW($A$5),MATCH(D$5,Metrics!$B$5:$H$5,0)))=0,"",INDEX(Metrics!$B$6:$H$14,ROW($A14)-ROW($A$5),MATCH(D$5,Metrics!$B$5:$H$5,0))),"") | E14: =IFERROR(IF(LEN(INDEX(Metrics!$B$6:$H$14,ROW($A14)-ROW($A$5),MATCH(E$5,Metrics!$B$5:$H$5,0)))=0,"",INDEX(Metrics!$B$6:$H$14,ROW($A14)-ROW($A$5),MATCH(E$5,Metrics!$B$5:$H$5,0))),"")
B15: 201 | C15: Cash Flow Metrics | D15: Current Ratio | E15: %
B16: 202 | C16: Cash Flow Metrics | D16: Accounts Payable Trunover Ratio | E16: #
B17: 203 | C17: Cash Flow Metrics | D17: Accounts Receivable Days | E17: Days
B18: 204 | C18: Cash Flow Metrics | D18: Accounts Receivable Trunover Ratio | E18: #
B19: 205 | C19: Cash Flow Metrics
B20: 206 | C20: Cash Flow Metrics

Sheet CY_Target
C2: FINANCE KPI DASHBOARD
C3: CURRENT YEAR TARGETS
B5: KPI Code | C5: KPI Group | D5: Criteria | E5: Unit | F5: =IFERROR(INDEX(Calc!$H$7:$H$18,COLUMN(CY_Target!F4)-COLUMN(CY_Target!$E$4)),"") -> Jan 2022 | G5: =IFERROR(INDEX(Calc!$H$7:$H$18,COLUMN(CY_Target!G4)-COLUMN(CY_Target!$E$4)),"") -> Feb 2022 | H5: =IFERROR(INDEX(Calc!$H$7:$H$18,COLUMN(CY_Target!H4)-COLUMN(CY_Target!$E$4)),"") -> Mar 2022 | I5: =IFERROR(INDEX(Calc!$H$7:$H$18,COLUMN(CY_Target!I4)-COLUMN(CY_Target!$E$4)),"") -> Apr 2022 | J5: =IFERROR(INDEX(Calc!$H$7:$H$18,COLUMN(CY_Target!J4)-COLUMN(CY_Target!$E$4)),"") -> May 2022 | K5: =IFERROR(INDEX(Calc!$H$7:$H$18,COLUMN(CY_Target!K4)-COLUMN(CY_Target!$E$4)),"") -> Jun 2022 | L5: =IFERROR(INDEX(Calc!$H$7:$H$18,COLUMN(CY_Target!L4)-COLUMN(CY_Target!$E$4)),"") -> Jul 2022 | M5: =IFERROR(INDEX(Calc!$H$7:$H$18,COLUMN(CY_Target!M4)-COLUMN(CY_Target!$E$4)),"") -> Aug 2022 | ... Q5: =IFERROR(INDEX(Calc!$H$7:$H$18,COLUMN(CY_Target!Q4)-COLUMN(CY_Target!$E$4)),"") -> Dec 2022
B6: =IFERROR(IF(LEN(INDEX(Metrics!$B$6:$H$14,ROW($A6)-ROW($A$5),MATCH(B$5,Metrics!$B$5:$H$5,0)))=0,"",INDEX(Metrics!$B$6:$H$14,ROW($A6)-ROW($A$5),MATCH(B$5,Metrics!$B$5:$H$5,0))),"") -> 101 | C6: =IFERROR(IF(LEN(INDEX(Metrics!$B$6:$H$14,ROW($A6)-ROW($A$5),MATCH(C$5,Metrics!$B$5:$H$5,0)))=0,"",INDEX(Metrics!$B$6:$H$14,ROW($A6)-ROW($A$5),MATCH(C$5,Metrics!$B$5:$H$5,0))),"") -> Profit Metrics | D6: =IFERROR(IF(LEN(INDEX(Metrics!$B$6:$H$14,ROW($A6)-ROW($A$5),MATCH(D$5,Metrics!$B$5:$H$5,0)))=0,"",INDEX(Metrics!$B$6:$H$14,ROW($A6)-ROW($A$5),MATCH(D$5,Metrics!$B$5:$H$5,0))),"") -> Gross Profit | E6: =IFERROR(IF(LEN(INDEX(Metrics!$B$6:$H$14,ROW($A6)-ROW($A$5),MATCH(E$5,Metrics!$B$5:$H$5,0)))=0,"",INDEX(Metrics!$B$6:$H$14,ROW($A6)-ROW($A$5),MATCH(E$5,Metrics!$B$5:$H$5,0))),"") -> USD | F6: 67860 | G6: 77880 | H6: 79360 | I6: 62220 | J6: 88900 | K6: 64581
B7: =IFERROR(IF(LEN(INDEX(Metrics!$B$6:$H$14,ROW($A7)-ROW($A$5),MATCH(B$5,Metrics!$B$5:$H$5,0)))=0,"",INDEX(Metrics!$B$6:$H$14,ROW($A7)-ROW($A$5),MATCH(B$5,Metrics!$B$5:$H$5,0))),"") -> 102 | C7: =IFERROR(IF(LEN(INDEX(Metrics!$B$6:$H$14,ROW($A7)-ROW($A$5),MATCH(C$5,Metrics!$B$5:$H$5,0)))=0,"",INDEX(Metrics!$B$6:$H$14,ROW($A7)-ROW($A$5),MATCH(C$5,Metrics!$B$5:$H$5,0))),"") -> Profit Metrics | D7: =IFERROR(IF(LEN(INDEX(Metrics!$B$6:$H$14,ROW($A7)-ROW($A$5),MATCH(D$5,Metrics!$B$5:$H$5,0)))=0,"",INDEX(Metrics!$B$6:$H$14,ROW($A7)-ROW($A$5),MATCH(D$5,Metrics!$B$5:$H$5,0))),"") -> Gross Profit Margin | E7: =IFERROR(IF(LEN(INDEX(Metrics!$B$6:$H$14,ROW($A7)-ROW($A$5),MATCH(E$5,Metrics!$B$5:$H$5,0)))=0,"",INDEX(Metrics!$B$6:$H$14,ROW($A7)-ROW($A$5),MATCH(E$5,Metrics!$B$5:$H$5,0))),"") -> % | F7: 0.44296 | G7: 0.50176 | H7: 0.3424512 | I7: 0.36047693 | J7: 0.37191141 | K7: 0.41341083
B8: =IFERROR(IF(LEN(INDEX(Metrics!$B$6:$H$14,ROW($A8)-ROW($A$5),MATCH(B$5,Metrics!$B$5:$H$5,0)))=0,"",INDEX(Metrics!$B$6:$H$14,ROW($A8)-ROW($A$5),MATCH(B$5,Metrics!$B$5:$H$5,0))),"") -> 103 | C8: =IFERROR(IF(LEN(INDEX(Metrics!$B$6:$H$14,ROW($A8)-ROW($A$5),MATCH(C$5,Metrics!$B$5:$H$5,0)))=0,"",INDEX(Metrics!$B$6:$H$14,ROW($A8)-ROW($A$5),MATCH(C$5,Metrics!$B$5:$H$5,0))),"") -> Profit Metrics | D8: =IFERROR(IF(LEN(INDEX(Metrics!$B$6:$H$14,ROW($A8)-ROW($A$5),MATCH(D$5,Metrics!$B$5:$H$5,0)))=0,"",INDEX(Metrics!$B$6:$H$14,ROW($A8)-ROW($A$5),MATCH(D$5,Metrics!$B$5:$H$5,0))),"") -> Net Profit | E8: =IFERROR(IF(LEN(INDEX(Metrics!$B$6:$H$14,ROW($A8)-ROW($A$5),MATCH(E$5,Metrics!$B$5:$H$5,0)))=0,"",INDEX(Metrics!$B$6:$H$14,ROW($A8)-ROW($A$5),MATCH(E$5,Metrics!$B$5:$H$5,0))),"") -> USD | F8: 47402.55 | G8: 50107.2 | H8: 47654.4 | I8: 33879.3 | J8: 50078 | K8: 50348.1
B9: =IFERROR(IF(LEN(INDEX(Metrics!$B$6:$H$14,ROW($A9)-ROW($A$5),MATCH(B$5,Metrics!$B$5:$H$5,0)))=0,"",INDEX(Metrics!$B$6:$H$14,ROW($A9)-ROW($A$5),MATCH(B$5,Metrics!$B$5:$H$5,0))),"") -> 104 | C9: =IFERROR(IF(LEN(INDEX(Metrics!$B$6:$H$14,ROW($A9)-ROW($A$5),MATCH(C$5,Metrics!$B$5:$H$5,0)))=0,"",INDEX(Metrics!$B$6:$H$14,ROW($A9)-ROW($A$5),MATCH(C$5,Metrics!$B$5:$H$5,0))),"") -> Profit Metrics | D9: =IFERROR(IF(LEN(INDEX(Metrics!$B$6:$H$14,ROW($A9)-ROW($A$5),MATCH(D$5,Metrics!$B$5:$H$5,0)))=0,"",INDEX(Metrics!$B$6:$H$14,ROW($A9)-ROW($A$5),MATCH(D$5,Metrics!$B$5:$H$5,0))),"") -> Net Profit Margin | E9: =IFERROR(IF(LEN(INDEX(Metrics!$B$6:$H$14,ROW($A9)-ROW($A$5),MATCH(E$5,Metrics!$B$5:$H$5,0)))=0,"",INDEX(Metrics!$B$6:$H$14,ROW($A9)-ROW($A$5),MATCH(E$5,Metrics!$B$5:$H$5,0))),"") -> % | F9: 0.197372 | G9: 0.1994496 | H9: 0.21141658 | I9: 0.20543309 | J9: 0.20687112 | K9: 0.221235
B10: =IFERROR(IF(LEN(INDEX(Metrics!$B$6:$H$14,ROW($A10)-ROW($A$5),MATCH(B$5,Metrics!$B$5:$H$5,0)))=0,"",INDEX(Metrics!$B$6:$H$14,ROW($A10)-ROW($A$5),MATCH(B$5,Metrics!$B$5:$H$5,0))),"") -> 105 | C10: =IFERROR(IF(LEN(INDEX(Metrics!$B$6:$H$14,ROW($A10)-ROW($A$5),MATCH(C$5,Metrics!$B$5:$H$5,0)))=0,"",INDEX(Metrics!$B$6:$H$14,ROW($A10)-ROW($A$5),MATCH(C$5,Metrics!$B$5:$H$5,0))),"") -> Profit Metrics | D10: =IFERROR(IF(LEN(INDEX(Metrics!$B$6:$H$14,ROW($A10)-ROW($A$5),MATCH(D$5,Metrics!$B$5:$H$5,0)))=0,"",INDEX(Metrics!$B$6:$H$14,ROW($A10)-ROW($A$5),MATCH(D$5,Metrics!$B$5:$H$5,0))),"") -> EBIT | E10: =IFERROR(IF(LEN(INDEX(Metrics!$B$6:$H$14,ROW($A10)-ROW($A$5),MATCH(E$5,Metrics!$B$5:$H$5,0)))=0,"",INDEX(Metrics!$B$6:$H$14,ROW($A10)-ROW($A$5),MATCH(E$5,Metrics!$B$5:$H$5,0))),"") -> USD | F10: 38203.893 | G10: 31471.176 | H10: 43122.56 | I10: 30133.962 | J10: 44262.82 | K10: 37696.996
B11: =IFERROR(IF(LEN(INDEX(Metrics!$B$6:$H$14,ROW($A11)-ROW($A$5),MATCH(B$5,Metrics!$B$5:$H$5,0)))=0,"",INDEX(Metrics!$B$6:$H$14,ROW($A11)-ROW($A$5),MATCH(B$5,Metrics!$B$5:$H$5,0))),"") -> 106 | C11: =IFERROR(IF(LEN(INDEX(Metrics!$B$6:$H$14,ROW($A11)-ROW($A$5),MATCH(C$5,Metrics!$B$5:$H$5,0)))=0,"",INDEX(Metrics!$B$6:$H$14,ROW($A11)-ROW($A$5),MATCH(C$5,Metrics!$B$5:$H$5,0))),"") -> Profit Metrics | D11: =IFERROR(IF(LEN(INDEX(Metrics!$B$6:$H$14,ROW($A11)-ROW($A$5),MATCH(D$5,Metrics!$B$5:$H$5,0)))=0,"",INDEX(Metrics!$B$6:$H$14,ROW($A11)-ROW($A$5),MATCH(D$5,Metrics!$B$5:$H$5,0))),"") -> EBIT Margin | E11: =IFERROR(IF(LEN(INDEX(Metrics!$B$6:$H$14,ROW($A11)-ROW($A$5),MATCH(E$5,Metrics!$B$5:$H$5,0)))=0,"",INDEX(Metrics!$B$6:$H$14,ROW($A11)-ROW($A$5),MATCH(E$5,Metrics!$B$5:$H$5,0))),"") -> % | F11: 0.12926827 | G11: 0.16348634 | H11: 0.13626397 | I11: 0.14411131 | J11: 0.12619138 | K11: 0.14014386
B12: =IFERROR(IF(LEN(INDEX(Metrics!$B$6:$H$14,ROW($A12)-ROW($A$5),MATCH(B$5,Metrics!$B$5:$H$5,0)))=0,"",INDEX(Metrics!$B$6:$H$14,ROW($A12)-ROW($A$5),MATCH(B$5,Metrics!$B$5:$H$5,0))),"") -> 107 | C12: =IFERROR(IF(LEN(INDEX(Metrics!$B$6:$H$14,ROW($A12)-ROW($A$5),MATCH(C$5,Metrics!$B$5:$H$5,0)))=0,"",INDEX(Metrics!$B$6:$H$14,ROW($A12)-ROW($A$5),MATCH(C$5,Metrics!$B$5:$H$5,0))),"") -> Profit Metrics | D12: =IFERROR(IF(LEN(INDEX(Metrics!$B$6:$H$14,ROW($A12)-ROW($A$5),MATCH(D$5,Metrics!$B$5:$H$5,0)))=0,"",INDEX(Metrics!$B$6:$H$14,ROW($A12)-ROW($A$5),MATCH(D$5,Metrics!$B$5:$H$5,0))),"") -> Operating Expense Ratio | E12: =IFERROR(IF(LEN(INDEX(Metrics!$B$6:$H$14,ROW($A12)-ROW($A$5),MATCH(E$5,Metrics!$B$5:$H$5,0)))=0,"",INDEX(Metrics!$B$6:$H$14,ROW($A12)-ROW($A$5),MATCH(E$5,Metrics!$B$5:$H$5,0))),"") -> % | F12: 0.36727397 | G12: 0.3322955 | H12: 0.34418818 | I12: 0.28822262 | J12: 0.29571641 | K12: 0.34919179
B13: =IFERROR(IF(LEN(INDEX(Metrics!$B$6:$H$14,ROW($A13)-ROW($A$5),MATCH(B$5,Metrics!$B$5:$H$5,0)))=0,"",INDEX(Metrics!$B$6:$H$14,ROW($A13)-ROW($A$5),MATCH(B$5,Metrics!$B$5:$H$5,0))),"") -> 108 | C13: =IFERROR(IF(LEN(INDEX(Metrics!$B$6:$H$14,ROW($A13)-ROW($A$5),MATCH(C$5,Metrics!$B$5:$H$5,0)))=0,"",INDEX(Metrics!$B$6:$H$14,ROW($A13)-ROW($A$5),MATCH(C$5,Metrics!$B$5:$H$5,0))),"") -> Profit Metrics | D13: =IFERROR(IF(LEN(INDEX(Metrics!$B$6:$H$14,ROW($A13)-ROW($A$5),MATCH(D$5,Metrics!$B$5:$H$5,0)))=0,"",INDEX(Metrics!$B$6:$H$14,ROW($A13)-ROW($A$5),MATCH(D$5,Metrics!$B$5:$H$5,0))),"") | E13: =IFERROR(IF(LEN(INDEX(Metrics!$B$6:$H$14,ROW($A13)-ROW($A$5),MATCH(E$5,Metrics!$B$5:$H$5,0)))=0,"",INDEX(Metrics!$B$6:$H$14,ROW($A13)-ROW($A$5),MATCH(E$5,Metrics!$B$5:$H$5,0))),"")
B14: =IFERROR(IF(LEN(INDEX(Metrics!$B$6:$H$14,ROW($A14)-ROW($A$5),MATCH(B$5,Metrics!$B$5:$H$5,0)))=0,"",INDEX(Metrics!$B$6:$H$14,ROW($A14)-ROW($A$5),MATCH(B$5,Metrics!$B$5:$H$5,0))),"") -> 109 | C14: =IFERROR(IF(LEN(INDEX(Metrics!$B$6:$H$14,ROW($A14)-ROW($A$5),MATCH(C$5,Metrics!$B$5:$H$5,0)))=0,"",INDEX(Metrics!$B$6:$H$14,ROW($A14)-ROW($A$5),MATCH(C$5,Metrics!$B$5:$H$5,0))),"") -> Profit Metrics | D14: =IFERROR(IF(LEN(INDEX(Metrics!$B$6:$H$14,ROW($A14)-ROW($A$5),MATCH(D$5,Metrics!$B$5:$H$5,0)))=0,"",INDEX(Metrics!$B$6:$H$14,ROW($A14)-ROW($A$5),MATCH(D$5,Metrics!$B$5:$H$5,0))),"") | E14: =IFERROR(IF(LEN(INDEX(Metrics!$B$6:$H$14,ROW($A14)-ROW($A$5),MATCH(E$5,Metrics!$B$5:$H$5,0)))=0,"",INDEX(Metrics!$B$6:$H$14,ROW($A14)-ROW($A$5),MATCH(E$5,Metrics!$B$5:$H$5,0))),"")
B15: 201 | C15: Cash Flow Metrics | D15: Current Ratio | E15: %
B16: 202 | C16: Cash Flow Metrics | D16: Accounts Payable Trunover Ratio | E16: #
B17: 203 | C17: Cash Flow Metrics | D17: Accounts Receivable Days | E17: Days
B18: 204 | C18: Cash Flow Metrics | D18: Accounts Receivable Trunover Ratio | E18: #
B19: 205 | C19: Cash Flow Metrics
B20: 206 | C20: Cash Flow Metrics

Sheet PY_Actual
C2: FINANCE KPI DASHBOARD
C3: PREVIOUS YEAR ACTUALS
B5: KPI Code | C5: KPI Group | D5: Criteria | E5: Unit | F5: =IFERROR(INDEX(Calc!$I$7:$I$18,COLUMN(PY_Actual!F4)-COLUMN(PY_Actual!$E$4)),"") -> Jan 2021 | G5: =IFERROR(INDEX(Calc!$I$7:$I$18,COLUMN(PY_Actual!G4)-COLUMN(PY_Actual!$E$4)),"") -> Feb 2021 | H5: =IFERROR(INDEX(Calc!$I$7:$I$18,COLUMN(PY_Actual!H4)-COLUMN(PY_Actual!$E$4)),"") -> Mar 2021 | I5: =IFERROR(INDEX(Calc!$I$7:$I$18,COLUMN(PY_Actual!I4)-COLUMN(PY_Actual!$E$4)),"") -> Apr 2021 | J5: =IFERROR(INDEX(Calc!$I$7:$I$18,COLUMN(PY_Actual!J4)-COLUMN(PY_Actual!$E$4)),"") -> May 2021 | K5: =IFERROR(INDEX(Calc!$I$7:$I$18,COLUMN(PY_Actual!K4)-COLUMN(PY_Actual!$E$4)),"") -> Jun 2021 | L5: =IFERROR(INDEX(Calc!$I$7:$I$18,COLUMN(PY_Actual!L4)-COLUMN(PY_Actual!$E$4)),"") -> Jul 2021 | M5: =IFERROR(INDEX(Calc!$I$7:$I$18,COLUMN(PY_Actual!M4)-COLUMN(PY_Actual!$E$4)),"") -> Aug 2021 | ... Q5: =IFERROR(INDEX(Calc!$I$7:$I$18,COLUMN(PY_Actual!Q4)-COLUMN(PY_Actual!$E$4)),"") -> Dec 2021
B6: =IFERROR(IF(LEN(INDEX(Metrics!$B$6:$H$14,ROW($A6)-ROW($A$5),MATCH(B$5,Metrics!$B$5:$H$5,0)))=0,"",INDEX(Metrics!$B$6:$H$14,ROW($A6)-ROW($A$5),MATCH(B$5,Metrics!$B$5:$H$5,0))),"") -> 101 | C6: =IFERROR(IF(LEN(INDEX(Metrics!$B$6:$H$14,ROW($A6)-ROW($A$5),MATCH(C$5,Metrics!$B$5:$H$5,0)))=0,"",INDEX(Metrics!$B$6:$H$14,ROW($A6)-ROW($A$5),MATCH(C$5,Metrics!$B$5:$H$5,0))),"") -> Profit Metrics | D6: =IFERROR(IF(LEN(INDEX(Metrics!$B$6:$H$14,ROW($A6)-ROW($A$5),MATCH(D$5,Metrics!$B$5:$H$5,0)))=0,"",INDEX(Metrics!$B$6:$H$14,ROW($A6)-ROW($A$5),MATCH(D$5,Metrics!$B$5:$H$5,0))),"") -> Gross Profit | E6: =IFERROR(IF(LEN(INDEX(Metrics!$B$6:$H$14,ROW($A6)-ROW($A$5),MATCH(E$5,Metrics!$B$5:$H$5,0)))=0,"",INDEX(Metrics!$B$6:$H$14,ROW($A6)-ROW($A$5),MATCH(E$5,Metrics!$B$5:$H$5,0))),"") -> USD | F6: 66326.04 | G6: 59427.685 | H6: 52812.109 | I6: 64380.476 | J6: 66271.225 | K6: 46885.476
B7: =IFERROR(IF(LEN(INDEX(Metrics!$B$6:$H$14,ROW($A7)-ROW($A$5),MATCH(B$5,Metrics!$B$5:$H$5,0)))=0,"",INDEX(Metrics!$B$6:$H$14,ROW($A7)-ROW($A$5),MATCH(B$5,Metrics!$B$5:$H$5,0))),"") -> 102 | C7: =IFERROR(IF(LEN(INDEX(Metrics!$B$6:$H$14,ROW($A7)-ROW($A$5),MATCH(C$5,Metrics!$B$5:$H$5,0)))=0,"",INDEX(Metrics!$B$6:$H$14,ROW($A7)-ROW($A$5),MATCH(C$5,Metrics!$B$5:$H$5,0))),"") -> Profit Metrics | D7: =IFERROR(IF(LEN(INDEX(Metrics!$B$6:$H$14,ROW($A7)-ROW($A$5),MATCH(D$5,Metrics!$B$5:$H$5,0)))=0,"",INDEX(Metrics!$B$6:$H$14,ROW($A7)-ROW($A$5),MATCH(D$5,Metrics!$B$5:$H$5,0))),"") -> Gross Profit Margin | E7: =IFERROR(IF(LEN(INDEX(Metrics!$B$6:$H$14,ROW($A7)-ROW($A$5),MATCH(E$5,Metrics!$B$5:$H$5,0)))=0,"",INDEX(Metrics!$B$6:$H$14,ROW($A7)-ROW($A$5),MATCH(E$5,Metrics!$B$5:$H$5,0))),"") -> % | F7: 0.39462875 | G7: 0.3700305 | H7: 0.29752025 | I7: 0.40086939 | J7: 0.46588643 | K7: 0.24188948
B8: =IFERROR(IF(LEN(INDEX(Metrics!$B$6:$H$14,ROW($A8)-ROW($A$5),MATCH(B$5,Metrics!$B$5:$H$5,0)))=0,"",INDEX(Metrics!$B$6:$H$14,ROW($A8)-ROW($A$5),MATCH(B$5,Metrics!$B$5:$H$5,0))),"") -> 103 | C8: =IFERROR(IF(LEN(INDEX(Metrics!$B$6:$H$14,ROW($A8)-ROW($A$5),MATCH(C$5,Metrics!$B$5:$H$5,0)))=0,"",INDEX(Metrics!$B$6:$H$14,ROW($A8)-ROW($A$5),MATCH(C$5,Metrics!$B$5:$H$5,0))),"") -> Profit Metrics | D8: =IFERROR(IF(LEN(INDEX(Metrics!$B$6:$H$14,ROW($A8)-ROW($A$5),MATCH(D$5,Metrics!$B$5:$H$5,0)))=0,"",INDEX(Metrics!$B$6:$H$14,ROW($A8)-ROW($A$5),MATCH(D$5,Metrics!$B$5:$H$5,0))),"") -> Net Profit | E8: =IFERROR(IF(LEN(INDEX(Metrics!$B$6:$H$14,ROW($A8)-ROW($A$5),MATCH(E$5,Metrics!$B$5:$H$5,0)))=0,"",INDEX(Metrics!$B$6:$H$14,ROW($A8)-ROW($A$5),MATCH(E$5,Metrics!$B$5:$H$5,0))),"") -> USD | F8: 50569.921 | G8: 41432.448 | H8: 36716.99 | I8: 40219.226 | J8: 49418.381 | K8: 32270.603
B9: =IFERROR(IF(LEN(INDEX(Metrics!$B$6:$H$14,ROW($A9)-ROW($A$5),MATCH(B$5,Metrics!$B$5:$H$5,0)))=0,"",INDEX(Metrics!$B$6:$H$14,ROW($A9)-ROW($A$5),MATCH(B$5,Metrics!$B$5:$H$5,0))),"") -> 104 | C9: =IFERROR(IF(LEN(INDEX(Metrics!$B$6:$H$14,ROW($A9)-ROW($A$5),MATCH(C$5,Metrics!$B$5:$H$5,0)))=0,"",INDEX(Metrics!$B$6:$H$14,ROW($A9)-ROW($A$5),MATCH(C$5,Metrics!$B$5:$H$5,0))),"") -> Profit Metrics | D9: =IFERROR(IF(LEN(INDEX(Metrics!$B$6:$H$14,ROW($A9)-ROW($A$5),MATCH(D$5,Metrics!$B$5:$H$5,0)))=0,"",INDEX(Metrics!$B$6:$H$14,ROW($A9)-ROW($A$5),MATCH(D$5,Metrics!$B$5:$H$5,0))),"") -> Net Profit Margin | E9: =IFERROR(IF(LEN(INDEX(Metrics!$B$6:$H$14,ROW($A9)-ROW($A$5),MATCH(E$5,Metrics!$B$5:$H$5,0)))=0,"",INDEX(Metrics!$B$6:$H$14,ROW($A9)-ROW($A$5),MATCH(E$5,Metrics!$B$5:$H$5,0))),"") -> % | F9: 0.23347338 | G9: 0.18950551 | H9: 0.16930468 | I9: 0.19611764 | J9: 0.23516172 | K9: 0.1444108
B10: =IFERROR(IF(LEN(INDEX(Metrics!$B$6:$H$14,ROW($A10)-ROW($A$5),MATCH(B$5,Metrics!$B$5:$H$5,0)))=0,"",INDEX(Metrics!$B$6:$H$14,ROW($A10)-ROW($A$5),MATCH(B$5,Metrics!$B$5:$H$5,0))),"") -> 105 | C10: =IFERROR(IF(LEN(INDEX(Metrics!$B$6:$H$14,ROW($A10)-ROW($A$5),MATCH(C$5,Metrics!$B$5:$H$5,0)))=0,"",INDEX(Metrics!$B$6:$H$14,ROW($A10)-ROW($A$5),MATCH(C$5,Metrics!$B$5:$H$5,0))),"") -> Profit Metrics | D10: =IFERROR(IF(LEN(INDEX(Metrics!$B$6:$H$14,ROW($A10)-ROW($A$5),MATCH(D$5,Metrics!$B$5:$H$5,0)))=0,"",INDEX(Metrics!$B$6:$H$14,ROW($A10)-ROW($A$5),MATCH(D$5,Metrics!$B$5:$H$5,0))),"") -> EBIT | E10: =IFERROR(IF(LEN(INDEX(Metrics!$B$6:$H$14,ROW($A10)-ROW($A$5),MATCH(E$5,Metrics!$B$5:$H$5,0)))=0,"",INDEX(Metrics!$B$6:$H$14,ROW($A10)-ROW($A$5),MATCH(E$5,Metrics!$B$5:$H$5,0))),"") -> USD | F10: 39342.322 | G10: 34608.28 | H10: 26851.135 | I10: 28555.651 | J10: 35825.725 | K10: 22449.257
B11: =IFERROR(IF(LEN(INDEX(Metrics!$B$6:$H$14,ROW($A11)-ROW($A$5),MATCH(B$5,Metrics!$B$5:$H$5,0)))=0,"",INDEX(Metrics!$B$6:$H$14,ROW($A11)-ROW($A$5),MATCH(B$5,Metrics!$B$5:$H$5,0))),"") -> 106 | C11: =IFERROR(IF(LEN(INDEX(Metrics!$B$6:$H$14,ROW($A11)-ROW($A$5),MATCH(C$5,Metrics!$B$5:$H$5,0)))=0,"",INDEX(Metrics!$B$6:$H$14,ROW($A11)-ROW($A$5),MATCH(C$5,Metrics!$B$5:$H$5,0))),"") -> Profit Metrics | D11: =IFERROR(IF(LEN(INDEX(Metrics!$B$6:$H$14,ROW($A11)-ROW($A$5),MATCH(D$5,Metrics!$B$5:$H$5,0)))=0,"",INDEX(Metrics!$B$6:$H$14,ROW($A11)-ROW($A$5),MATCH(D$5,Metrics!$B$5:$H$5,0))),"") -> EBIT Margin | E11: =IFERROR(IF(LEN(INDEX(Metrics!$B$6:$H$14,ROW($A11)-ROW($A$5),MATCH(E$5,Metrics!$B$5:$H$5,0)))=0,"",INDEX(Metrics!$B$6:$H$14,ROW($A11)-ROW($A$5),MATCH(E$5,Metrics!$B$5:$H$5,0))),"") -> % | F11: 0.12609994 | G11: 0.11425419 | H11: 0.093150771 | I11: 0.10717012 | J11: 0.13340724 | K11: 0.094382774
B12: =IFERROR(IF(LEN(INDEX(Metrics!$B$6:$H$14,ROW($A12)-ROW($A$5),MATCH(B$5,Metrics!$B$5:$H$5,0)))=0,"",INDEX(Metrics!$B$6:$H$14,ROW($A12)-ROW($A$5),MATCH(B$5,Metrics!$B$5:$H$5,0))),"") -> 107 | C12: =IFERROR(IF(LEN(INDEX(Metrics!$B$6:$H$14,ROW($A12)-ROW($A$5),MATCH(C$5,Metrics!$B$5:$H$5,0)))=0,"",INDEX(Metrics!$B$6:$H$14,ROW($A12)-ROW($A$5),MATCH(C$5,Metrics!$B$5:$H$5,0))),"") -> Profit Metrics | D12: =IFERROR(IF(LEN(INDEX(Metrics!$B$6:$H$14,ROW($A12)-ROW($A$5),MATCH(D$5,Metrics!$B$5:$H$5,0)))=0,"",INDEX(Metrics!$B$6:$H$14,ROW($A12)-ROW($A$5),MATCH(D$5,Metrics!$B$5:$H$5,0))),"") -> Operating Expense Ratio | E12: =IFERROR(IF(LEN(INDEX(Metrics!$B$6:$H$14,ROW($A12)-ROW($A$5),MATCH(E$5,Metrics!$B$5:$H$5,0)))=0,"",INDEX(Metrics!$B$6:$H$14,ROW($A12)-ROW($A$5),MATCH(E$5,Metrics!$B$5:$H$5,0))),"") -> % | F12: 0.29685411 | G12: 0.28133415 | H12: 0.22589062 | I12: 0.29808247 | J12: 0.33323121 | K12: 0.21708038
B13: =IFERROR(IF(LEN(INDEX(Metrics!$B$6:$H$14,ROW($A13)-ROW($A$5),MATCH(B$5,Metrics!$B$5:$H$5,0)))=0,"",INDEX(Metrics!$B$6:$H$14,ROW($A13)-ROW($A$5),MATCH(B$5,Metrics!$B$5:$H$5,0))),"") -> 108 | C13: =IFERROR(IF(LEN(INDEX(Metrics!$B$6:$H$14,ROW($A13)-ROW($A$5),MATCH(C$5,Metrics!$B$5:$H$5,0)))=0,"",INDEX(Metrics!$B$6:$H$14,ROW($A13)-ROW($A$5),MATCH(C$5,Metrics!$B$5:$H$5,0))),"") -> Profit Metrics | D13: =IFERROR(IF(LEN(INDEX(Metrics!$B$6:$H$14,ROW($A13)-ROW($A$5),MATCH(D$5,Metrics!$B$5:$H$5,0)))=0,"",INDEX(Metrics!$B$6:$H$14,ROW($A13)-ROW($A$5),MATCH(D$5,Metrics!$B$5:$H$5,0))),"") | E13: =IFERROR(IF(LEN(INDEX(Metrics!$B$6:$H$14,ROW($A13)-ROW($A$5),MATCH(E$5,Metrics!$B$5:$H$5,0)))=0,"",INDEX(Metrics!$B$6:$H$14,ROW($A13)-ROW($A$5),MATCH(E$5,Metrics!$B$5:$H$5,0))),"")
B14: =IFERROR(IF(LEN(INDEX(Metrics!$B$6:$H$14,ROW($A14)-ROW($A$5),MATCH(B$5,Metrics!$B$5:$H$5,0)))=0,"",INDEX(Metrics!$B$6:$H$14,ROW($A14)-ROW($A$5),MATCH(B$5,Metrics!$B$5:$H$5,0))),"") -> 109 | C14: =IFERROR(IF(LEN(INDEX(Metrics!$B$6:$H$14,ROW($A14)-ROW($A$5),MATCH(C$5,Metrics!$B$5:$H$5,0)))=0,"",INDEX(Metrics!$B$6:$H$14,ROW($A14)-ROW($A$5),MATCH(C$5,Metrics!$B$5:$H$5,0))),"") -> Profit Metrics | D14: =IFERROR(IF(LEN(INDEX(Metrics!$B$6:$H$14,ROW($A14)-ROW($A$5),MATCH(D$5,Metrics!$B$5:$H$5,0)))=0,"",INDEX(Metrics!$B$6:$H$14,ROW($A14)-ROW($A$5),MATCH(D$5,Metrics!$B$5:$H$5,0))),"") | E14: =IFERROR(IF(LEN(INDEX(Metrics!$B$6:$H$14,ROW($A14)-ROW($A$5),MATCH(E$5,Metrics!$B$5:$H$5,0)))=0,"",INDEX(Metrics!$B$6:$H$14,ROW($A14)-ROW($A$5),MATCH(E$5,Metrics!$B$5:$H$5,0))),"")
B15: 201 | C15: Cash Flow Metrics | D15: Current Ratio | E15: %
B16: 202 | C16: Cash Flow Metrics | D16: Accounts Payable Trunover Ratio | E16: #
B17: 203 | C17: Cash Flow Metrics | D17: Accounts Receivable Days | E17: Days
B18: 204 | C18: Cash Flow Metrics | D18: Accounts Receivable Trunover Ratio | E18: #
B19: 205 | C19: Cash Flow Metrics
B20: 206 | C20: Cash Flow Metrics

Sheet CY_Actual_Cumulative
C2: FINANCE KPI DASHBOARD
C3: CURRENT YEAR ACTUALS - CUMULATIVE
B5: KPI Code | C5: KPI Group | D5: Criteria | E5: Unit | F5: =IFERROR(INDEX(Calc!$H$7:$H$18,COLUMN(CY_Actual_Cumulative!F4)-COLUMN(CY_Actual_Cumulative!$E$4)),"") -> Jan 2022 | G5: =IFERROR(INDEX(Calc!$H$7:$H$18,COLUMN(CY_Actual_Cumulative!G4)-COLUMN(CY_Actual_Cumulative!$E$4)),"") -> Feb 2022 | H5: =IFERROR(INDEX(Calc!$H$7:$H$18,COLUMN(CY_Actual_Cumulative!H4)-COLUMN(CY_Actual_Cumulative!$E$4)),"") -> Mar 2022 | I5: =IFERROR(INDEX(Calc!$H$7:$H$18,COLUMN(CY_Actual_Cumulative!I4)-COLUMN(CY_Actual_Cumulative!$E$4)),"") -> Apr 2022 | J5: =IFERROR(INDEX(Calc!$H$7:$H$18,COLUMN(CY_Actual_Cumulative!J4)-COLUMN(CY_Actual_Cumulative!$E$4)),"") -> May 2022 | K5: =IFERROR(INDEX(Calc!$H$7:$H$18,COLUMN(CY_Actual_Cumulative!K4)-COLUMN(CY_Actual_Cumulative!$E$4)),"") -> Jun 2022 | L5: =IFERROR(INDEX(Calc!$H$7:$H$18,COLUMN(CY_Actual_Cumulative!L4)-COLUMN(CY_Actual_Cumulative!$E$4)),"") -> Jul 2022 | M5: =IFERROR(INDEX(Calc!$H$7:$H$18,COLUMN(CY_Actual_Cumulative!M4)-COLUMN(CY_Actual_Cumulative!$E$4)),"") -> Aug 2022 | ... Q5: =IFERROR(INDEX(Calc!$H$7:$H$18,COLUMN(CY_Actual_Cumulative!Q4)-COLUMN(CY_Actual_Cumulative!$E$4)),"") -> Dec 2022
B6: =IFERROR(IF(LEN(INDEX(Metrics!$B$6:$E$14,ROW($A6)-ROW($A$5),MATCH(B$5,Metrics!$B$5:$E$5,0)))=0,"",INDEX(Metrics!$B$6:$E$14,ROW($A6)-ROW($A$5),MATCH(B$5,Metrics!$B$5:$E$5,0))),"") -> 101 | C6: =IFERROR(IF(LEN(INDEX(Metrics!$B$6:$E$14,ROW($A6)-ROW($A$5),MATCH(C$5,Metrics!$B$5:$E$5,0)))=0,"",INDEX(Metrics!$B$6:$E$14,ROW($A6)-ROW($A$5),MATCH(C$5,Metrics!$B$5:$E$5,0))),"") -> Profit Metrics | D6: =IFERROR(IF(LEN(INDEX(Metrics!$B$6:$E$14,ROW($A6)-ROW($A$5),MATCH(D$5,Metrics!$B$5:$E$5,0)))=0,"",INDEX(Metrics!$B$6:$E$14,ROW($A6)-ROW($A$5),MATCH(D$5,Metrics!$B$5:$E$5,0))),"") -> Gross Profit | E6: =IFERROR(IF(LEN(INDEX(Metrics!$B$6:$E$14,ROW($A6)-ROW($A$5),MATCH(E$5,Metrics!$B$5:$E$5,0)))=0,"",INDEX(Metrics!$B$6:$E$14,ROW($A6)-ROW($A$5),MATCH(E$5,Metrics!$B$5:$E$5,0))),"") -> USD | F6: =IFERROR(IF(INDEX(Metrics!$G$6:$G$14,MATCH(CY_Actual_Cumulative!$D6,Metrics!$D$6:$D$14,0))=Calc!$K$8,SUM(CY_Actual!$F6:F6),AVERAGE(CY_Actual!$F6:F6)),"") -> 58500 | G6: =IFERROR(IF(INDEX(Metrics!$G$6:$G$14,MATCH(CY_Actual_Cumulative!$D6,Metrics!$D$6:$D$14,0))=Calc!$K$8,SUM(CY_Actual!$F6:G6),AVERAGE(CY_Actual!$F6:G6)),"") -> 124500 | H6: =IFERROR(IF(INDEX(Metrics!$G$6:$G$14,MATCH(CY_Actual_Cumulative!$D6,Metrics!$D$6:$D$14,0))=Calc!$K$8,SUM(CY_Actual!$F6:H6),AVERAGE(CY_Actual!$F6:H6)),"") -> 188500 | I6: =IFERROR(IF(INDEX(Metrics!$G$6:$G$14,MATCH(CY_Actual_Cumulative!$D6,Metrics!$D$6:$D$14,0))=Calc!$K$8,SUM(CY_Actual!$F6:I6),AVERAGE(CY_Actual!$F6:I6)),"") -> 239500 | J6: =IFERROR(IF(INDEX(Metrics!$G$6:$G$14,MATCH(CY_Actual_Cumulative!$D6,Metrics!$D$6:$D$14,0))=Calc!$K$8,SUM(CY_Actual!$F6:J6),AVERAGE(CY_Actual!$F6:J6)),"") -> 309500 | K6: =IFERROR(IF(INDEX(Metrics!$G$6:$G$14,MATCH(CY_Actual_Cumulative!$D6,Metrics!$D$6:$D$14,0))=Calc!$K$8,SUM(CY_Actual!$F6:K6),AVERAGE(CY_Actual!$F6:K6)),"") -> 372200 | L6: =IFERROR(IF(INDEX(Metrics!$G$6:$G$14,MATCH(CY_Actual_Cumulative!$D6,Metrics!$D$6:$D$14,0))=Calc!$K$8,SUM(CY_Actual!$F6:L6),AVERAGE(CY_Actual!$F6:L6)),"") -> 372200 | M6: =IFERROR(IF(INDEX(Metrics!$G$6:$G$14,MATCH(CY_Actual_Cumulative!$D6,Metrics!$D$6:$D$14,0))=Calc!$K$8,SUM(CY_Actual!$F6:M6),AVERAGE(CY_Actual!$F6:M6)),"") -> 372200 | ... Q6: =IFERROR(IF(INDEX(Metrics!$G$6:$G$14,MATCH(CY_Actual_Cumulative!$D6,Metrics!$D$6:$D$14,0))=Calc!$K$8,SUM(CY_Actual!$F6:Q6),AVERAGE(CY_Actual!$F6:Q6)),"") -> 372200
B7: =IFERROR(IF(LEN(INDEX(Metrics!$B$6:$E$14,ROW($A7)-ROW($A$5),MATCH(B$5,Metrics!$B$5:$E$5,0)))=0,"",INDEX(Metrics!$B$6:$E$14,ROW($A7)-ROW($A$5),MATCH(B$5,Metrics!$B$5:$E$5,0))),"") -> 102 | C7: =IFERROR(IF(LEN(INDEX(Metrics!$B$6:$E$14,ROW($A7)-ROW($A$5),MATCH(C$5,Metrics!$B$5:$E$5,0)))=0,"",INDEX(Metrics!$B$6:$E$14,ROW($A7)-ROW($A$5),MATCH(C$5,Metrics!$B$5:$E$5,0))),"") -> Profit Metrics | D7: =IFERROR(IF(LEN(INDEX(Metrics!$B$6:$E$14,ROW($A7)-ROW($A$5),MATCH(D$5,Metrics!$B$5:$E$5,0)))=0,"",INDEX(Metrics!$B$6:$E$14,ROW($A7)-ROW($A$5),MATCH(D$5,Metrics!$B$5:$E$5,0))),"") -> Gross Profit Margin | E7: =IFERROR(IF(LEN(INDEX(Metrics!$B$6:$E$14,ROW($A7)-ROW($A$5),MATCH(E$5,Metrics!$B$5:$E$5,0)))=0,"",INDEX(Metrics!$B$6:$E$14,ROW($A7)-ROW($A$5),MATCH(E$5,Metrics!$B$5:$E$5,0))),"") -> % | F7: =IFERROR(IF(INDEX(Metrics!$G$6:$G$14,MATCH(CY_Actual_Cumulative!$D7,Metrics!$D$6:$D$14,0))=Calc!$K$8,SUM(CY_Actual!$F7:F7),AVERAGE(CY_Actual!$F7:F7)),"") -> 0.392 | G7: =IFERROR(IF(INDEX(Metrics!$G$6:$G$14,MATCH(CY_Actual_Cumulative!$D7,Metrics!$D$6:$D$14,0))=Calc!$K$8,SUM(CY_Actual!$F7:G7),AVERAGE(CY_Actual!$F7:G7)),"") -> 0.392 | H7: =IFERROR(IF(INDEX(Metrics!$G$6:$G$14,MATCH(CY_Actual_Cumulative!$D7,Metrics!$D$6:$D$14,0))=Calc!$K$8,SUM(CY_Actual!$F7:H7),AVERAGE(CY_Actual!$F7:H7)),"") -> 0.38677333 | I7: =IFERROR(IF(INDEX(Metrics!$G$6:$G$14,MATCH(CY_Actual_Cumulative!$D7,Metrics!$D$6:$D$14,0))=Calc!$K$8,SUM(CY_Actual!$F7:I7),AVERAGE(CY_Actual!$F7:I7)),"") -> 0.3869824 | J7: =IFERROR(IF(INDEX(Metrics!$G$6:$G$14,MATCH(CY_Actual_Cumulative!$D7,Metrics!$D$6:$D$14,0))=Calc!$K$8,SUM(CY_Actual!$F7:J7),AVERAGE(CY_Actual!$F7:J7)),"") -> 0.38323174 | K7: =IFERROR(IF(INDEX(Metrics!$G$6:$G$14,MATCH(CY_Actual_Cumulative!$D7,Metrics!$D$6:$D$14,0))=Calc!$K$8,SUM(CY_Actual!$F7:K7),AVERAGE(CY_Actual!$F7:K7)),"") -> 0.38625474 | L7: =IFERROR(IF(INDEX(Metrics!$G$6:$G$14,MATCH(CY_Actual_Cumulative!$D7,Metrics!$D$6:$D$14,0))=Calc!$K$8,SUM(CY_Actual!$F7:L7),AVERAGE(CY_Actual!$F7:L7)),"") -> 0.38625474 | M7: =IFERROR(IF(INDEX(Metrics!$G$6:$G$14,MATCH(CY_Actual_Cumulative!$D7,Metrics!$D$6:$D$14,0))=Calc!$K$8,SUM(CY_Actual!$F7:M7),AVERAGE(CY_Actual!$F7:M7)),"") -> 0.38625474 | ... Q7: =IFERROR(IF(INDEX(Metrics!$G$6:$G$14,MATCH(CY_Actual_Cumulative!$D7,Metrics!$D$6:$D$14,0))=Calc!$K$8,SUM(CY_Actual!$F7:Q7),AVERAGE(CY_Actual!$F7:Q7)),"") -> 0.38625474
B8: =IFERROR(IF(LEN(INDEX(Metrics!$B$6:$E$14,ROW($A8)-ROW($A$5),MATCH(B$5,Metrics!$B$5:$E$5,0)))=0,"",INDEX(Metrics!$B$6:$E$14,ROW($A8)-ROW($A$5),MATCH(B$5,Metrics!$B$5:$E$5,0))),"") -> 103 | C8: =IFERROR(IF(LEN(INDEX(Metrics!$B$6:$E$14,ROW($A8)-ROW($A$5),MATCH(C$5,Metrics!$B$5:$E$5,0)))=0,"",INDEX(Metrics!$B$6:$E$14,ROW($A8)-ROW($A$5),MATCH(C$5,Metrics!$B$5:$E$5,0))),"") -> Profit Metrics | D8: =IFERROR(IF(LEN(INDEX(Metrics!$B$6:$E$14,ROW($A8)-ROW($A$5),MATCH(D$5,Metrics!$B$5:$E$5,0)))=0,"",INDEX(Metrics!$B$6:$E$14,ROW($A8)-ROW($A$5),MATCH(D$5,Metrics!$B$5:$E$5,0))),"") -> Net Profit | E8: =IFERROR(IF(LEN(INDEX(Metrics!$B$6:$E$14,ROW($A8)-ROW($A$5),MATCH(E$5,Metrics!$B$5:$E$5,0)))=0,"",INDEX(Metrics!$B$6:$E$14,ROW($A8)-ROW($A$5),MATCH(E$5,Metrics!$B$5:$E$5,0))),"") -> USD | F8: =IFERROR(IF(INDEX(Metrics!$G$6:$G$14,MATCH(CY_Actual_Cumulative!$D8,Metrics!$D$6:$D$14,0))=Calc!$K$8,SUM(CY_Actual!$F8:F8),AVERAGE(CY_Actual!$F8:F8)),"") -> 42705 | G8: =IFERROR(IF(INDEX(Metrics!$G$6:$G$14,MATCH(CY_Actual_Cumulative!$D8,Metrics!$D$6:$D$14,0))=Calc!$K$8,SUM(CY_Actual!$F8:G8),AVERAGE(CY_Actual!$F8:G8)),"") -> 90885 | H8: =IFERROR(IF(INDEX(Metrics!$G$6:$G$14,MATCH(CY_Actual_Cumulative!$D8,Metrics!$D$6:$D$14,0))=Calc!$K$8,SUM(CY_Actual!$F8:H8),AVERAGE(CY_Actual!$F8:H8)),"") -> 137605 | I8: =IFERROR(IF(INDEX(Metrics!$G$6:$G$14,MATCH(CY_Actual_Cumulative!$D8,Metrics!$D$6:$D$14,0))=Calc!$K$8,SUM(CY_Actual!$F8:I8),AVERAGE(CY_Actual!$F8:I8)),"") -> 174835 | J8: =IFERROR(IF(INDEX(Metrics!$G$6:$G$14,MATCH(CY_Actual_Cumulative!$D8,Metrics!$D$6:$D$14,0))=Calc!$K$8,SUM(CY_Actual!$F8:J8),AVERAGE(CY_Actual!$F8:J8)),"") -> 225935 | K8: =IFERROR(IF(INDEX(Metrics!$G$6:$G$14,MATCH(CY_Actual_Cumulative!$D8,Metrics!$D$6:$D$14,0))=Calc!$K$8,SUM(CY_Actual!$F8:K8),AVERAGE(CY_Actual!$F8:K8)),"") -> 271706 | L8: =IFERROR(IF(INDEX(Metrics!$G$6:$G$14,MATCH(CY_Actual_Cumulative!$D8,Metrics!$D$6:$D$14,0))=Calc!$K$8,SUM(CY_Actual!$F8:L8),AVERAGE(CY_Actual!$F8:L8)),"") -> 271706 | M8: =IFERROR(IF(INDEX(Metrics!$G$6:$G$14,MATCH(CY_Actual_Cumulative!$D8,Metrics!$D$6:$D$14,0))=Calc!$K$8,SUM(CY_Actual!$F8:M8),AVERAGE(CY_Actual!$F8:M8)),"") -> 271706 | ... Q8: =IFERROR(IF(INDEX(Metrics!$G$6:$G$14,MATCH(CY_Actual_Cumulative!$D8,Metrics!$D$6:$D$14,0))=Calc!$K$8,SUM(CY_Actual!$F8:Q8),AVERAGE(CY_Actual!$F8:Q8)),"") -> 271706
B9: =IFERROR(IF(LEN(INDEX(Metrics!$B$6:$E$14,ROW($A9)-ROW($A$5),MATCH(B$5,Metrics!$B$5:$E$5,0)))=0,"",INDEX(Metrics!$B$6:$E$14,ROW($A9)-ROW($A$5),MATCH(B$5,Metrics!$B$5:$E$5,0))),"") -> 104 | C9: =IFERROR(IF(LEN(INDEX(Metrics!$B$6:$E$14,ROW($A9)-ROW($A$5),MATCH(C$5,Metrics!$B$5:$E$5,0)))=0,"",INDEX(Metrics!$B$6:$E$14,ROW($A9)-ROW($A$5),MATCH(C$5,Metrics!$B$5:$E$5,0))),"") -> Profit Metrics | D9: =IFERROR(IF(LEN(INDEX(Metrics!$B$6:$E$14,ROW($A9)-ROW($A$5),MATCH(D$5,Metrics!$B$5:$E$5,0)))=0,"",INDEX(Metrics!$B$6:$E$14,ROW($A9)-ROW($A$5),MATCH(D$5,Metrics!$B$5:$E$5,0))),"") -> Net Profit Margin | E9: =IFERROR(IF(LEN(INDEX(Metrics!$B$6:$E$14,ROW($A9)-ROW($A$5),MATCH(E$5,Metrics!$B$5:$E$5,0)))=0,"",INDEX(Metrics!$B$6:$E$14,ROW($A9)-ROW($A$5),MATCH(E$5,Metrics!$B$5:$E$5,0))),"") -> % | F9: =IFERROR(IF(INDEX(Metrics!$G$6:$G$14,MATCH(CY_Actual_Cumulative!$D9,Metrics!$D$6:$D$14,0))=Calc!$K$8,SUM(CY_Actual!$F9:F9),AVERAGE(CY_Actual!$F9:F9)),"") -> 0.20776 | G9: =IFERROR(IF(INDEX(Metrics!$G$6:$G$14,MATCH(CY_Actual_Cumulative!$D9,Metrics!$D$6:$D$14,0))=Calc!$K$8,SUM(CY_Actual!$F9:G9),AVERAGE(CY_Actual!$F9:G9)),"") -> 0.20776 | H9: =IFERROR(IF(INDEX(Metrics!$G$6:$G$14,MATCH(CY_Actual_Cumulative!$D9,Metrics!$D$6:$D$14,0))=Calc!$K$8,SUM(CY_Actual!$F9:H9),AVERAGE(CY_Actual!$F9:H9)),"") -> 0.20498987 | I9: =IFERROR(IF(INDEX(Metrics!$G$6:$G$14,MATCH(CY_Actual_Cumulative!$D9,Metrics!$D$6:$D$14,0))=Calc!$K$8,SUM(CY_Actual!$F9:I9),AVERAGE(CY_Actual!$F9:I9)),"") -> 0.20510067 | J9: =IFERROR(IF(INDEX(Metrics!$G$6:$G$14,MATCH(CY_Actual_Cumulative!$D9,Metrics!$D$6:$D$14,0))=Calc!$K$8,SUM(CY_Actual!$F9:J9),AVERAGE(CY_Actual!$F9:J9)),"") -> 0.20311282 | K9: =IFERROR(IF(INDEX(Metrics!$G$6:$G$14,MATCH(CY_Actual_Cumulative!$D9,Metrics!$D$6:$D$14,0))=Calc!$K$8,SUM(CY_Actual!$F9:K9),AVERAGE(CY_Actual!$F9:K9)),"") -> 0.20471501 | L9: =IFERROR(IF(INDEX(Metrics!$G$6:$G$14,MATCH(CY_Actual_Cumulative!$D9,Metrics!$D$6:$D$14,0))=Calc!$K$8,SUM(CY_Actual!$F9:L9),AVERAGE(CY_Actual!$F9:L9)),"") -> 0.20471501 | M9: =IFERROR(IF(INDEX(Metrics!$G$6:$G$14,MATCH(CY_Actual_Cumulative!$D9,Metrics!$D$6:$D$14,0))=Calc!$K$8,SUM(CY_Actual!$F9:M9),AVERAGE(CY_Actual!$F9:M9)),"") -> 0.20471501 | ... Q9: =IFERROR(IF(INDEX(Metrics!$G$6:$G$14,MATCH(CY_Actual_Cumulative!$D9,Metrics!$D$6:$D$14,0))=Calc!$K$8,SUM(CY_Actual!$F9:Q9),AVERAGE(CY_Actual!$F9:Q9)),"") -> 0.20471501
B10: =IFERROR(IF(LEN(INDEX(Metrics!$B$6:$E$14,ROW($A10)-ROW($A$5),MATCH(B$5,Metrics!$B$5:$E$5,0)))=0,"",INDEX(Metrics!$B$6:$E$14,ROW($A10)-ROW($A$5),MATCH(B$5,Metrics!$B$5:$E$5,0))),"") -> 105 | C10: =IFERROR(IF(LEN(INDEX(Metrics!$B$6:$E$14,ROW($A10)-ROW($A$5),MATCH(C$5,Metrics!$B$5:$E$5,0)))=0,"",INDEX(Metrics!$B$6:$E$14,ROW($A10)-ROW($A$5),MATCH(C$5,Metrics!$B$5:$E$5,0))),"") -> Profit Metrics | D10: =IFERROR(IF(LEN(INDEX(Metrics!$B$6:$E$14,ROW($A10)-ROW($A$5),MATCH(D$5,Metrics!$B$5:$E$5,0)))=0,"",INDEX(Metrics!$B$6:$E$14,ROW($A10)-ROW($A$5),MATCH(D$5,Metrics!$B$5:$E$5,0))),"") -> EBIT | E10: =IFERROR(IF(LEN(INDEX(Metrics!$B$6:$E$14,ROW($A10)-ROW($A$5),MATCH(E$5,Metrics!$B$5:$E$5,0)))=0,"",INDEX(Metrics!$B$6:$E$14,ROW($A10)-ROW($A$5),MATCH(E$5,Metrics!$B$5:$E$5,0))),"") -> USD | F10: =IFERROR(IF(INDEX(Metrics!$G$6:$G$14,MATCH(CY_Actual_Cumulative!$D10,Metrics!$D$6:$D$14,0))=Calc!$K$8,SUM(CY_Actual!$F10:F10),AVERAGE(CY_Actual!$F10:F10)),"") -> 30320.55 | G10: =IFERROR(IF(INDEX(Metrics!$G$6:$G$14,MATCH(CY_Actual_Cumulative!$D10,Metrics!$D$6:$D$14,0))=Calc!$K$8,SUM(CY_Actual!$F10:G10),AVERAGE(CY_Actual!$F10:G10)),"") -> 64528.35 | H10: =IFERROR(IF(INDEX(Metrics!$G$6:$G$14,MATCH(CY_Actual_Cumulative!$D10,Metrics!$D$6:$D$14,0))=Calc!$K$8,SUM(CY_Actual!$F10:H10),AVERAGE(CY_Actual!$F10:H10)),"") -> 97699.55 | I10: =IFERROR(IF(INDEX(Metrics!$G$6:$G$14,MATCH(CY_Actual_Cumulative!$D10,Metrics!$D$6:$D$14,0))=Calc!$K$8,SUM(CY_Actual!$F10:I10),AVERAGE(CY_Actual!$F10:I10)),"") -> 124132.85 | J10: =IFERROR(IF(INDEX(Metrics!$G$6:$G$14,MATCH(CY_Actual_Cumulative!$D10,Metrics!$D$6:$D$14,0))=Calc!$K$8,SUM(CY_Actual!$F10:J10),AVERAGE(CY_Actual!$F10:J10)),"") -> 160413.85 | K10: =IFERROR(IF(INDEX(Metrics!$G$6:$G$14,MATCH(CY_Actual_Cumulative!$D10,Metrics!$D$6:$D$14,0))=Calc!$K$8,SUM(CY_Actual!$F10:K10),AVERAGE(CY_Actual!$F10:K10)),"") -> 192911.26 | L10: =IFERROR(IF(INDEX(Metrics!$G$6:$G$14,MATCH(CY_Actual_Cumulative!$D10,Metrics!$D$6:$D$14,0))=Calc!$K$8,SUM(CY_Actual!$F10:L10),AVERAGE(CY_Actual!$F10:L10)),"") -> 192911.26 | M10: =IFERROR(IF(INDEX(Metrics!$G$6:$G$14,MATCH(CY_Actual_Cumulative!$D10,Metrics!$D$6:$D$14,0))=Calc!$K$8,SUM(CY_Actual!$F10:M10),AVERAGE(CY_Actual!$F10:M10)),"") -> 192911.26 | ... Q10: =IFERROR(IF(INDEX(Metrics!$G$6:$G$14,MATCH(CY_Actual_Cumulative!$D10,Metrics!$D$6:$D$14,0))=Calc!$K$8,SUM(CY_Actual!$F10:Q10),AVERAGE(CY_Actual!$F10:Q10)),"") -> 192911.26
B11: =IFERROR(IF(LEN(INDEX(Metrics!$B$6:$E$14,ROW($A11)-ROW($A$5),MATCH(B$5,Metrics!$B$5:$E$5,0)))=0,"",INDEX(Metrics!$B$6:$E$14,ROW($A11)-ROW($A$5),MATCH(B$5,Metrics!$B$5:$E$5,0))),"") -> 106 | C11: =IFERROR(IF(LEN(INDEX(Metrics!$B$6:$E$14,ROW($A11)-ROW($A$5),MATCH(C$5,Metrics!$B$5:$E$5,0)))=0,"",INDEX(Metrics!$B$6:$E$14,ROW($A11)-ROW($A$5),MATCH(C$5,Metrics!$B$5:$E$5,0))),"") -> Profit Metrics | D11: =IFERROR(IF(LEN(INDEX(Metrics!$B$6:$E$14,ROW($A11)-ROW($A$5),MATCH(D$5,Metrics!$B$5:$E$5,0)))=0,"",INDEX(Metrics!$B$6:$E$14,ROW($A11)-ROW($A$5),MATCH(D$5,Metrics!$B$5:$E$5,0))),"") -> EBIT Margin | E11: =IFERROR(IF(LEN(INDEX(Metrics!$B$6:$E$14,ROW($A11)-ROW($A$5),MATCH(E$5,Metrics!$B$5:$E$5,0)))=0,"",INDEX(Metrics!$B$6:$E$14,ROW($A11)-ROW($A$5),MATCH(E$5,Metrics!$B$5:$E$5,0))),"") -> % | F11: =IFERROR(IF(INDEX(Metrics!$G$6:$G$14,MATCH(CY_Actual_Cumulative!$D11,Metrics!$D$6:$D$14,0))=Calc!$K$8,SUM(CY_Actual!$F11:F11),AVERAGE(CY_Actual!$F11:F11)),"") -> 0.1267336 | G11: =IFERROR(IF(INDEX(Metrics!$G$6:$G$14,MATCH(CY_Actual_Cumulative!$D11,Metrics!$D$6:$D$14,0))=Calc!$K$8,SUM(CY_Actual!$F11:G11),AVERAGE(CY_Actual!$F11:G11)),"") -> 0.1267336 | H11: =IFERROR(IF(INDEX(Metrics!$G$6:$G$14,MATCH(CY_Actual_Cumulative!$D11,Metrics!$D$6:$D$14,0))=Calc!$K$8,SUM(CY_Actual!$F11:H11),AVERAGE(CY_Actual!$F11:H11)),"") -> 0.12504382 | I11: =IFERROR(IF(INDEX(Metrics!$G$6:$G$14,MATCH(CY_Actual_Cumulative!$D11,Metrics!$D$6:$D$14,0))=Calc!$K$8,SUM(CY_Actual!$F11:I11),AVERAGE(CY_Actual!$F11:I11)),"") -> 0.12511141 | J11: =IFERROR(IF(INDEX(Metrics!$G$6:$G$14,MATCH(CY_Actual_Cumulative!$D11,Metrics!$D$6:$D$14,0))=Calc!$K$8,SUM(CY_Actual!$F11:J11),AVERAGE(CY_Actual!$F11:J11)),"") -> 0.12389882 | K11: =IFERROR(IF(INDEX(Metrics!$G$6:$G$14,MATCH(CY_Actual_Cumulative!$D11,Metrics!$D$6:$D$14,0))=Calc!$K$8,SUM(CY_Actual!$F11:K11),AVERAGE(CY_Actual!$F11:K11)),"") -> 0.12487616 | L11: =IFERROR(IF(INDEX(Metrics!$G$6:$G$14,MATCH(CY_Actual_Cumulative!$D11,Metrics!$D$6:$D$14,0))=Calc!$K$8,SUM(CY_Actual!$F11:L11),AVERAGE(CY_Actual!$F11:L11)),"") -> 0.12487616 | M11: =IFERROR(IF(INDEX(Metrics!$G$6:$G$14,MATCH(CY_Actual_Cumulative!$D11,Metrics!$D$6:$D$14,0))=Calc!$K$8,SUM(CY_Actual!$F11:M11),AVERAGE(CY_Actual!$F11:M11)),"") -> 0.12487616 | ... Q11: =IFERROR(IF(INDEX(Metrics!$G$6:$G$14,MATCH(CY_Actual_Cumulative!$D11,Metrics!$D$6:$D$14,0))=Calc!$K$8,SUM(CY_Actual!$F11:Q11),AVERAGE(CY_Actual!$F11:Q11)),"") -> 0.12487616
B12: =IFERROR(IF(LEN(INDEX(Metrics!$B$6:$E$14,ROW($A12)-ROW($A$5),MATCH(B$5,Metrics!$B$5:$E$5,0)))=0,"",INDEX(Metrics!$B$6:$E$14,ROW($A12)-ROW($A$5),MATCH(B$5,Metrics!$B$5:$E$5,0))),"") -> 107 | C12: =IFERROR(IF(LEN(INDEX(Metrics!$B$6:$E$14,ROW($A12)-ROW($A$5),MATCH(C$5,Metrics!$B$5:$E$5,0)))=0,"",INDEX(Metrics!$B$6:$E$14,ROW($A12)-ROW($A$5),MATCH(C$5,Metrics!$B$5:$E$5,0))),"") -> Profit Metrics | D12: =IFERROR(IF(LEN(INDEX(Metrics!$B$6:$E$14,ROW($A12)-ROW($A$5),MATCH(D$5,Metrics!$B$5:$E$5,0)))=0,"",INDEX(Metrics!$B$6:$E$14,ROW($A12)-ROW($A$5),MATCH(D$5,Metrics!$B$5:$E$5,0))),"") -> Operating Expense Ratio | E12: =IFERROR(IF(LEN(INDEX(Metrics!$B$6:$E$14,ROW($A12)-ROW($A$5),MATCH(E$5,Metrics!$B$5:$E$5,0)))=0,"",INDEX(Metrics!$B$6:$E$14,ROW($A12)-ROW($A$5),MATCH(E$5,Metrics!$B$5:$E$5,0))),"") -> % | F12: =IFERROR(IF(INDEX(Metrics!$G$6:$G$14,MATCH(CY_Actual_Cumulative!$D12,Metrics!$D$6:$D$14,0))=Calc!$K$8,SUM(CY_Actual!$F12:F12),AVERAGE(CY_Actual!$F12:F12)),"") -> 0.29148728 | G12: =IFERROR(IF(INDEX(Metrics!$G$6:$G$14,MATCH(CY_Actual_Cumulative!$D12,Metrics!$D$6:$D$14,0))=Calc!$K$8,SUM(CY_Actual!$F12:G12),AVERAGE(CY_Actual!$F12:G12)),"") -> 0.29148728 | H12: =IFERROR(IF(INDEX(Metrics!$G$6:$G$14,MATCH(CY_Actual_Cumulative!$D12,Metrics!$D$6:$D$14,0))=Calc!$K$8,SUM(CY_Actual!$F12:H12),AVERAGE(CY_Actual!$F12:H12)),"") -> 0.28760078 | I12: =IFERROR(IF(INDEX(Metrics!$G$6:$G$14,MATCH(CY_Actual_Cumulative!$D12,Metrics!$D$6:$D$14,0))=Calc!$K$8,SUM(CY_Actual!$F12:I12),AVERAGE(CY_Actual!$F12:I12)),"") -> 0.28775624 | J12: =IFERROR(IF(INDEX(Metrics!$G$6:$G$14,MATCH(CY_Actual_Cumulative!$D12,Metrics!$D$6:$D$14,0))=Calc!$K$8,SUM(CY_Actual!$F12:J12),AVERAGE(CY_Actual!$F12:J12)),"") -> 0.28496729 | K12: =IFERROR(IF(INDEX(Metrics!$G$6:$G$14,MATCH(CY_Actual_Cumulative!$D12,Metrics!$D$6:$D$14,0))=Calc!$K$8,SUM(CY_Actual!$F12:K12),AVERAGE(CY_Actual!$F12:K12)),"") -> 0.28721516 | L12: =IFERROR(IF(INDEX(Metrics!$G$6:$G$14,MATCH(CY_Actual_Cumulative!$D12,Metrics!$D$6:$D$14,0))=Calc!$K$8,SUM(CY_Actual!$F12:L12),AVERAGE(CY_Actual!$F12:L12)),"") -> 0.28721516 | M12: =IFERROR(IF(INDEX(Metrics!$G$6:$G$14,MATCH(CY_Actual_Cumulative!$D12,Metrics!$D$6:$D$14,0))=Calc!$K$8,SUM(CY_Actual!$F12:M12),AVERAGE(CY_Actual!$F12:M12)),"") -> 0.28721516 | ... Q12: =IFERROR(IF(INDEX(Metrics!$G$6:$G$14,MATCH(CY_Actual_Cumulative!$D12,Metrics!$D$6:$D$14,0))=Calc!$K$8,SUM(CY_Actual!$F12:Q12),AVERAGE(CY_Actual!$F12:Q12)),"") -> 0.28721516
B13: =IFERROR(IF(LEN(INDEX(Metrics!$B$6:$E$14,ROW($A13)-ROW($A$5),MATCH(B$5,Metrics!$B$5:$E$5,0)))=0,"",INDEX(Metrics!$B$6:$E$14,ROW($A13)-ROW($A$5),MATCH(B$5,Metrics!$B$5:$E$5,0))),"") -> 108 | C13: =IFERROR(IF(LEN(INDEX(Metrics!$B$6:$E$14,ROW($A13)-ROW($A$5),MATCH(C$5,Metrics!$B$5:$E$5,0)))=0,"",INDEX(Metrics!$B$6:$E$14,ROW($A13)-ROW($A$5),MATCH(C$5,Metrics!$B$5:$E$5,0))),"") -> Profit Metrics | D13: =IFERROR(IF(LEN(INDEX(Metrics!$B$6:$E$14,ROW($A13)-ROW($A$5),MATCH(D$5,Metrics!$B$5:$E$5,0)))=0,"",INDEX(Metrics!$B$6:$E$14,ROW($A13)-ROW($A$5),MATCH(D$5,Metrics!$B$5:$E$5,0))),"") | E13: =IFERROR(IF(LEN(INDEX(Metrics!$B$6:$E$14,ROW($A13)-ROW($A$5),MATCH(E$5,Metrics!$B$5:$E$5,0)))=0,"",INDEX(Metrics!$B$6:$E$14,ROW($A13)-ROW($A$5),MATCH(E$5,Metrics!$B$5:$E$5,0))),"") | F13: =IFERROR(IF(INDEX(Metrics!$G$6:$G$14,MATCH(CY_Actual_Cumulative!$D13,Metrics!$D$6:$D$14,0))=Calc!$K$8,SUM(CY_Actual!$F13:F13),AVERAGE(CY_Actual!$F13:F13)),"") | G13: =IFERROR(IF(INDEX(Metrics!$G$6:$G$14,MATCH(CY_Actual_Cumulative!$D13,Metrics!$D$6:$D$14,0))=Calc!$K$8,SUM(CY_Actual!$F13:G13),AVERAGE(CY_Actual!$F13:G13)),"") | H13: =IFERROR(IF(INDEX(Metrics!$G$6:$G$14,MATCH(CY_Actual_Cumulative!$D13,Metrics!$D$6:$D$14,0))=Calc!$K$8,SUM(CY_Actual!$F13:H13),AVERAGE(CY_Actual!$F13:H13)),"") | I13: =IFERROR(IF(INDEX(Metrics!$G$6:$G$14,MATCH(CY_Actual_Cumulative!$D13,Metrics!$D$6:$D$14,0))=Calc!$K$8,SUM(CY_Actual!$F13:I13),AVERAGE(CY_Actual!$F13:I13)),"") | J13: =IFERROR(IF(INDEX(Metrics!$G$6:$G$14,MATCH(CY_Actual_Cumulative!$D13,Metrics!$D$6:$D$14,0))=Calc!$K$8,SUM(CY_Actual!$F13:J13),AVERAGE(CY_Actual!$F13:J13)),"") | K13: =IFERROR(IF(INDEX(Metrics!$G$6:$G$14,MATCH(CY_Actual_Cumulative!$D13,Metrics!$D$6:$D$14,0))=Calc!$K$8,SUM(CY_Actual!$F13:K13),AVERAGE(CY_Actual!$F13:K13)),"") | L13: =IFERROR(IF(INDEX(Metrics!$G$6:$G$14,MATCH(CY_Actual_Cumulative!$D13,Metrics!$D$6:$D$14,0))=Calc!$K$8,SUM(CY_Actual!$F13:L13),AVERAGE(CY_Actual!$F13:L13)),"") | M13: =IFERROR(IF(INDEX(Metrics!$G$6:$G$14,MATCH(CY_Actual_Cumulative!$D13,Metrics!$D$6:$D$14,0))=Calc!$K$8,SUM(CY_Actual!$F13:M13),AVERAGE(CY_Actual!$F13:M13)),"") | ... Q13: =IFERROR(IF(INDEX(Metrics!$G$6:$G$14,MATCH(CY_Actual_Cumulative!$D13,Metrics!$D$6:$D$14,0))=Calc!$K$8,SUM(CY_Actual!$F13:Q13),AVERAGE(CY_Actual!$F13:Q13)),"")
B14: =IFERROR(IF(LEN(INDEX(Metrics!$B$6:$E$14,ROW($A14)-ROW($A$5),MATCH(B$5,Metrics!$B$5:$E$5,0)))=0,"",INDEX(Metrics!$B$6:$E$14,ROW($A14)-ROW($A$5),MATCH(B$5,Metrics!$B$5:$E$5,0))),"") -> 109 | C14: =IFERROR(IF(LEN(INDEX(Metrics!$B$6:$E$14,ROW($A14)-ROW($A$5),MATCH(C$5,Metrics!$B$5:$E$5,0)))=0,"",INDEX(Metrics!$B$6:$E$14,ROW($A14)-ROW($A$5),MATCH(C$5,Metrics!$B$5:$E$5,0))),"") -> Profit Metrics | D14: =IFERROR(IF(LEN(INDEX(Metrics!$B$6:$E$14,ROW($A14)-ROW($A$5),MATCH(D$5,Metrics!$B$5:$E$5,0)))=0,"",INDEX(Metrics!$B$6:$E$14,ROW($A14)-ROW($A$5),MATCH(D$5,Metrics!$B$5:$E$5,0))),"") | E14: =IFERROR(IF(LEN(INDEX(Metrics!$B$6:$E$14,ROW($A14)-ROW($A$5),MATCH(E$5,Metrics!$B$5:$E$5,0)))=0,"",INDEX(Metrics!$B$6:$E$14,ROW($A14)-ROW($A$5),MATCH(E$5,Metrics!$B$5:$E$5,0))),"") | F14: =IFERROR(IF(INDEX(Metrics!$G$6:$G$14,MATCH(CY_Actual_Cumulative!$D14,Metrics!$D$6:$D$14,0))=Calc!$K$8,SUM(CY_Actual!$F14:F14),AVERAGE(CY_Actual!$F14:F14)),"") | G14: =IFERROR(IF(INDEX(Metrics!$G$6:$G$14,MATCH(CY_Actual_Cumulative!$D14,Metrics!$D$6:$D$14,0))=Calc!$K$8,SUM(CY_Actual!$F14:G14),AVERAGE(CY_Actual!$F14:G14)),"") | H14: =IFERROR(IF(INDEX(Metrics!$G$6:$G$14,MATCH(CY_Actual_Cumulative!$D14,Metrics!$D$6:$D$14,0))=Calc!$K$8,SUM(CY_Actual!$F14:H14),AVERAGE(CY_Actual!$F14:H14)),"") | I14: =IFERROR(IF(INDEX(Metrics!$G$6:$G$14,MATCH(CY_Actual_Cumulative!$D14,Metrics!$D$6:$D$14,0))=Calc!$K$8,SUM(CY_Actual!$F14:I14),AVERAGE(CY_Actual!$F14:I14)),"") | J14: =IFERROR(IF(INDEX(Metrics!$G$6:$G$14,MATCH(CY_Actual_Cumulative!$D14,Metrics!$D$6:$D$14,0))=Calc!$K$8,SUM(CY_Actual!$F14:J14),AVERAGE(CY_Actual!$F14:J14)),"") | K14: =IFERROR(IF(INDEX(Metrics!$G$6:$G$14,MATCH(CY_Actual_Cumulative!$D14,Metrics!$D$6:$D$14,0))=Calc!$K$8,SUM(CY_Actual!$F14:K14),AVERAGE(CY_Actual!$F14:K14)),"") | L14: =IFERROR(IF(INDEX(Metrics!$G$6:$G$14,MATCH(CY_Actual_Cumulative!$D14,Metrics!$D$6:$D$14,0))=Calc!$K$8,SUM(CY_Actual!$F14:L14),AVERAGE(CY_Actual!$F14:L14)),"") | M14: =IFERROR(IF(INDEX(Metrics!$G$6:$G$14,MATCH(CY_Actual_Cumulative!$D14,Metrics!$D$6:$D$14,0))=Calc!$K$8,SUM(CY_Actual!$F14:M14),AVERAGE(CY_Actual!$F14:M14)),"") | ... Q14: =IFERROR(IF(INDEX(Metrics!$G$6:$G$14,MATCH(CY_Actual_Cumulative!$D14,Metrics!$D$6:$D$14,0))=Calc!$K$8,SUM(CY_Actual!$F14:Q14),AVERAGE(CY_Actual!$F14:Q14)),"")
B15: 201 | C15: Cash Flow Metrics | D15: Current Ratio | E15: %
B16: 202 | C16: Cash Flow Metrics | D16: Accounts Payable Trunover Ratio | E16: #
B17: 203 | C17: Cash Flow Metrics | D17: Accounts Receivable Days | E17: Days
B18: 204 | C18: Cash Flow Metrics | D18: Accounts Receivable Trunover Ratio | E18: #
B19: 205 | C19: Cash Flow Metrics
B20: 206 | C20: Cash Flow Metrics

Sheet CY_Target_Cumulative
C2: FINANCE KPI DASHBOARD
C3: CURRENT YEAR TARGETS - CUMULATIVE
B5: KPI Code | C5: KPI Group | D5: Criteria | E5: Unit | F5: =IFERROR(INDEX(Calc!$H$7:$H$18,COLUMN(CY_Target_Cumulative!F4)-COLUMN(CY_Target_Cumulative!$E$4)),"") -> Jan 2022 | G5: =IFERROR(INDEX(Calc!$H$7:$H$18,COLUMN(CY_Target_Cumulative!G4)-COLUMN(CY_Target_Cumulative!$E$4)),"") -> Feb 2022 | H5: =IFERROR(INDEX(Calc!$H$7:$H$18,COLUMN(CY_Target_Cumulative!H4)-COLUMN(CY_Target_Cumulative!$E$4)),"") -> Mar 2022 | I5: =IFERROR(INDEX(Calc!$H$7:$H$18,COLUMN(CY_Target_Cumulative!I4)-COLUMN(CY_Target_Cumulative!$E$4)),"") -> Apr 2022 | J5: =IFERROR(INDEX(Calc!$H$7:$H$18,COLUMN(CY_Target_Cumulative!J4)-COLUMN(CY_Target_Cumulative!$E$4)),"") -> May 2022 | K5: =IFERROR(INDEX(Calc!$H$7:$H$18,COLUMN(CY_Target_Cumulative!K4)-COLUMN(CY_Target_Cumulative!$E$4)),"") -> Jun 2022 | L5: =IFERROR(INDEX(Calc!$H$7:$H$18,COLUMN(CY_Target_Cumulative!L4)-COLUMN(CY_Target_Cumulative!$E$4)),"") -> Jul 2022 | M5: =IFERROR(INDEX(Calc!$H$7:$H$18,COLUMN(CY_Target_Cumulative!M4)-COLUMN(CY_Target_Cumulative!$E$4)),"") -> Aug 2022 | ... Q5: =IFERROR(INDEX(Calc!$H$7:$H$18,COLUMN(CY_Target_Cumulative!Q4)-COLUMN(CY_Target_Cumulative!$E$4)),"") -> Dec 2022
B6: =IFERROR(IF(LEN(INDEX(Metrics!$B$6:$E$14,ROW($A6)-ROW($A$5),MATCH(B$5,Metrics!$B$5:$E$5,0)))=0,"",INDEX(Metrics!$B$6:$E$14,ROW($A6)-ROW($A$5),MATCH(B$5,Metrics!$B$5:$E$5,0))),"") -> 101 | C6: =IFERROR(IF(LEN(INDEX(Metrics!$B$6:$E$14,ROW($A6)-ROW($A$5),MATCH(C$5,Metrics!$B$5:$E$5,0)))=0,"",INDEX(Metrics!$B$6:$E$14,ROW($A6)-ROW($A$5),MATCH(C$5,Metrics!$B$5:$E$5,0))),"") -> Profit Metrics | D6: =IFERROR(IF(LEN(INDEX(Metrics!$B$6:$E$14,ROW($A6)-ROW($A$5),MATCH(D$5,Metrics!$B$5:$E$5,0)))=0,"",INDEX(Metrics!$B$6:$E$14,ROW($A6)-ROW($A$5),MATCH(D$5,Metrics!$B$5:$E$5,0))),"") -> Gross Profit | E6: =IFERROR(IF(LEN(INDEX(Metrics!$B$6:$E$14,ROW($A6)-ROW($A$5),MATCH(E$5,Metrics!$B$5:$E$5,0)))=0,"",INDEX(Metrics!$B$6:$E$14,ROW($A6)-ROW($A$5),MATCH(E$5,Metrics!$B$5:$E$5,0))),"") -> USD | F6: =IFERROR(IF(INDEX(Metrics!$G$6:$G$14,MATCH(CY_Target_Cumulative!$D6,Metrics!$D$6:$D$14,0))=Calc!$K$8,SUM(CY_Target!$F6:F6),AVERAGE(CY_Target!$F6:F6)),"") -> 67860 | G6: =IFERROR(IF(INDEX(Metrics!$G$6:$G$14,MATCH(CY_Target_Cumulative!$D6,Metrics!$D$6:$D$14,0))=Calc!$K$8,SUM(CY_Target!$F6:G6),AVERAGE(CY_Target!$F6:G6)),"") -> 145740 | H6: =IFERROR(IF(INDEX(Metrics!$G$6:$G$14,MATCH(CY_Target_Cumulative!$D6,Metrics!$D$6:$D$14,0))=Calc!$K$8,SUM(CY_Target!$F6:H6),AVERAGE(CY_Target!$F6:H6)),"") -> 225100 | I6: =IFERROR(IF(INDEX(Metrics!$G$6:$G$14,MATCH(CY_Target_Cumulative!$D6,Metrics!$D$6:$D$14,0))=Calc!$K$8,SUM(CY_Target!$F6:I6),AVERAGE(CY_Target!$F6:I6)),"") -> 287320 | J6: =IFERROR(IF(INDEX(Metrics!$G$6:$G$14,MATCH(CY_Target_Cumulative!$D6,Metrics!$D$6:$D$14,0))=Calc!$K$8,SUM(CY_Target!$F6:J6),AVERAGE(CY_Target!$F6:J6)),"") -> 376220 | K6: =IFERROR(IF(INDEX(Metrics!$G$6:$G$14,MATCH(CY_Target_Cumulative!$D6,Metrics!$D$6:$D$14,0))=Calc!$K$8,SUM(CY_Target!$F6:K6),AVERAGE(CY_Target!$F6:K6)),"") -> 440801 | L6: =IFERROR(IF(INDEX(Metrics!$G$6:$G$14,MATCH(CY_Target_Cumulative!$D6,Metrics!$D$6:$D$14,0))=Calc!$K$8,SUM(CY_Target!$F6:L6),AVERAGE(CY_Target!$F6:L6)),"") -> 440801 | M6: =IFERROR(IF(INDEX(Metrics!$G$6:$G$14,MATCH(CY_Target_Cumulative!$D6,Metrics!$D$6:$D$14,0))=Calc!$K$8,SUM(CY_Target!$F6:M6),AVERAGE(CY_Target!$F6:M6)),"") -> 440801 | ... Q6: =IFERROR(IF(INDEX(Metrics!$G$6:$G$14,MATCH(CY_Target_Cumulative!$D6,Metrics!$D$6:$D$14,0))=Calc!$K$8,SUM(CY_Target!$F6:Q6),AVERAGE(CY_Target!$F6:Q6)),"") -> 440801
B7: =IFERROR(IF(LEN(INDEX(Metrics!$B$6:$E$14,ROW($A7)-ROW($A$5),MATCH(B$5,Metrics!$B$5:$E$5,0)))=0,"",INDEX(Metrics!$B$6:$E$14,ROW($A7)-ROW($A$5),MATCH(B$5,Metrics!$B$5:$E$5,0))),"") -> 102 | C7: =IFERROR(IF(LEN(INDEX(Metrics!$B$6:$E$14,ROW($A7)-ROW($A$5),MATCH(C$5,Metrics!$B$5:$E$5,0)))=0,"",INDEX(Metrics!$B$6:$E$14,ROW($A7)-ROW($A$5),MATCH(C$5,Metrics!$B$5:$E$5,0))),"") -> Profit Metrics | D7: =IFERROR(IF(LEN(INDEX(Metrics!$B$6:$E$14,ROW($A7)-ROW($A$5),MATCH(D$5,Metrics!$B$5:$E$5,0)))=0,"",INDEX(Metrics!$B$6:$E$14,ROW($A7)-ROW($A$5),MATCH(D$5,Metrics!$B$5:$E$5,0))),"") -> Gross Profit Margin | E7: =IFERROR(IF(LEN(INDEX(Metrics!$B$6:$E$14,ROW($A7)-ROW($A$5),MATCH(E$5,Metrics!$B$5:$E$5,0)))=0,"",INDEX(Metrics!$B$6:$E$14,ROW($A7)-ROW($A$5),MATCH(E$5,Metrics!$B$5:$E$5,0))),"") -> % | F7: =IFERROR(IF(INDEX(Metrics!$G$6:$G$14,MATCH(CY_Target_Cumulative!$D7,Metrics!$D$6:$D$14,0))=Calc!$K$8,SUM(CY_Target!$F7:F7),AVERAGE(CY_Target!$F7:F7)),"") -> 0.44296 | G7: =IFERROR(IF(INDEX(Metrics!$G$6:$G$14,MATCH(CY_Target_Cumulative!$D7,Metrics!$D$6:$D$14,0))=Calc!$K$8,SUM(CY_Target!$F7:G7),AVERAGE(CY_Target!$F7:G7)),"") -> 0.47236 | H7: =IFERROR(IF(INDEX(Metrics!$G$6:$G$14,MATCH(CY_Target_Cumulative!$D7,Metrics!$D$6:$D$14,0))=Calc!$K$8,SUM(CY_Target!$F7:H7),AVERAGE(CY_Target!$F7:H7)),"") -> 0.42905707 | I7: =IFERROR(IF(INDEX(Metrics!$G$6:$G$14,MATCH(CY_Target_Cumulative!$D7,Metrics!$D$6:$D$14,0))=Calc!$K$8,SUM(CY_Target!$F7:I7),AVERAGE(CY_Target!$F7:I7)),"") -> 0.41191203 | J7: =IFERROR(IF(INDEX(Metrics!$G$6:$G$14,MATCH(CY_Target_Cumulative!$D7,Metrics!$D$6:$D$14,0))=Calc!$K$8,SUM(CY_Target!$F7:J7),AVERAGE(CY_Target!$F7:J7)),"") -> 0.40391191 | K7: =IFERROR(IF(INDEX(Metrics!$G$6:$G$14,MATCH(CY_Target_Cumulative!$D7,Metrics!$D$6:$D$14,0))=Calc!$K$8,SUM(CY_Target!$F7:K7),AVERAGE(CY_Target!$F7:K7)),"") -> 0.40549506 | L7: =IFERROR(IF(INDEX(Metrics!$G$6:$G$14,MATCH(CY_Target_Cumulative!$D7,Metrics!$D$6:$D$14,0))=Calc!$K$8,SUM(CY_Target!$F7:L7),AVERAGE(CY_Target!$F7:L7)),"") -> 0.40549506 | M7: =IFERROR(IF(INDEX(Metrics!$G$6:$G$14,MATCH(CY_Target_Cumulative!$D7,Metrics!$D$6:$D$14,0))=Calc!$K$8,SUM(CY_Target!$F7:M7),AVERAGE(CY_Target!$F7:M7)),"") -> 0.40549506 | ... Q7: =IFERROR(IF(INDEX(Metrics!$G$6:$G$14,MATCH(CY_Target_Cumulative!$D7,Metrics!$D$6:$D$14,0))=Calc!$K$8,SUM(CY_Target!$F7:Q7),AVERAGE(CY_Target!$F7:Q7)),"") -> 0.40549506
B8: =IFERROR(IF(LEN(INDEX(Metrics!$B$6:$E$14,ROW($A8)-ROW($A$5),MATCH(B$5,Metrics!$B$5:$E$5,0)))=0,"",INDEX(Metrics!$B$6:$E$14,ROW($A8)-ROW($A$5),MATCH(B$5,Metrics!$B$5:$E$5,0))),"") -> 103 | C8: =IFERROR(IF(LEN(INDEX(Metrics!$B$6:$E$14,ROW($A8)-ROW($A$5),MATCH(C$5,Metrics!$B$5:$E$5,0)))=0,"",INDEX(Metrics!$B$6:$E$14,ROW($A8)-ROW($A$5),MATCH(C$5,Metrics!$B$5:$E$5,0))),"") -> Profit Metrics | D8: =IFERROR(IF(LEN(INDEX(Metrics!$B$6:$E$14,ROW($A8)-ROW($A$5),MATCH(D$5,Metrics!$B$5:$E$5,0)))=0,"",INDEX(Metrics!$B$6:$E$14,ROW($A8)-ROW($A$5),MATCH(D$5,Metrics!$B$5:$E$5,0))),"") -> Net Profit | E8: =IFERROR(IF(LEN(INDEX(Metrics!$B$6:$E$14,ROW($A8)-ROW($A$5),MATCH(E$5,Metrics!$B$5:$E$5,0)))=0,"",INDEX(Metrics!$B$6:$E$14,ROW($A8)-ROW($A$5),MATCH(E$5,Metrics!$B$5:$E$5,0))),"") -> USD | F8: =IFERROR(IF(INDEX(Metrics!$G$6:$G$14,MATCH(CY_Target_Cumulative!$D8,Metrics!$D$6:$D$14,0))=Calc!$K$8,SUM(CY_Target!$F8:F8),AVERAGE(CY_Target!$F8:F8)),"") -> 47402.55 | G8: =IFERROR(IF(INDEX(Metrics!$G$6:$G$14,MATCH(CY_Target_Cumulative!$D8,Metrics!$D$6:$D$14,0))=Calc!$K$8,SUM(CY_Target!$F8:G8),AVERAGE(CY_Target!$F8:G8)),"") -> 97509.75 | H8: =IFERROR(IF(INDEX(Metrics!$G$6:$G$14,MATCH(CY_Target_Cumulative!$D8,Metrics!$D$6:$D$14,0))=Calc!$K$8,SUM(CY_Target!$F8:H8),AVERAGE(CY_Target!$F8:H8)),"") -> 145164.15 | I8: =IFERROR(IF(INDEX(Metrics!$G$6:$G$14,MATCH(CY_Target_Cumulative!$D8,Metrics!$D$6:$D$14,0))=Calc!$K$8,SUM(CY_Target!$F8:I8),AVERAGE(CY_Target!$F8:I8)),"") -> 179043.45 | J8: =IFERROR(IF(INDEX(Metrics!$G$6:$G$14,MATCH(CY_Target_Cumulative!$D8,Metrics!$D$6:$D$14,0))=Calc!$K$8,SUM(CY_Target!$F8:J8),AVERAGE(CY_Target!$F8:J8)),"") -> 229121.45 | K8: =IFERROR(IF(INDEX(Metrics!$G$6:$G$14,MATCH(CY_Target_Cumulative!$D8,Metrics!$D$6:$D$14,0))=Calc!$K$8,SUM(CY_Target!$F8:K8),AVERAGE(CY_Target!$F8:K8)),"") -> 279469.55 | L8: =IFERROR(IF(INDEX(Metrics!$G$6:$G$14,MATCH(CY_Target_Cumulative!$D8,Metrics!$D$6:$D$14,0))=Calc!$K$8,SUM(CY_Target!$F8:L8),AVERAGE(CY_Target!$F8:L8)),"") -> 279469.55 | M8: =IFERROR(IF(INDEX(Metrics!$G$6:$G$14,MATCH(CY_Target_Cumulative!$D8,Metrics!$D$6:$D$14,0))=Calc!$K$8,SUM(CY_Target!$F8:M8),AVERAGE(CY_Target!$F8:M8)),"") -> 279469.55 | ... Q8: =IFERROR(IF(INDEX(Metrics!$G$6:$G$14,MATCH(CY_Target_Cumulative!$D8,Metrics!$D$6:$D$14,0))=Calc!$K$8,SUM(CY_Target!$F8:Q8),AVERAGE(CY_Target!$F8:Q8)),"") -> 279469.55
B9: =IFERROR(IF(LEN(INDEX(Metrics!$B$6:$E$14,ROW($A9)-ROW($A$5),MATCH(B$5,Metrics!$B$5:$E$5,0)))=0,"",INDEX(Metrics!$B$6:$E$14,ROW($A9)-ROW($A$5),MATCH(B$5,Metrics!$B$5:$E$5,0))),"") -> 104 | C9: =IFERROR(IF(LEN(INDEX(Metrics!$B$6:$E$14,ROW($A9)-ROW($A$5),MATCH(C$5,Metrics!$B$5:$E$5,0)))=0,"",INDEX(Metrics!$B$6:$E$14,ROW($A9)-ROW($A$5),MATCH(C$5,Metrics!$B$5:$E$5,0))),"") -> Profit Metrics | D9: =IFERROR(IF(LEN(INDEX(Metrics!$B$6:$E$14,ROW($A9)-ROW($A$5),MATCH(D$5,Metrics!$B$5:$E$5,0)))=0,"",INDEX(Metrics!$B$6:$E$14,ROW($A9)-ROW($A$5),MATCH(D$5,Metrics!$B$5:$E$5,0))),"") -> Net Profit Margin | E9: =IFERROR(IF(LEN(INDEX(Metrics!$B$6:$E$14,ROW($A9)-ROW($A$5),MATCH(E$5,Metrics!$B$5:$E$5,0)))=0,"",INDEX(Metrics!$B$6:$E$14,ROW($A9)-ROW($A$5),MATCH(E$5,Metrics!$B$5:$E$5,0))),"") -> % | F9: =IFERROR(IF(INDEX(Metrics!$G$6:$G$14,MATCH(CY_Target_Cumulative!$D9,Metrics!$D$6:$D$14,0))=Calc!$K$8,SUM(CY_Target!$F9:F9),AVERAGE(CY_Target!$F9:F9)),"") -> 0.197372 | G9: =IFERROR(IF(INDEX(Metrics!$G$6:$G$14,MATCH(CY_Target_Cumulative!$D9,Metrics!$D$6:$D$14,0))=Calc!$K$8,SUM(CY_Target!$F9:G9),AVERAGE(CY_Target!$F9:G9)),"") -> 0.1984108 | H9: =IFERROR(IF(INDEX(Metrics!$G$6:$G$14,MATCH(CY_Target_Cumulative!$D9,Metrics!$D$6:$D$14,0))=Calc!$K$8,SUM(CY_Target!$F9:H9),AVERAGE(CY_Target!$F9:H9)),"") -> 0.20274606 | I9: =IFERROR(IF(INDEX(Metrics!$G$6:$G$14,MATCH(CY_Target_Cumulative!$D9,Metrics!$D$6:$D$14,0))=Calc!$K$8,SUM(CY_Target!$F9:I9),AVERAGE(CY_Target!$F9:I9)),"") -> 0.20341782 | J9: =IFERROR(IF(INDEX(Metrics!$G$6:$G$14,MATCH(CY_Target_Cumulative!$D9,Metrics!$D$6:$D$14,0))=Calc!$K$8,SUM(CY_Target!$F9:J9),AVERAGE(CY_Target!$F9:J9)),"") -> 0.20410848 | K9: =IFERROR(IF(INDEX(Metrics!$G$6:$G$14,MATCH(CY_Target_Cumulative!$D9,Metrics!$D$6:$D$14,0))=Calc!$K$8,SUM(CY_Target!$F9:K9),AVERAGE(CY_Target!$F9:K9)),"") -> 0.2069629 | L9: =IFERROR(IF(INDEX(Metrics!$G$6:$G$14,MATCH(CY_Target_Cumulative!$D9,Metrics!$D$6:$D$14,0))=Calc!$K$8,SUM(CY_Target!$F9:L9),AVERAGE(CY_Target!$F9:L9)),"") -> 0.2069629 | M9: =IFERROR(IF(INDEX(Metrics!$G$6:$G$14,MATCH(CY_Target_Cumulative!$D9,Metrics!$D$6:$D$14,0))=Calc!$K$8,SUM(CY_Target!$F9:M9),AVERAGE(CY_Target!$F9:M9)),"") -> 0.2069629 | ... Q9: =IFERROR(IF(INDEX(Metrics!$G$6:$G$14,MATCH(CY_Target_Cumulative!$D9,Metrics!$D$6:$D$14,0))=Calc!$K$8,SUM(CY_Target!$F9:Q9),AVERAGE(CY_Target!$F9:Q9)),"") -> 0.2069629
B10: =IFERROR(IF(LEN(INDEX(Metrics!$B$6:$E$14,ROW($A10)-ROW($A$5),MATCH(B$5,Metrics!$B$5:$E$5,0)))=0,"",INDEX(Metrics!$B$6:$E$14,ROW($A10)-ROW($A$5),MATCH(B$5,Metrics!$B$5:$E$5,0))),"") -> 105 | C10: =IFERROR(IF(LEN(INDEX(Metrics!$B$6:$E$14,ROW($A10)-ROW($A$5),MATCH(C$5,Metrics!$B$5:$E$5,0)))=0,"",INDEX(Metrics!$B$6:$E$14,ROW($A10)-ROW($A$5),MATCH(C$5,Metrics!$B$5:$E$5,0))),"") -> Profit Metrics | D10: =IFERROR(IF(LEN(INDEX(Metrics!$B$6:$E$14,ROW($A10)-ROW($A$5),MATCH(D$5,Metrics!$B$5:$E$5,0)))=0,"",INDEX(Metrics!$B$6:$E$14,ROW($A10)-ROW($A$5),MATCH(D$5,Metrics!$B$5:$E$5,0))),"") -> EBIT | E10: =IFERROR(IF(LEN(INDEX(Metrics!$B$6:$E$14,ROW($A10)-ROW($A$5),MATCH(E$5,Metrics!$B$5:$E$5,0)))=0,"",INDEX(Metrics!$B$6:$E$14,ROW($A10)-ROW($A$5),MATCH(E$5,Metrics!$B$5:$E$5,0))),"") -> USD | F10: =IFERROR(IF(INDEX(Metrics!$G$6:$G$14,MATCH(CY_Target_Cumulative!$D10,Metrics!$D$6:$D$14,0))=Calc!$K$8,SUM(CY_Target!$F10:F10),AVERAGE(CY_Target!$F10:F10)),"") -> 38203.893 | G10: =IFERROR(IF(INDEX(Metrics!$G$6:$G$14,MATCH(CY_Target_Cumulative!$D10,Metrics!$D$6:$D$14,0))=Calc!$K$8,SUM(CY_Target!$F10:G10),AVERAGE(CY_Target!$F10:G10)),"") -> 69675.069 | H10: =IFERROR(IF(INDEX(Metrics!$G$6:$G$14,MATCH(CY_Target_Cumulative!$D10,Metrics!$D$6:$D$14,0))=Calc!$K$8,SUM(CY_Target!$F10:H10),AVERAGE(CY_Target!$F10:H10)),"") -> 112797.63 | I10: =IFERROR(IF(INDEX(Metrics!$G$6:$G$14,MATCH(CY_Target_Cumulative!$D10,Metrics!$D$6:$D$14,0))=Calc!$K$8,SUM(CY_Target!$F10:I10),AVERAGE(CY_Target!$F10:I10)),"") -> 142931.59 | J10: =IFERROR(IF(INDEX(Metrics!$G$6:$G$14,MATCH(CY_Target_Cumulative!$D10,Metrics!$D$6:$D$14,0))=Calc!$K$8,SUM(CY_Target!$F10:J10),AVERAGE(CY_Target!$F10:J10)),"") -> 187194.41 | K10: =IFERROR(IF(INDEX(Metrics!$G$6:$G$14,MATCH(CY_Target_Cumulative!$D10,Metrics!$D$6:$D$14,0))=Calc!$K$8,SUM(CY_Target!$F10:K10),AVERAGE(CY_Target!$F10:K10)),"") -> 224891.41 | L10: =IFERROR(IF(INDEX(Metrics!$G$6:$G$14,MATCH(CY_Target_Cumulative!$D10,Metrics!$D$6:$D$14,0))=Calc!$K$8,SUM(CY_Target!$F10:L10),AVERAGE(CY_Target!$F10:L10)),"") -> 224891.41 | M10: =IFERROR(IF(INDEX(Metrics!$G$6:$G$14,MATCH(CY_Target_Cumulative!$D10,Metrics!$D$6:$D$14,0))=Calc!$K$8,SUM(CY_Target!$F10:M10),AVERAGE(CY_Target!$F10:M10)),"") -> 224891.41 | ... Q10: =IFERROR(IF(INDEX(Metrics!$G$6:$G$14,MATCH(CY_Target_Cumulative!$D10,Metrics!$D$6:$D$14,0))=Calc!$K$8,SUM(CY_Target!$F10:Q10),AVERAGE(CY_Target!$F10:Q10)),"") -> 224891.41
B11: =IFERROR(IF(LEN(INDEX(Metrics!$B$6:$E$14,ROW($A11)-ROW($A$5),MATCH(B$5,Metrics!$B$5:$E$5,0)))=0,"",INDEX(Metrics!$B$6:$E$14,ROW($A11)-ROW($A$5),MATCH(B$5,Metrics!$B$5:$E$5,0))),"") -> 106 | C11: =IFERROR(IF(LEN(INDEX(Metrics!$B$6:$E$14,ROW($A11)-ROW($A$5),MATCH(C$5,Metrics!$B$5:$E$5,0)))=0,"",INDEX(Metrics!$B$6:$E$14,ROW($A11)-ROW($A$5),MATCH(C$5,Metrics!$B$5:$E$5,0))),"") -> Profit Metrics | D11: =IFERROR(IF(LEN(INDEX(Metrics!$B$6:$E$14,ROW($A11)-ROW($A$5),MATCH(D$5,Metrics!$B$5:$E$5,0)))=0,"",INDEX(Metrics!$B$6:$E$14,ROW($A11)-ROW($A$5),MATCH(D$5,Metrics!$B$5:$E$5,0))),"") -> EBIT Margin | E11: =IFERROR(IF(LEN(INDEX(Metrics!$B$6:$E$14,ROW($A11)-ROW($A$5),MATCH(E$5,Metrics!$B$5:$E$5,0)))=0,"",INDEX(Metrics!$B$6:$E$14,ROW($A11)-ROW($A$5),MATCH(E$5,Metrics!$B$5:$E$5,0))),"") -> % | F11: =IFERROR(IF(INDEX(Metrics!$G$6:$G$14,MATCH(CY_Target_Cumulative!$D11,Metrics!$D$6:$D$14,0))=Calc!$K$8,SUM(CY_Target!$F11:F11),AVERAGE(CY_Target!$F11:F11)),"") -> 0.12926827 | G11: =IFERROR(IF(INDEX(Metrics!$G$6:$G$14,MATCH(CY_Target_Cumulative!$D11,Metrics!$D$6:$D$14,0))=Calc!$K$8,SUM(CY_Target!$F11:G11),AVERAGE(CY_Target!$F11:G11)),"") -> 0.14637731 | H11: =IFERROR(IF(INDEX(Metrics!$G$6:$G$14,MATCH(CY_Target_Cumulative!$D11,Metrics!$D$6:$D$14,0))=Calc!$K$8,SUM(CY_Target!$F11:H11),AVERAGE(CY_Target!$F11:H11)),"") -> 0.14300619 | I11: =IFERROR(IF(INDEX(Metrics!$G$6:$G$14,MATCH(CY_Target_Cumulative!$D11,Metrics!$D$6:$D$14,0))=Calc!$K$8,SUM(CY_Target!$F11:I11),AVERAGE(CY_Target!$F11:I11)),"") -> 0.14328247 | J11: =IFERROR(IF(INDEX(Metrics!$G$6:$G$14,MATCH(CY_Target_Cumulative!$D11,Metrics!$D$6:$D$14,0))=Calc!$K$8,SUM(CY_Target!$F11:J11),AVERAGE(CY_Target!$F11:J11)),"") -> 0.13986426 | K11: =IFERROR(IF(INDEX(Metrics!$G$6:$G$14,MATCH(CY_Target_Cumulative!$D11,Metrics!$D$6:$D$14,0))=Calc!$K$8,SUM(CY_Target!$F11:K11),AVERAGE(CY_Target!$F11:K11)),"") -> 0.13991086 | L11: =IFERROR(IF(INDEX(Metrics!$G$6:$G$14,MATCH(CY_Target_Cumulative!$D11,Metrics!$D$6:$D$14,0))=Calc!$K$8,SUM(CY_Target!$F11:L11),AVERAGE(CY_Target!$F11:L11)),"") -> 0.13991086 | M11: =IFERROR(IF(INDEX(Metrics!$G$6:$G$14,MATCH(CY_Target_Cumulative!$D11,Metrics!$D$6:$D$14,0))=Calc!$K$8,SUM(CY_Target!$F11:M11),AVERAGE(CY_Target!$F11:M11)),"") -> 0.13991086 | ... Q11: =IFERROR(IF(INDEX(Metrics!$G$6:$G$14,MATCH(CY_Target_Cumulative!$D11,Metrics!$D$6:$D$14,0))=Calc!$K$8,SUM(CY_Target!$F11:Q11),AVERAGE(CY_Target!$F11:Q11)),"") -> 0.13991086
B12: =IFERROR(IF(LEN(INDEX(Metrics!$B$6:$E$14,ROW($A12)-ROW($A$5),MATCH(B$5,Metrics!$B$5:$E$5,0)))=0,"",INDEX(Metrics!$B$6:$E$14,ROW($A12)-ROW($A$5),MATCH(B$5,Metrics!$B$5:$E$5,0))),"") -> 107 | C12: =IFERROR(IF(LEN(INDEX(Metrics!$B$6:$E$14,ROW($A12)-ROW($A$5),MATCH(C$5,Metrics!$B$5:$E$5,0)))=0,"",INDEX(Metrics!$B$6:$E$14,ROW($A12)-ROW($A$5),MATCH(C$5,Metrics!$B$5:$E$5,0))),"") -> Profit Metrics | D12: =IFERROR(IF(LEN(INDEX(Metrics!$B$6:$E$14,ROW($A12)-ROW($A$5),MATCH(D$5,Metrics!$B$5:$E$5,0)))=0,"",INDEX(Metrics!$B$6:$E$14,ROW($A12)-ROW($A$5),MATCH(D$5,Metrics!$B$5:$E$5,0))),"") -> Operating Expense Ratio | E12: =IFERROR(IF(LEN(INDEX(Metrics!$B$6:$E$14,ROW($A12)-ROW($A$5),MATCH(E$5,Metrics!$B$5:$E$5,0)))=0,"",INDEX(Metrics!$B$6:$E$14,ROW($A12)-ROW($A$5),MATCH(E$5,Metrics!$B$5:$E$5,0))),"") -> % | F12: =IFERROR(IF(INDEX(Metrics!$G$6:$G$14,MATCH(CY_Target_Cumulative!$D12,Metrics!$D$6:$D$14,0))=Calc!$K$8,SUM(CY_Target!$F12:F12),AVERAGE(CY_Target!$F12:F12)),"") -> 0.36727397 | G12: =IFERROR(IF(INDEX(Metrics!$G$6:$G$14,MATCH(CY_Target_Cumulative!$D12,Metrics!$D$6:$D$14,0))=Calc!$K$8,SUM(CY_Target!$F12:G12),AVERAGE(CY_Target!$F12:G12)),"") -> 0.34978474 | H12: =IFERROR(IF(INDEX(Metrics!$G$6:$G$14,MATCH(CY_Target_Cumulative!$D12,Metrics!$D$6:$D$14,0))=Calc!$K$8,SUM(CY_Target!$F12:H12),AVERAGE(CY_Target!$F12:H12)),"") -> 0.34791922 | I12: =IFERROR(IF(INDEX(Metrics!$G$6:$G$14,MATCH(CY_Target_Cumulative!$D12,Metrics!$D$6:$D$14,0))=Calc!$K$8,SUM(CY_Target!$F12:I12),AVERAGE(CY_Target!$F12:I12)),"") -> 0.33299507 | J12: =IFERROR(IF(INDEX(Metrics!$G$6:$G$14,MATCH(CY_Target_Cumulative!$D12,Metrics!$D$6:$D$14,0))=Calc!$K$8,SUM(CY_Target!$F12:J12),AVERAGE(CY_Target!$F12:J12)),"") -> 0.32553934 | K12: =IFERROR(IF(INDEX(Metrics!$G$6:$G$14,MATCH(CY_Target_Cumulative!$D12,Metrics!$D$6:$D$14,0))=Calc!$K$8,SUM(CY_Target!$F12:K12),AVERAGE(CY_Target!$F12:K12)),"") -> 0.32948141 | L12: =IFERROR(IF(INDEX(Metrics!$G$6:$G$14,MATCH(CY_Target_Cumulative!$D12,Metrics!$D$6:$D$14,0))=Calc!$K$8,SUM(CY_Target!$F12:L12),AVERAGE(CY_Target!$F12:L12)),"") -> 0.32948141 | M12: =IFERROR(IF(INDEX(Metrics!$G$6:$G$14,MATCH(CY_Target_Cumulative!$D12,Metrics!$D$6:$D$14,0))=Calc!$K$8,SUM(CY_Target!$F12:M12),AVERAGE(CY_Target!$F12:M12)),"") -> 0.32948141 | ... Q12: =IFERROR(IF(INDEX(Metrics!$G$6:$G$14,MATCH(CY_Target_Cumulative!$D12,Metrics!$D$6:$D$14,0))=Calc!$K$8,SUM(CY_Target!$F12:Q12),AVERAGE(CY_Target!$F12:Q12)),"") -> 0.32948141
B13: =IFERROR(IF(LEN(INDEX(Metrics!$B$6:$E$14,ROW($A13)-ROW($A$5),MATCH(B$5,Metrics!$B$5:$E$5,0)))=0,"",INDEX(Metrics!$B$6:$E$14,ROW($A13)-ROW($A$5),MATCH(B$5,Metrics!$B$5:$E$5,0))),"") -> 108 | C13: =IFERROR(IF(LEN(INDEX(Metrics!$B$6:$E$14,ROW($A13)-ROW($A$5),MATCH(C$5,Metrics!$B$5:$E$5,0)))=0,"",INDEX(Metrics!$B$6:$E$14,ROW($A13)-ROW($A$5),MATCH(C$5,Metrics!$B$5:$E$5,0))),"") -> Profit Metrics | D13: =IFERROR(IF(LEN(INDEX(Metrics!$B$6:$E$14,ROW($A13)-ROW($A$5),MATCH(D$5,Metrics!$B$5:$E$5,0)))=0,"",INDEX(Metrics!$B$6:$E$14,ROW($A13)-ROW($A$5),MATCH(D$5,Metrics!$B$5:$E$5,0))),"") | E13: =IFERROR(IF(LEN(INDEX(Metrics!$B$6:$E$14,ROW($A13)-ROW($A$5),MATCH(E$5,Metrics!$B$5:$E$5,0)))=0,"",INDEX(Metrics!$B$6:$E$14,ROW($A13)-ROW($A$5),MATCH(E$5,Metrics!$B$5:$E$5,0))),"") | F13: =IFERROR(IF(INDEX(Metrics!$G$6:$G$14,MATCH(CY_Target_Cumulative!$D13,Metrics!$D$6:$D$14,0))=Calc!$K$8,SUM(CY_Target!$F13:F13),AVERAGE(CY_Target!$F13:F13)),"") | G13: =IFERROR(IF(INDEX(Metrics!$G$6:$G$14,MATCH(CY_Target_Cumulative!$D13,Metrics!$D$6:$D$14,0))=Calc!$K$8,SUM(CY_Target!$F13:G13),AVERAGE(CY_Target!$F13:G13)),"") | H13: =IFERROR(IF(INDEX(Metrics!$G$6:$G$14,MATCH(CY_Target_Cumulative!$D13,Metrics!$D$6:$D$14,0))=Calc!$K$8,SUM(CY_Target!$F13:H13),AVERAGE(CY_Target!$F13:H13)),"") | I13: =IFERROR(IF(INDEX(Metrics!$G$6:$G$14,MATCH(CY_Target_Cumulative!$D13,Metrics!$D$6:$D$14,0))=Calc!$K$8,SUM(CY_Target!$F13:I13),AVERAGE(CY_Target!$F13:I13)),"") | J13: =IFERROR(IF(INDEX(Metrics!$G$6:$G$14,MATCH(CY_Target_Cumulative!$D13,Metrics!$D$6:$D$14,0))=Calc!$K$8,SUM(CY_Target!$F13:J13),AVERAGE(CY_Target!$F13:J13)),"") | K13: =IFERROR(IF(INDEX(Metrics!$G$6:$G$14,MATCH(CY_Target_Cumulative!$D13,Metrics!$D$6:$D$14,0))=Calc!$K$8,SUM(CY_Target!$F13:K13),AVERAGE(CY_Target!$F13:K13)),"") | L13: =IFERROR(IF(INDEX(Metrics!$G$6:$G$14,MATCH(CY_Target_Cumulative!$D13,Metrics!$D$6:$D$14,0))=Calc!$K$8,SUM(CY_Target!$F13:L13),AVERAGE(CY_Target!$F13:L13)),"") | M13: =IFERROR(IF(INDEX(Metrics!$G$6:$G$14,MATCH(CY_Target_Cumulative!$D13,Metrics!$D$6:$D$14,0))=Calc!$K$8,SUM(CY_Target!$F13:M13),AVERAGE(CY_Target!$F13:M13)),"") | ... Q13: =IFERROR(IF(INDEX(Metrics!$G$6:$G$14,MATCH(CY_Target_Cumulative!$D13,Metrics!$D$6:$D$14,0))=Calc!$K$8,SUM(CY_Target!$F13:Q13),AVERAGE(CY_Target!$F13:Q13)),"")
B14: =IFERROR(IF(LEN(INDEX(Metrics!$B$6:$E$14,ROW($A14)-ROW($A$5),MATCH(B$5,Metrics!$B$5:$E$5,0)))=0,"",INDEX(Metrics!$B$6:$E$14,ROW($A14)-ROW($A$5),MATCH(B$5,Metrics!$B$5:$E$5,0))),"") -> 109 | C14: =IFERROR(IF(LEN(INDEX(Metrics!$B$6:$E$14,ROW($A14)-ROW($A$5),MATCH(C$5,Metrics!$B$5:$E$5,0)))=0,"",INDEX(Metrics!$B$6:$E$14,ROW($A14)-ROW($A$5),MATCH(C$5,Metrics!$B$5:$E$5,0))),"") -> Profit Metrics | D14: =IFERROR(IF(LEN(INDEX(Metrics!$B$6:$E$14,ROW($A14)-ROW($A$5),MATCH(D$5,Metrics!$B$5:$E$5,0)))=0,"",INDEX(Metrics!$B$6:$E$14,ROW($A14)-ROW($A$5),MATCH(D$5,Metrics!$B$5:$E$5,0))),"") | E14: =IFERROR(IF(LEN(INDEX(Metrics!$B$6:$E$14,ROW($A14)-ROW($A$5),MATCH(E$5,Metrics!$B$5:$E$5,0)))=0,"",INDEX(Metrics!$B$6:$E$14,ROW($A14)-ROW($A$5),MATCH(E$5,Metrics!$B$5:$E$5,0))),"") | F14: =IFERROR(IF(INDEX(Metrics!$G$6:$G$14,MATCH(CY_Target_Cumulative!$D14,Metrics!$D$6:$D$14,0))=Calc!$K$8,SUM(CY_Target!$F14:F14),AVERAGE(CY_Target!$F14:F14)),"") | G14: =IFERROR(IF(INDEX(Metrics!$G$6:$G$14,MATCH(CY_Target_Cumulative!$D14,Metrics!$D$6:$D$14,0))=Calc!$K$8,SUM(CY_Target!$F14:G14),AVERAGE(CY_Target!$F14:G14)),"") | H14: =IFERROR(IF(INDEX(Metrics!$G$6:$G$14,MATCH(CY_Target_Cumulative!$D14,Metrics!$D$6:$D$14,0))=Calc!$K$8,SUM(CY_Target!$F14:H14),AVERAGE(CY_Target!$F14:H14)),"") | I14: =IFERROR(IF(INDEX(Metrics!$G$6:$G$14,MATCH(CY_Target_Cumulative!$D14,Metrics!$D$6:$D$14,0))=Calc!$K$8,SUM(CY_Target!$F14:I14),AVERAGE(CY_Target!$F14:I14)),"") | J14: =IFERROR(IF(INDEX(Metrics!$G$6:$G$14,MATCH(CY_Target_Cumulative!$D14,Metrics!$D$6:$D$14,0))=Calc!$K$8,SUM(CY_Target!$F14:J14),AVERAGE(CY_Target!$F14:J14)),"") | K14: =IFERROR(IF(INDEX(Metrics!$G$6:$G$14,MATCH(CY_Target_Cumulative!$D14,Metrics!$D$6:$D$14,0))=Calc!$K$8,SUM(CY_Target!$F14:K14),AVERAGE(CY_Target!$F14:K14)),"") | L14: =IFERROR(IF(INDEX(Metrics!$G$6:$G$14,MATCH(CY_Target_Cumulative!$D14,Metrics!$D$6:$D$14,0))=Calc!$K$8,SUM(CY_Target!$F14:L14),AVERAGE(CY_Target!$F14:L14)),"") | M14: =IFERROR(IF(INDEX(Metrics!$G$6:$G$14,MATCH(CY_Target_Cumulative!$D14,Metrics!$D$6:$D$14,0))=Calc!$K$8,SUM(CY_Target!$F14:M14),AVERAGE(CY_Target!$F14:M14)),"") | ... Q14: =IFERROR(IF(INDEX(Metrics!$G$6:$G$14,MATCH(CY_Target_Cumulative!$D14,Metrics!$D$6:$D$14,0))=Calc!$K$8,SUM(CY_Target!$F14:Q14),AVERAGE(CY_Target!$F14:Q14)),"")
B15: 201 | C15: Cash Flow Metrics | D15: Current Ratio | E15: %
B16: 202 | C16: Cash Flow Metrics | D16: Accounts Payable Trunover Ratio | E16: #
B17: 203 | C17: Cash Flow Metrics | D17: Accounts Receivable Days | E17: Days
B18: 204 | C18: Cash Flow Metrics | D18: Accounts Receivable Trunover Ratio | E18: #
B19: 205 | C19: Cash Flow Metrics
B20: 206 | C20: Cash Flow Metrics

Sheet PY_Actual_Cumulative
C2: FINANCE KPI DASHBOARD
C3: PREVIOUS YEAR ACTUALS - CUMULATIVE
B5: KPI Code | C5: KPI Group | D5: Criteria | E5: Unit | F5: =IFERROR(INDEX(Calc!$I$7:$I$18,COLUMN(PY_Actual_Cumulative!F4)-COLUMN(PY_Actual_Cumulative!$E$4)),"") -> Jan 2021 | G5: =IFERROR(INDEX(Calc!$I$7:$I$18,COLUMN(PY_Actual_Cumulative!G4)-COLUMN(PY_Actual_Cumulative!$E$4)),"") -> Feb 2021 | H5: =IFERROR(INDEX(Calc!$I$7:$I$18,COLUMN(PY_Actual_Cumulative!H4)-COLUMN(PY_Actual_Cumulative!$E$4)),"") -> Mar 2021 | I5: =IFERROR(INDEX(Calc!$I$7:$I$18,COLUMN(PY_Actual_Cumulative!I4)-COLUMN(PY_Actual_Cumulative!$E$4)),"") -> Apr 2021 | J5: =IFERROR(INDEX(Calc!$I$7:$I$18,COLUMN(PY_Actual_Cumulative!J4)-COLUMN(PY_Actual_Cumulative!$E$4)),"") -> May 2021 | K5: =IFERROR(INDEX(Calc!$I$7:$I$18,COLUMN(PY_Actual_Cumulative!K4)-COLUMN(PY_Actual_Cumulative!$E$4)),"") -> Jun 2021 | L5: =IFERROR(INDEX(Calc!$I$7:$I$18,COLUMN(PY_Actual_Cumulative!L4)-COLUMN(PY_Actual_Cumulative!$E$4)),"") -> Jul 2021 | M5: =IFERROR(INDEX(Calc!$I$7:$I$18,COLUMN(PY_Actual_Cumulative!M4)-COLUMN(PY_Actual_Cumulative!$E$4)),"") -> Aug 2021 | ... Q5: =IFERROR(INDEX(Calc!$I$7:$I$18,COLUMN(PY_Actual_Cumulative!Q4)-COLUMN(PY_Actual_Cumulative!$E$4)),"") -> Dec 2021
B6: =IFERROR(IF(LEN(INDEX(Metrics!$B$6:$E$14,ROW($A6)-ROW($A$5),MATCH(B$5,Metrics!$B$5:$E$5,0)))=0,"",INDEX(Metrics!$B$6:$E$14,ROW($A6)-ROW($A$5),MATCH(B$5,Metrics!$B$5:$E$5,0))),"") -> 101 | C6: =IFERROR(IF(LEN(INDEX(Metrics!$B$6:$E$14,ROW($A6)-ROW($A$5),MATCH(C$5,Metrics!$B$5:$E$5,0)))=0,"",INDEX(Metrics!$B$6:$E$14,ROW($A6)-ROW($A$5),MATCH(C$5,Metrics!$B$5:$E$5,0))),"") -> Profit Metrics | D6: =IFERROR(IF(LEN(INDEX(Metrics!$B$6:$E$14,ROW($A6)-ROW($A$5),MATCH(D$5,Metrics!$B$5:$E$5,0)))=0,"",INDEX(Metrics!$B$6:$E$14,ROW($A6)-ROW($A$5),MATCH(D$5,Metrics!$B$5:$E$5,0))),"") -> Gross Profit | E6: =IFERROR(IF(LEN(INDEX(Metrics!$B$6:$E$14,ROW($A6)-ROW($A$5),MATCH(E$5,Metrics!$B$5:$E$5,0)))=0,"",INDEX(Metrics!$B$6:$E$14,ROW($A6)-ROW($A$5),MATCH(E$5,Metrics!$B$5:$E$5,0))),"") -> USD | F6: =IFERROR(IF(INDEX(Metrics!$G$6:$G$14,MATCH(PY_Actual_Cumulative!$D6,Metrics!$D$6:$D$14,0))=Calc!$K$8,SUM(PY_Actual!$F6:F6),AVERAGE(PY_Actual!$F6:F6)),"") -> 66326.04 | G6: =IFERROR(IF(INDEX(Metrics!$G$6:$G$14,MATCH(PY_Actual_Cumulative!$D6,Metrics!$D$6:$D$14,0))=Calc!$K$8,SUM(PY_Actual!$F6:G6),AVERAGE(PY_Actual!$F6:G6)),"") -> 125753.73 | H6: =IFERROR(IF(INDEX(Metrics!$G$6:$G$14,MATCH(PY_Actual_Cumulative!$D6,Metrics!$D$6:$D$14,0))=Calc!$K$8,SUM(PY_Actual!$F6:H6),AVERAGE(PY_Actual!$F6:H6)),"") -> 178565.83 | I6: =IFERROR(IF(INDEX(Metrics!$G$6:$G$14,MATCH(PY_Actual_Cumulative!$D6,Metrics!$D$6:$D$14,0))=Calc!$K$8,SUM(PY_Actual!$F6:I6),AVERAGE(PY_Actual!$F6:I6)),"") -> 242946.31 | J6: =IFERROR(IF(INDEX(Metrics!$G$6:$G$14,MATCH(PY_Actual_Cumulative!$D6,Metrics!$D$6:$D$14,0))=Calc!$K$8,SUM(PY_Actual!$F6:J6),AVERAGE(PY_Actual!$F6:J6)),"") -> 309217.54 | K6: =IFERROR(IF(INDEX(Metrics!$G$6:$G$14,MATCH(PY_Actual_Cumulative!$D6,Metrics!$D$6:$D$14,0))=Calc!$K$8,SUM(PY_Actual!$F6:K6),AVERAGE(PY_Actual!$F6:K6)),"") -> 356103.01 | L6: =IFERROR(IF(INDEX(Metrics!$G$6:$G$14,MATCH(PY_Actual_Cumulative!$D6,Metrics!$D$6:$D$14,0))=Calc!$K$8,SUM(PY_Actual!$F6:L6),AVERAGE(PY_Actual!$F6:L6)),"") -> 356103.01 | M6: =IFERROR(IF(INDEX(Metrics!$G$6:$G$14,MATCH(PY_Actual_Cumulative!$D6,Metrics!$D$6:$D$14,0))=Calc!$K$8,SUM(PY_Actual!$F6:M6),AVERAGE(PY_Actual!$F6:M6)),"") -> 356103.01 | ... Q6: =IFERROR(IF(INDEX(Metrics!$G$6:$G$14,MATCH(PY_Actual_Cumulative!$D6,Metrics!$D$6:$D$14,0))=Calc!$K$8,SUM(PY_Actual!$F6:Q6),AVERAGE(PY_Actual!$F6:Q6)),"") -> 356103.01
B7: =IFERROR(IF(LEN(INDEX(Metrics!$B$6:$E$14,ROW($A7)-ROW($A$5),MATCH(B$5,Metrics!$B$5:$E$5,0)))=0,"",INDEX(Metrics!$B$6:$E$14,ROW($A7)-ROW($A$5),MATCH(B$5,Metrics!$B$5:$E$5,0))),"") -> 102 | C7: =IFERROR(IF(LEN(INDEX(Metrics!$B$6:$E$14,ROW($A7)-ROW($A$5),MATCH(C$5,Metrics!$B$5:$E$5,0)))=0,"",INDEX(Metrics!$B$6:$E$14,ROW($A7)-ROW($A$5),MATCH(C$5,Metrics!$B$5:$E$5,0))),"") -> Profit Metrics | D7: =IFERROR(IF(LEN(INDEX(Metrics!$B$6:$E$14,ROW($A7)-ROW($A$5),MATCH(D$5,Metrics!$B$5:$E$5,0)))=0,"",INDEX(Metrics!$B$6:$E$14,ROW($A7)-ROW($A$5),MATCH(D$5,Metrics!$B$5:$E$5,0))),"") -> Gross Profit Margin | E7: =IFERROR(IF(LEN(INDEX(Metrics!$B$6:$E$14,ROW($A7)-ROW($A$5),MATCH(E$5,Metrics!$B$5:$E$5,0)))=0,"",INDEX(Metrics!$B$6:$E$14,ROW($A7)-ROW($A$5),MATCH(E$5,Metrics!$B$5:$E$5,0))),"") -> % | F7: =IFERROR(IF(INDEX(Metrics!$G$6:$G$14,MATCH(PY_Actual_Cumulative!$D7,Metrics!$D$6:$D$14,0))=Calc!$K$8,SUM(PY_Actual!$F7:F7),AVERAGE(PY_Actual!$F7:F7)),"") -> 0.39462875 | G7: =IFERROR(IF(INDEX(Metrics!$G$6:$G$14,MATCH(PY_Actual_Cumulative!$D7,Metrics!$D$6:$D$14,0))=Calc!$K$8,SUM(PY_Actual!$F7:G7),AVERAGE(PY_Actual!$F7:G7)),"") -> 0.38232962 | H7: =IFERROR(IF(INDEX(Metrics!$G$6:$G$14,MATCH(PY_Actual_Cumulative!$D7,Metrics!$D$6:$D$14,0))=Calc!$K$8,SUM(PY_Actual!$F7:H7),AVERAGE(PY_Actual!$F7:H7)),"") -> 0.35405983 | I7: =IFERROR(IF(INDEX(Metrics!$G$6:$G$14,MATCH(PY_Actual_Cumulative!$D7,Metrics!$D$6:$D$14,0))=Calc!$K$8,SUM(PY_Actual!$F7:I7),AVERAGE(PY_Actual!$F7:I7)),"") -> 0.36576222 | J7: =IFERROR(IF(INDEX(Metrics!$G$6:$G$14,MATCH(PY_Actual_Cumulative!$D7,Metrics!$D$6:$D$14,0))=Calc!$K$8,SUM(PY_Actual!$F7:J7),AVERAGE(PY_Actual!$F7:J7)),"") -> 0.38578706 | K7: =IFERROR(IF(INDEX(Metrics!$G$6:$G$14,MATCH(PY_Actual_Cumulative!$D7,Metrics!$D$6:$D$14,0))=Calc!$K$8,SUM(PY_Actual!$F7:K7),AVERAGE(PY_Actual!$F7:K7)),"") -> 0.36180413 | L7: =IFERROR(IF(INDEX(Metrics!$G$6:$G$14,MATCH(PY_Actual_Cumulative!$D7,Metrics!$D$6:$D$14,0))=Calc!$K$8,SUM(PY_Actual!$F7:L7),AVERAGE(PY_Actual!$F7:L7)),"") -> 0.36180413 | M7: =IFERROR(IF(INDEX(Metrics!$G$6:$G$14,MATCH(PY_Actual_Cumulative!$D7,Metrics!$D$6:$D$14,0))=Calc!$K$8,SUM(PY_Actual!$F7:M7),AVERAGE(PY_Actual!$F7:M7)),"") -> 0.36180413 | ... Q7: =IFERROR(IF(INDEX(Metrics!$G$6:$G$14,MATCH(PY_Actual_Cumulative!$D7,Metrics!$D$6:$D$14,0))=Calc!$K$8,SUM(PY_Actual!$F7:Q7),AVERAGE(PY_Actual!$F7:Q7)),"") -> 0.36180413
B8: =IFERROR(IF(LEN(INDEX(Metrics!$B$6:$E$14,ROW($A8)-ROW($A$5),MATCH(B$5,Metrics!$B$5:$E$5,0)))=0,"",INDEX(Metrics!$B$6:$E$14,ROW($A8)-ROW($A$5),MATCH(B$5,Metrics!$B$5:$E$5,0))),"") -> 103 | C8: =IFERROR(IF(LEN(INDEX(Metrics!$B$6:$E$14,ROW($A8)-ROW($A$5),MATCH(C$5,Metrics!$B$5:$E$5,0)))=0,"",INDEX(Metrics!$B$6:$E$14,ROW($A8)-ROW($A$5),MATCH(C$5,Metrics!$B$5:$E$5,0))),"") -> Profit Metrics | D8: =IFERROR(IF(LEN(INDEX(Metrics!$B$6:$E$14,ROW($A8)-ROW($A$5),MATCH(D$5,Metrics!$B$5:$E$5,0)))=0,"",INDEX(Metrics!$B$6:$E$14,ROW($A8)-ROW($A$5),MATCH(D$5,Metrics!$B$5:$E$5,0))),"") -> Net Profit | E8: =IFERROR(IF(LEN(INDEX(Metrics!$B$6:$E$14,ROW($A8)-ROW($A$5),MATCH(E$5,Metrics!$B$5:$E$5,0)))=0,"",INDEX(Metrics!$B$6:$E$14,ROW($A8)-ROW($A$5),MATCH(E$5,Metrics!$B$5:$E$5,0))),"") -> USD | F8: =IFERROR(IF(INDEX(Metrics!$G$6:$G$14,MATCH(PY_Actual_Cumulative!$D8,Metrics!$D$6:$D$14,0))=Calc!$K$8,SUM(PY_Actual!$F8:F8),AVERAGE(PY_Actual!$F8:F8)),"") -> 50569.921 | G8: =IFERROR(IF(INDEX(Metrics!$G$6:$G$14,MATCH(PY_Actual_Cumulative!$D8,Metrics!$D$6:$D$14,0))=Calc!$K$8,SUM(PY_Actual!$F8:G8),AVERAGE(PY_Actual!$F8:G8)),"") -> 92002.369 | H8: =IFERROR(IF(INDEX(Metrics!$G$6:$G$14,MATCH(PY_Actual_Cumulative!$D8,Metrics!$D$6:$D$14,0))=Calc!$K$8,SUM(PY_Actual!$F8:H8),AVERAGE(PY_Actual!$F8:H8)),"") -> 128719.36 | I8: =IFERROR(IF(INDEX(Metrics!$G$6:$G$14,MATCH(PY_Actual_Cumulative!$D8,Metrics!$D$6:$D$14,0))=Calc!$K$8,SUM(PY_Actual!$F8:I8),AVERAGE(PY_Actual!$F8:I8)),"") -> 168938.59 | J8: =IFERROR(IF(INDEX(Metrics!$G$6:$G$14,MATCH(PY_Actual_Cumulative!$D8,Metrics!$D$6:$D$14,0))=Calc!$K$8,SUM(PY_Actual!$F8:J8),AVERAGE(PY_Actual!$F8:J8)),"") -> 218356.97 | K8: =IFERROR(IF(INDEX(Metrics!$G$6:$G$14,MATCH(PY_Actual_Cumulative!$D8,Metrics!$D$6:$D$14,0))=Calc!$K$8,SUM(PY_Actual!$F8:K8),AVERAGE(PY_Actual!$F8:K8)),"") -> 250627.57 | L8: =IFERROR(IF(INDEX(Metrics!$G$6:$G$14,MATCH(PY_Actual_Cumulative!$D8,Metrics!$D$6:$D$14,0))=Calc!$K$8,SUM(PY_Actual!$F8:L8),AVERAGE(PY_Actual!$F8:L8)),"") -> 250627.57 | M8: =IFERROR(IF(INDEX(Metrics!$G$6:$G$14,MATCH(PY_Actual_Cumulative!$D8,Metrics!$D$6:$D$14,0))=Calc!$K$8,SUM(PY_Actual!$F8:M8),AVERAGE(PY_Actual!$F8:M8)),"") -> 250627.57 | ... Q8: =IFERROR(IF(INDEX(Metrics!$G$6:$G$14,MATCH(PY_Actual_Cumulative!$D8,Metrics!$D$6:$D$14,0))=Calc!$K$8,SUM(PY_Actual!$F8:Q8),AVERAGE(PY_Actual!$F8:Q8)),"") -> 250627.57
B9: =IFERROR(IF(LEN(INDEX(Metrics!$B$6:$E$14,ROW($A9)-ROW($A$5),MATCH(B$5,Metrics!$B$5:$E$5,0)))=0,"",INDEX(Metrics!$B$6:$E$14,ROW($A9)-ROW($A$5),MATCH(B$5,Metrics!$B$5:$E$5,0))),"") -> 104 | C9: =IFERROR(IF(LEN(INDEX(Metrics!$B$6:$E$14,ROW($A9)-ROW($A$5),MATCH(C$5,Metrics!$B$5:$E$5,0)))=0,"",INDEX(Metrics!$B$6:$E$14,ROW($A9)-ROW($A$5),MATCH(C$5,Metrics!$B$5:$E$5,0))),"") -> Profit Metrics | D9: =IFERROR(IF(LEN(INDEX(Metrics!$B$6:$E$14,ROW($A9)-ROW($A$5),MATCH(D$5,Metrics!$B$5:$E$5,0)))=0,"",INDEX(Metrics!$B$6:$E$14,ROW($A9)-ROW($A$5),MATCH(D$5,Metrics!$B$5:$E$5,0))),"") -> Net Profit Margin | E9: =IFERROR(IF(LEN(INDEX(Metrics!$B$6:$E$14,ROW($A9)-ROW($A$5),MATCH(E$5,Metrics!$B$5:$E$5,0)))=0,"",INDEX(Metrics!$B$6:$E$14,ROW($A9)-ROW($A$5),MATCH(E$5,Metrics!$B$5:$E$5,0))),"") -> % | F9: =IFERROR(IF(INDEX(Metrics!$G$6:$G$14,MATCH(PY_Actual_Cumulative!$D9,Metrics!$D$6:$D$14,0))=Calc!$K$8,SUM(PY_Actual!$F9:F9),AVERAGE(PY_Actual!$F9:F9)),"") -> 0.23347338 | G9: =IFERROR(IF(INDEX(Metrics!$G$6:$G$14,MATCH(PY_Actual_Cumulative!$D9,Metrics!$D$6:$D$14,0))=Calc!$K$8,SUM(PY_Actual!$F9:G9),AVERAGE(PY_Actual!$F9:G9)),"") -> 0.21148944 | H9: =IFERROR(IF(INDEX(Metrics!$G$6:$G$14,MATCH(PY_Actual_Cumulative!$D9,Metrics!$D$6:$D$14,0))=Calc!$K$8,SUM(PY_Actual!$F9:H9),AVERAGE(PY_Actual!$F9:H9)),"") -> 0.19742786 | I9: =IFERROR(IF(INDEX(Metrics!$G$6:$G$14,MATCH(PY_Actual_Cumulative!$D9,Metrics!$D$6:$D$14,0))=Calc!$K$8,SUM(PY_Actual!$F9:I9),AVERAGE(PY_Actual!$F9:I9)),"") -> 0.1971003 | J9: =IFERROR(IF(INDEX(Metrics!$G$6:$G$14,MATCH(PY_Actual_Cumulative!$D9,Metrics!$D$6:$D$14,0))=Calc!$K$8,SUM(PY_Actual!$F9:J9),AVERAGE(PY_Actual!$F9:J9)),"") -> 0.20471259 | K9: =IFERROR(IF(INDEX(Metrics!$G$6:$G$14,MATCH(PY_Actual_Cumulative!$D9,Metrics!$D$6:$D$14,0))=Calc!$K$8,SUM(PY_Actual!$F9:K9),AVERAGE(PY_Actual!$F9:K9)),"") -> 0.19466229 | L9: =IFERROR(IF(INDEX(Metrics!$G$6:$G$14,MATCH(PY_Actual_Cumulative!$D9,Metrics!$D$6:$D$14,0))=Calc!$K$8,SUM(PY_Actual!$F9:L9),AVERAGE(PY_Actual!$F9:L9)),"") -> 0.19466229 | M9: =IFERROR(IF(INDEX(Metrics!$G$6:$G$14,MATCH(PY_Actual_Cumulative!$D9,Metrics!$D$6:$D$14,0))=Calc!$K$8,SUM(PY_Actual!$F9:M9),AVERAGE(PY_Actual!$F9:M9)),"") -> 0.19466229 | ... Q9: =IFERROR(IF(INDEX(Metrics!$G$6:$G$14,MATCH(PY_Actual_Cumulative!$D9,Metrics!$D$6:$D$14,0))=Calc!$K$8,SUM(PY_Actual!$F9:Q9),AVERAGE(PY_Actual!$F9:Q9)),"") -> 0.19466229
B10: =IFERROR(IF(LEN(INDEX(Metrics!$B$6:$E$14,ROW($A10)-ROW($A$5),MATCH(B$5,Metrics!$B$5:$E$5,0)))=0,"",INDEX(Metrics!$B$6:$E$14,ROW($A10)-ROW($A$5),MATCH(B$5,Metrics!$B$5:$E$5,0))),"") -> 105 | C10: =IFERROR(IF(LEN(INDEX(Metrics!$B$6:$E$14,ROW($A10)-ROW($A$5),MATCH(C$5,Metrics!$B$5:$E$5,0)))=0,"",INDEX(Metrics!$B$6:$E$14,ROW($A10)-ROW($A$5),MATCH(C$5,Metrics!$B$5:$E$5,0))),"") -> Profit Metrics | D10: =IFERROR(IF(LEN(INDEX(Metrics!$B$6:$E$14,ROW($A10)-ROW($A$5),MATCH(D$5,Metrics!$B$5:$E$5,0)))=0,"",INDEX(Metrics!$B$6:$E$14,ROW($A10)-ROW($A$5),MATCH(D$5,Metrics!$B$5:$E$5,0))),"") -> EBIT | E10: =IFERROR(IF(LEN(INDEX(Metrics!$B$6:$E$14,ROW($A10)-ROW($A$5),MATCH(E$5,Metrics!$B$5:$E$5,0)))=0,"",INDEX(Metrics!$B$6:$E$14,ROW($A10)-ROW($A$5),MATCH(E$5,Metrics!$B$5:$E$5,0))),"") -> USD | F10: =IFERROR(IF(INDEX(Metrics!$G$6:$G$14,MATCH(PY_Actual_Cumulative!$D10,Metrics!$D$6:$D$14,0))=Calc!$K$8,SUM(PY_Actual!$F10:F10),AVERAGE(PY_Actual!$F10:F10)),"") -> 39342.322 | G10: =IFERROR(IF(INDEX(Metrics!$G$6:$G$14,MATCH(PY_Actual_Cumulative!$D10,Metrics!$D$6:$D$14,0))=Calc!$K$8,SUM(PY_Actual!$F10:G10),AVERAGE(PY_Actual!$F10:G10)),"") -> 73950.602 | H10: =IFERROR(IF(INDEX(Metrics!$G$6:$G$14,MATCH(PY_Actual_Cumulative!$D10,Metrics!$D$6:$D$14,0))=Calc!$K$8,SUM(PY_Actual!$F10:H10),AVERAGE(PY_Actual!$F10:H10)),"") -> 100801.74 | I10: =IFERROR(IF(INDEX(Metrics!$G$6:$G$14,MATCH(PY_Actual_Cumulative!$D10,Metrics!$D$6:$D$14,0))=Calc!$K$8,SUM(PY_Actual!$F10:I10),AVERAGE(PY_Actual!$F10:I10)),"") -> 129357.39 | J10: =IFERROR(IF(INDEX(Metrics!$G$6:$G$14,MATCH(PY_Actual_Cumulative!$D10,Metrics!$D$6:$D$14,0))=Calc!$K$8,SUM(PY_Actual!$F10:J10),AVERAGE(PY_Actual!$F10:J10)),"") -> 165183.11 | K10: =IFERROR(IF(INDEX(Metrics!$G$6:$G$14,MATCH(PY_Actual_Cumulative!$D10,Metrics!$D$6:$D$14,0))=Calc!$K$8,SUM(PY_Actual!$F10:K10),AVERAGE(PY_Actual!$F10:K10)),"") -> 187632.37 | L10: =IFERROR(IF(INDEX(Metrics!$G$6:$G$14,MATCH(PY_Actual_Cumulative!$D10,Metrics!$D$6:$D$14,0))=Calc!$K$8,SUM(PY_Actual!$F10:L10),AVERAGE(PY_Actual!$F10:L10)),"") -> 187632.37 | M10: =IFERROR(IF(INDEX(Metrics!$G$6:$G$14,MATCH(PY_Actual_Cumulative!$D10,Metrics!$D$6:$D$14,0))=Calc!$K$8,SUM(PY_Actual!$F10:M10),AVERAGE(PY_Actual!$F10:M10)),"") -> 187632.37 | ... Q10: =IFERROR(IF(INDEX(Metrics!$G$6:$G$14,MATCH(PY_Actual_Cumulative!$D10,Metrics!$D$6:$D$14,0))=Calc!$K$8,SUM(PY_Actual!$F10:Q10),AVERAGE(PY_Actual!$F10:Q10)),"") -> 187632.37
B11: =IFERROR(IF(LEN(INDEX(Metrics!$B$6:$E$14,ROW($A11)-ROW($A$5),MATCH(B$5,Metrics!$B$5:$E$5,0)))=0,"",INDEX(Metrics!$B$6:$E$14,ROW($A11)-ROW($A$5),MATCH(B$5,Metrics!$B$5:$E$5,0))),"") -> 106 | C11: =IFERROR(IF(LEN(INDEX(Metrics!$B$6:$E$14,ROW($A11)-ROW($A$5),MATCH(C$5,Metrics!$B$5:$E$5,0)))=0,"",INDEX(Metrics!$B$6:$E$14,ROW($A11)-ROW($A$5),MATCH(C$5,Metrics!$B$5:$E$5,0))),"") -> Profit Metrics | D11: =IFERROR(IF(LEN(INDEX(Metrics!$B$6:$E$14,ROW($A11)-ROW($A$5),MATCH(D$5,Metrics!$B$5:$E$5,0)))=0,"",INDEX(Metrics!$B$6:$E$14,ROW($A11)-ROW($A$5),MATCH(D$5,Metrics!$B$5:$E$5,0))),"") -> EBIT Margin | E11: =IFERROR(IF(LEN(INDEX(Metrics!$B$6:$E$14,ROW($A11)-ROW($A$5),MATCH(E$5,Metrics!$B$5:$E$5,0)))=0,"",INDEX(Metrics!$B$6:$E$14,ROW($A11)-ROW($A$5),MATCH(E$5,Metrics!$B$5:$E$5,0))),"") -> % | F11: =IFERROR(IF(INDEX(Metrics!$G$6:$G$14,MATCH(PY_Actual_Cumulative!$D11,Metrics!$D$6:$D$14,0))=Calc!$K$8,SUM(PY_Actual!$F11:F11),AVERAGE(PY_Actual!$F11:F11)),"") -> 0.12609994 | G11: =IFERROR(IF(INDEX(Metrics!$G$6:$G$14,MATCH(PY_Actual_Cumulative!$D11,Metrics!$D$6:$D$14,0))=Calc!$K$8,SUM(PY_Actual!$F11:G11),AVERAGE(PY_Actual!$F11:G11)),"") -> 0.12017707 | H11: =IFERROR(IF(INDEX(Metrics!$G$6:$G$14,MATCH(PY_Actual_Cumulative!$D11,Metrics!$D$6:$D$14,0))=Calc!$K$8,SUM(PY_Actual!$F11:H11),AVERAGE(PY_Actual!$F11:H11)),"") -> 0.1111683 | I11: =IFERROR(IF(INDEX(Metrics!$G$6:$G$14,MATCH(PY_Actual_Cumulative!$D11,Metrics!$D$6:$D$14,0))=Calc!$K$8,SUM(PY_Actual!$F11:I11),AVERAGE(PY_Actual!$F11:I11)),"") -> 0.11016876 | J11: =IFERROR(IF(INDEX(Metrics!$G$6:$G$14,MATCH(PY_Actual_Cumulative!$D11,Metrics!$D$6:$D$14,0))=Calc!$K$8,SUM(PY_Actual!$F11:J11),AVERAGE(PY_Actual!$F11:J11)),"") -> 0.11481645 | K11: =IFERROR(IF(INDEX(Metrics!$G$6:$G$14,MATCH(PY_Actual_Cumulative!$D11,Metrics!$D$6:$D$14,0))=Calc!$K$8,SUM(PY_Actual!$F11:K11),AVERAGE(PY_Actual!$F11:K11)),"") -> 0.11141084 | L11: =IFERROR(IF(INDEX(Metrics!$G$6:$G$14,MATCH(PY_Actual_Cumulative!$D11,Metrics!$D$6:$D$14,0))=Calc!$K$8,SUM(PY_Actual!$F11:L11),AVERAGE(PY_Actual!$F11:L11)),"") -> 0.11141084 | M11: =IFERROR(IF(INDEX(Metrics!$G$6:$G$14,MATCH(PY_Actual_Cumulative!$D11,Metrics!$D$6:$D$14,0))=Calc!$K$8,SUM(PY_Actual!$F11:M11),AVERAGE(PY_Actual!$F11:M11)),"") -> 0.11141084 | ... Q11: =IFERROR(IF(INDEX(Metrics!$G$6:$G$14,MATCH(PY_Actual_Cumulative!$D11,Metrics!$D$6:$D$14,0))=Calc!$K$8,SUM(PY_Actual!$F11:Q11),AVERAGE(PY_Actual!$F11:Q11)),"") -> 0.11141084
B12: =IFERROR(IF(LEN(INDEX(Metrics!$B$6:$E$14,ROW($A12)-ROW($A$5),MATCH(B$5,Metrics!$B$5:$E$5,0)))=0,"",INDEX(Metrics!$B$6:$E$14,ROW($A12)-ROW($A$5),MATCH(B$5,Metrics!$B$5:$E$5,0))),"") -> 107 | C12: =IFERROR(IF(LEN(INDEX(Metrics!$B$6:$E$14,ROW($A12)-ROW($A$5),MATCH(C$5,Metrics!$B$5:$E$5,0)))=0,"",INDEX(Metrics!$B$6:$E$14,ROW($A12)-ROW($A$5),MATCH(C$5,Metrics!$B$5:$E$5,0))),"") -> Profit Metrics | D12: =IFERROR(IF(LEN(INDEX(Metrics!$B$6:$E$14,ROW($A12)-ROW($A$5),MATCH(D$5,Metrics!$B$5:$E$5,0)))=0,"",INDEX(Metrics!$B$6:$E$14,ROW($A12)-ROW($A$5),MATCH(D$5,Metrics!$B$5:$E$5,0))),"") -> Operating Expense Ratio | E12: =IFERROR(IF(LEN(INDEX(Metrics!$B$6:$E$14,ROW($A12)-ROW($A$5),MATCH(E$5,Metrics!$B$5:$E$5,0)))=0,"",INDEX(Metrics!$B$6:$E$14,ROW($A12)-ROW($A$5),MATCH(E$5,Metrics!$B$5:$E$5,0))),"") -> % | F12: =IFERROR(IF(INDEX(Metrics!$G$6:$G$14,MATCH(PY_Actual_Cumulative!$D12,Metrics!$D$6:$D$14,0))=Calc!$K$8,SUM(PY_Actual!$F12:F12),AVERAGE(PY_Actual!$F12:F12)),"") -> 0.29685411 | G12: =IFERROR(IF(INDEX(Metrics!$G$6:$G$14,MATCH(PY_Actual_Cumulative!$D12,Metrics!$D$6:$D$14,0))=Calc!$K$8,SUM(PY_Actual!$F12:G12),AVERAGE(PY_Actual!$F12:G12)),"") -> 0.28909413 | H12: =IFERROR(IF(INDEX(Metrics!$G$6:$G$14,MATCH(PY_Actual_Cumulative!$D12,Metrics!$D$6:$D$14,0))=Calc!$K$8,SUM(PY_Actual!$F12:H12),AVERAGE(PY_Actual!$F12:H12)),"") -> 0.26802629 | I12: =IFERROR(IF(INDEX(Metrics!$G$6:$G$14,MATCH(PY_Actual_Cumulative!$D12,Metrics!$D$6:$D$14,0))=Calc!$K$8,SUM(PY_Actual!$F12:I12),AVERAGE(PY_Actual!$F12:I12)),"") -> 0.27554033 | J12: =IFERROR(IF(INDEX(Metrics!$G$6:$G$14,MATCH(PY_Actual_Cumulative!$D12,Metrics!$D$6:$D$14,0))=Calc!$K$8,SUM(PY_Actual!$F12:J12),AVERAGE(PY_Actual!$F12:J12)),"") -> 0.28707851 | K12: =IFERROR(IF(INDEX(Metrics!$G$6:$G$14,MATCH(PY_Actual_Cumulative!$D12,Metrics!$D$6:$D$14,0))=Calc!$K$8,SUM(PY_Actual!$F12:K12),AVERAGE(PY_Actual!$F12:K12)),"") -> 0.27541216 | L12: =IFERROR(IF(INDEX(Metrics!$G$6:$G$14,MATCH(PY_Actual_Cumulative!$D12,Metrics!$D$6:$D$14,0))=Calc!$K$8,SUM(PY_Actual!$F12:L12),AVERAGE(PY_Actual!$F12:L12)),"") -> 0.27541216 | M12: =IFERROR(IF(INDEX(Metrics!$G$6:$G$14,MATCH(PY_Actual_Cumulative!$D12,Metrics!$D$6:$D$14,0))=Calc!$K$8,SUM(PY_Actual!$F12:M12),AVERAGE(PY_Actual!$F12:M12)),"") -> 0.27541216 | ... Q12: =IFERROR(IF(INDEX(Metrics!$G$6:$G$14,MATCH(PY_Actual_Cumulative!$D12,Metrics!$D$6:$D$14,0))=Calc!$K$8,SUM(PY_Actual!$F12:Q12),AVERAGE(PY_Actual!$F12:Q12)),"") -> 0.27541216
B13: =IFERROR(IF(LEN(INDEX(Metrics!$B$6:$E$14,ROW($A13)-ROW($A$5),MATCH(B$5,Metrics!$B$5:$E$5,0)))=0,"",INDEX(Metrics!$B$6:$E$14,ROW($A13)-ROW($A$5),MATCH(B$5,Metrics!$B$5:$E$5,0))),"") -> 108 | C13: =IFERROR(IF(LEN(INDEX(Metrics!$B$6:$E$14,ROW($A13)-ROW($A$5),MATCH(C$5,Metrics!$B$5:$E$5,0)))=0,"",INDEX(Metrics!$B$6:$E$14,ROW($A13)-ROW($A$5),MATCH(C$5,Metrics!$B$5:$E$5,0))),"") -> Profit Metrics | D13: =IFERROR(IF(LEN(INDEX(Metrics!$B$6:$E$14,ROW($A13)-ROW($A$5),MATCH(D$5,Metrics!$B$5:$E$5,0)))=0,"",INDEX(Metrics!$B$6:$E$14,ROW($A13)-ROW($A$5),MATCH(D$5,Metrics!$B$5:$E$5,0))),"") | E13: =IFERROR(IF(LEN(INDEX(Metrics!$B$6:$E$14,ROW($A13)-ROW($A$5),MATCH(E$5,Metrics!$B$5:$E$5,0)))=0,"",INDEX(Metrics!$B$6:$E$14,ROW($A13)-ROW($A$5),MATCH(E$5,Metrics!$B$5:$E$5,0))),"") | F13: =IFERROR(IF(INDEX(Metrics!$G$6:$G$14,MATCH(PY_Actual_Cumulative!$D13,Metrics!$D$6:$D$14,0))=Calc!$K$8,SUM(PY_Actual!$F13:F13),AVERAGE(PY_Actual!$F13:F13)),"") | G13: =IFERROR(IF(INDEX(Metrics!$G$6:$G$14,MATCH(PY_Actual_Cumulative!$D13,Metrics!$D$6:$D$14,0))=Calc!$K$8,SUM(PY_Actual!$F13:G13),AVERAGE(PY_Actual!$F13:G13)),"") | H13: =IFERROR(IF(INDEX(Metrics!$G$6:$G$14,MATCH(PY_Actual_Cumulative!$D13,Metrics!$D$6:$D$14,0))=Calc!$K$8,SUM(PY_Actual!$F13:H13),AVERAGE(PY_Actual!$F13:H13)),"") | I13: =IFERROR(IF(INDEX(Metrics!$G$6:$G$14,MATCH(PY_Actual_Cumulative!$D13,Metrics!$D$6:$D$14,0))=Calc!$K$8,SUM(PY_Actual!$F13:I13),AVERAGE(PY_Actual!$F13:I13)),"") | J13: =IFERROR(IF(INDEX(Metrics!$G$6:$G$14,MATCH(PY_Actual_Cumulative!$D13,Metrics!$D$6:$D$14,0))=Calc!$K$8,SUM(PY_Actual!$F13:J13),AVERAGE(PY_Actual!$F13:J13)),"") | K13: =IFERROR(IF(INDEX(Metrics!$G$6:$G$14,MATCH(PY_Actual_Cumulative!$D13,Metrics!$D$6:$D$14,0))=Calc!$K$8,SUM(PY_Actual!$F13:K13),AVERAGE(PY_Actual!$F13:K13)),"") | L13: =IFERROR(IF(INDEX(Metrics!$G$6:$G$14,MATCH(PY_Actual_Cumulative!$D13,Metrics!$D$6:$D$14,0))=Calc!$K$8,SUM(PY_Actual!$F13:L13),AVERAGE(PY_Actual!$F13:L13)),"") | M13: =IFERROR(IF(INDEX(Metrics!$G$6:$G$14,MATCH(PY_Actual_Cumulative!$D13,Metrics!$D$6:$D$14,0))=Calc!$K$8,SUM(PY_Actual!$F13:M13),AVERAGE(PY_Actual!$F13:M13)),"") | ... Q13: =IFERROR(IF(INDEX(Metrics!$G$6:$G$14,MATCH(PY_Actual_Cumulative!$D13,Metrics!$D$6:$D$14,0))=Calc!$K$8,SUM(PY_Actual!$F13:Q13),AVERAGE(PY_Actual!$F13:Q13)),"")
B14: =IFERROR(IF(LEN(INDEX(Metrics!$B$6:$E$14,ROW($A14)-ROW($A$5),MATCH(B$5,Metrics!$B$5:$E$5,0)))=0,"",INDEX(Metrics!$B$6:$E$14,ROW($A14)-ROW($A$5),MATCH(B$5,Metrics!$B$5:$E$5,0))),"") -> 109 | C14: =IFERROR(IF(LEN(INDEX(Metrics!$B$6:$E$14,ROW($A14)-ROW($A$5),MATCH(C$5,Metrics!$B$5:$E$5,0)))=0,"",INDEX(Metrics!$B$6:$E$14,ROW($A14)-ROW($A$5),MATCH(C$5,Metrics!$B$5:$E$5,0))),"") -> Profit Metrics | D14: =IFERROR(IF(LEN(INDEX(Metrics!$B$6:$E$14,ROW($A14)-ROW($A$5),MATCH(D$5,Metrics!$B$5:$E$5,0)))=0,"",INDEX(Metrics!$B$6:$E$14,ROW($A14)-ROW($A$5),MATCH(D$5,Metrics!$B$5:$E$5,0))),"") | E14: =IFERROR(IF(LEN(INDEX(Metrics!$B$6:$E$14,ROW($A14)-ROW($A$5),MATCH(E$5,Metrics!$B$5:$E$5,0)))=0,"",INDEX(Metrics!$B$6:$E$14,ROW($A14)-ROW($A$5),MATCH(E$5,Metrics!$B$5:$E$5,0))),"") | F14: =IFERROR(IF(INDEX(Metrics!$G$6:$G$14,MATCH(PY_Actual_Cumulative!$D14,Metrics!$D$6:$D$14,0))=Calc!$K$8,SUM(PY_Actual!$F14:F14),AVERAGE(PY_Actual!$F14:F14)),"") | G14: =IFERROR(IF(INDEX(Metrics!$G$6:$G$14,MATCH(PY_Actual_Cumulative!$D14,Metrics!$D$6:$D$14,0))=Calc!$K$8,SUM(PY_Actual!$F14:G14),AVERAGE(PY_Actual!$F14:G14)),"") | H14: =IFERROR(IF(INDEX(Metrics!$G$6:$G$14,MATCH(PY_Actual_Cumulative!$D14,Metrics!$D$6:$D$14,0))=Calc!$K$8,SUM(PY_Actual!$F14:H14),AVERAGE(PY_Actual!$F14:H14)),"") | I14: =IFERROR(IF(INDEX(Metrics!$G$6:$G$14,MATCH(PY_Actual_Cumulative!$D14,Metrics!$D$6:$D$14,0))=Calc!$K$8,SUM(PY_Actual!$F14:I14),AVERAGE(PY_Actual!$F14:I14)),"") | J14: =IFERROR(IF(INDEX(Metrics!$G$6:$G$14,MATCH(PY_Actual_Cumulative!$D14,Metrics!$D$6:$D$14,0))=Calc!$K$8,SUM(PY_Actual!$F14:J14),AVERAGE(PY_Actual!$F14:J14)),"") | K14: =IFERROR(IF(INDEX(Metrics!$G$6:$G$14,MATCH(PY_Actual_Cumulative!$D14,Metrics!$D$6:$D$14,0))=Calc!$K$8,SUM(PY_Actual!$F14:K14),AVERAGE(PY_Actual!$F14:K14)),"") | L14: =IFERROR(IF(INDEX(Metrics!$G$6:$G$14,MATCH(PY_Actual_Cumulative!$D14,Metrics!$D$6:$D$14,0))=Calc!$K$8,SUM(PY_Actual!$F14:L14),AVERAGE(PY_Actual!$F14:L14)),"") | M14: =IFERROR(IF(INDEX(Metrics!$G$6:$G$14,MATCH(PY_Actual_Cumulative!$D14,Metrics!$D$6:$D$14,0))=Calc!$K$8,SUM(PY_Actual!$F14:M14),AVERAGE(PY_Actual!$F14:M14)),"") | ... Q14: =IFERROR(IF(INDEX(Metrics!$G$6:$G$14,MATCH(PY_Actual_Cumulative!$D14,Metrics!$D$6:$D$14,0))=Calc!$K$8,SUM(PY_Actual!$F14:Q14),AVERAGE(PY_Actual!$F14:Q14)),"")
B15: 201 | C15: Cash Flow Metrics | D15: Current Ratio | E15: %
B16: 202 | C16: Cash Flow Metrics | D16: Accounts Payable Trunover Ratio | E16: #
B17: 203 | C17: Cash Flow Metrics | D17: Accounts Receivable Days | E17: Days
B18: 204 | C18: Cash Flow Metrics | D18: Accounts Receivable Trunover Ratio | E18: #
B19: 205 | C19: Cash Flow Metrics
B20: 206 | C20: Cash Flow Metrics

Sheet Monthly_Analysis
C2: FINANCE KPI DASHBOARD
C3: MONTHLY DASHBOARD
B5: Month | C5: Apr 2022 | G5: Monthly | M5: Cumulative
B7: KPI Code | C7: KPI Group | D7: Criteria | E7: Unit | G7: Previous Year | H7: Target | I7: Actual | J7: Act vs. PY_x000D_ Index | K7: Act vs. Trgt Index | M7: Previous Year | N7: Target | O7: Actual | P7: Act vs. PY_x000D_ Index | Q7: Act vs. Trgt Index
B8: =IFERROR(IF(LEN(INDEX(Metrics!$B$6:$E$14,ROW($A8)-ROW($A$7),MATCH(B$7,Metrics!$B$5:$E$5,0)))=0,"",INDEX(Metrics!$B$6:$E$14,ROW($A8)-ROW($A$7),MATCH(B$7,Metrics!$B$5:$E$5,0))),"") -> 101 | C8: =IFERROR(IF(LEN(INDEX(Metrics!$B$6:$E$14,ROW($A8)-ROW($A$7),MATCH(C$7,Metrics!$B$5:$E$5,0)))=0,"",INDEX(Metrics!$B$6:$E$14,ROW($A8)-ROW($A$7),MATCH(C$7,Metrics!$B$5:$E$5,0))),"") -> Profit Metrics | D8: =IFERROR(IF(LEN(INDEX(Metrics!$B$6:$E$14,ROW($A8)-ROW($A$7),MATCH(D$7,Metrics!$B$5:$E$5,0)))=0,"",INDEX(Metrics!$B$6:$E$14,ROW($A8)-ROW($A$7),MATCH(D$7,Metrics!$B$5:$E$5,0))),"") -> Gross Profit | E8: =IFERROR(IF(LEN(INDEX(Metrics!$B$6:$E$14,ROW($A8)-ROW($A$7),MATCH(E$7,Metrics!$B$5:$E$5,0)))=0,"",INDEX(Metrics!$B$6:$E$14,ROW($A8)-ROW($A$7),MATCH(E$7,Metrics!$B$5:$E$5,0))),"") -> USD | G8: =IFERROR(IF(D8="","",IF(LEN(INDEX(PY_Actual!$F$6:$Q$14,MATCH(Monthly_Analysis!$D8,PY_Actual!$D$6:$D$14,0),MATCH(Calc!$L$11,PY_Actual!$F$5:$Q$5,0)))=0,"",INDEX(PY_Actual!$F$6:$Q$14,MATCH(Monthly_Analysis!$D8,PY_Actual!$D$6:$D$14,0),MATCH(Calc!$L$11,PY_Actual!$F$5:$Q$5,0)))),"") -> 64380.476 | H8: =IFERROR(IF(D8="","",IF(LEN(INDEX(CY_Target!$F$6:$Q$14,MATCH(Monthly_Analysis!$D8,CY_Target!$D$6:$D$14,0),MATCH(Calc!$L$10,CY_Target!$F$5:$Q$5,0)))=0,"",INDEX(CY_Target!$F$6:$Q$14,MATCH(Monthly_Analysis!$D8,CY_Target!$D$6:$D$14,0),MATCH(Calc!$L$10,CY_Target!$F$5:$Q$5,0)))),"") -> 62220 | I8: =IFERROR(IF(D8="","",IF(LEN(INDEX(CY_Actual!$F$6:$Q$14,MATCH(Monthly_Analysis!$D8,CY_Actual!$D$6:$D$14,0),MATCH(Calc!$L$10,CY_Actual!$F$5:$Q$5,0)))=0,"",INDEX(CY_Actual!$F$6:$Q$14,MATCH(Monthly_Analysis!$D8,CY_Actual!$D$6:$D$14,0),MATCH(Calc!$L$10,CY_Actual!$F$5:$Q$5,0)))),"") -> 51000 | J8: =IFERROR(IF(OR(LEN($D8)=0,LEN(G8)=0,LEN(I8)=0),"",IF(INDEX(Metrics!$F$6:$F$14,MATCH(Monthly_Analysis!$B8,Metrics!$B$6:$B$14,0))=Calc!$L$7,G8/I8*100,I8/G8*100)),100) -> 79.216562 | K8: =IFERROR(IF(OR(LEN($D8)=0,LEN(H8)=0,LEN(I8)=0),"",IF(INDEX(Metrics!$F$6:$F$14,MATCH(Monthly_Analysis!$B8,Metrics!$B$6:$B$14,0))=Calc!$L$7,H8/I8*100,I8/H8*100)),100) -> 81.967213 | M8: =IFERROR(IF(B8="","",INDEX(PY_Actual_Cumulative!$F$6:$Q$14,MATCH(Monthly_Analysis!$B8,PY_Actual_Cumulative!$B$6:$B$14,0),MATCH(Calc!$L$11,PY_Actual_Cumulative!$F$5:$Q$5,0))),"") -> 242946.31 | N8: =IFERROR(IF(B8="","",INDEX(CY_Target_Cumulative!$F$6:$Q$14,MATCH(Monthly_Analysis!$B8,CY_Target_Cumulative!$B$6:$B$14,0),MATCH(Calc!$L$10,CY_Target_Cumulative!$F$5:$Q$5,0))),"") -> 287320 | O8: =IFERROR(IF(B8="","",INDEX(CY_Actual_Cumulative!$F$6:$Q$14,MATCH(Monthly_Analysis!$B8,CY_Actual_Cumulative!$B$6:$B$14,0),MATCH(Calc!$L$10,CY_Actual_Cumulative!$F$5:$Q$5,0))),"") -> 239500 | P8: =IFERROR(IF(OR(LEN($D8)=0,LEN(M8)=0,LEN(O8)=0),"",IF(INDEX(Metrics!$F$6:$F$14,MATCH(Monthly_Analysis!$B8,Metrics!$B$6:$B$14,0))=Calc!$L$7,M8/O8*100,O8/M8*100)),100) -> 98.581452 | Q8: =IFERROR(IF(OR(LEN($D8)=0,LEN(N8)=0,LEN(O8)=0),"",IF(INDEX(Metrics!$F$6:$F$14,MATCH(Monthly_Analysis!$B8,Metrics!$B$6:$B$14,0))=Calc!$L$7,N8/O8*100,O8/N8*100)),100) -> 83.356536
B9: =IFERROR(IF(LEN(INDEX(Metrics!$B$6:$E$14,ROW($A9)-ROW($A$7),MATCH(B$7,Metrics!$B$5:$E$5,0)))=0,"",INDEX(Metrics!$B$6:$E$14,ROW($A9)-ROW($A$7),MATCH(B$7,Metrics!$B$5:$E$5,0))),"") -> 102 | C9: =IFERROR(IF(LEN(INDEX(Metrics!$B$6:$E$14,ROW($A9)-ROW($A$7),MATCH(C$7,Metrics!$B$5:$E$5,0)))=0,"",INDEX(Metrics!$B$6:$E$14,ROW($A9)-ROW($A$7),MATCH(C$7,Metrics!$B$5:$E$5,0))),"") -> Profit Metrics | D9: =IFERROR(IF(LEN(INDEX(Metrics!$B$6:$E$14,ROW($A9)-ROW($A$7),MATCH(D$7,Metrics!$B$5:$E$5,0)))=0,"",INDEX(Metrics!$B$6:$E$14,ROW($A9)-ROW($A$7),MATCH(D$7,Metrics!$B$5:$E$5,0))),"") -> Gross Profit Margin | E9: =IFERROR(IF(LEN(INDEX(Metrics!$B$6:$E$14,ROW($A9)-ROW($A$7),MATCH(E$7,Metrics!$B$5:$E$5,0)))=0,"",INDEX(Metrics!$B$6:$E$14,ROW($A9)-ROW($A$7),MATCH(E$7,Metrics!$B$5:$E$5,0))),"") -> % | G9: =IFERROR(IF(D9="","",IF(LEN(INDEX(PY_Actual!$F$6:$Q$14,MATCH(Monthly_Analysis!$D9,PY_Actual!$D$6:$D$14,0),MATCH(Calc!$L$11,PY_Actual!$F$5:$Q$5,0)))=0,"",INDEX(PY_Actual!$F$6:$Q$14,MATCH(Monthly_Analysis!$D9,PY_Actual!$D$6:$D$14,0),MATCH(Calc!$L$11,PY_Actual!$F$5:$Q$5,0)))),"") -> 0.40086939 | H9: =IFERROR(IF(D9="","",IF(LEN(INDEX(CY_Target!$F$6:$Q$14,MATCH(Monthly_Analysis!$D9,CY_Target!$D$6:$D$14,0),MATCH(Calc!$L$10,CY_Target!$F$5:$Q$5,0)))=0,"",INDEX(CY_Target!$F$6:$Q$14,MATCH(Monthly_Analysis!$D9,CY_Target!$D$6:$D$14,0),MATCH(Calc!$L$10,CY_Target!$F$5:$Q$5,0)))),"") -> 0.36047693 | I9: =IFERROR(IF(D9="","",IF(LEN(INDEX(CY_Actual!$F$6:$Q$14,MATCH(Monthly_Analysis!$D9,CY_Actual!$D$6:$D$14,0),MATCH(Calc!$L$10,CY_Actual!$F$5:$Q$5,0)))=0,"",INDEX(CY_Actual!$F$6:$Q$14,MATCH(Monthly_Analysis!$D9,CY_Actual!$D$6:$D$14,0),MATCH(Calc!$L$10,CY_Actual!$F$5:$Q$5,0)))),"") -> 0.3876096 | J9: =IFERROR(IF(OR(LEN($D9)=0,LEN(G9)=0,LEN(I9)=0),"",IF(INDEX(Metrics!$F$6:$F$14,MATCH(Monthly_Analysis!$B9,Metrics!$B$6:$B$14,0))=Calc!$L$7,G9/I9*100,I9/G9*100)),100) -> 96.692243 | K9: =IFERROR(IF(OR(LEN($D9)=0,LEN(H9)=0,LEN(I9)=0),"",IF(INDEX(Metrics!$F$6:$F$14,MATCH(Monthly_Analysis!$B9,Metrics!$B$6:$B$14,0))=Calc!$L$7,H9/I9*100,I9/H9*100)),100) -> 107.52688 | M9: =IFERROR(IF(B9="","",INDEX(PY_Actual_Cumulative!$F$6:$Q$14,MATCH(Monthly_Analysis!$B9,PY_Actual_Cumulative!$B$6:$B$14,0),MATCH(Calc!$L$11,PY_Actual_Cumulative!$F$5:$Q$5,0))),"") -> 0.36576222 | N9: =IFERROR(IF(B9="","",INDEX(CY_Target_Cumulative!$F$6:$Q$14,MATCH(Monthly_Analysis!$B9,CY_Target_Cumulative!$B$6:$B$14,0),MATCH(Calc!$L$10,CY_Target_Cumulative!$F$5:$Q$5,0))),"") -> 0.41191203 | O9: =IFERROR(IF(B9="","",INDEX(CY_Actual_Cumulative!$F$6:$Q$14,MATCH(Monthly_Analysis!$B9,CY_Actual_Cumulative!$B$6:$B$14,0),MATCH(Calc!$L$10,CY_Actual_Cumulative!$F$5:$Q$5,0))),"") -> 0.3869824 | P9: =IFERROR(IF(OR(LEN($D9)=0,LEN(M9)=0,LEN(O9)=0),"",IF(INDEX(Metrics!$F$6:$F$14,MATCH(Monthly_Analysis!$B9,Metrics!$B$6:$B$14,0))=Calc!$L$7,M9/O9*100,O9/M9*100)),100) -> 105.80163 | Q9: =IFERROR(IF(OR(LEN($D9)=0,LEN(N9)=0,LEN(O9)=0),"",IF(INDEX(Metrics!$F$6:$F$14,MATCH(Monthly_Analysis!$B9,Metrics!$B$6:$B$14,0))=Calc!$L$7,N9/O9*100,O9/N9*100)),100) -> 93.947826
B10: =IFERROR(IF(LEN(INDEX(Metrics!$B$6:$E$14,ROW($A10)-ROW($A$7),MATCH(B$7,Metrics!$B$5:$E$5,0)))=0,"",INDEX(Metrics!$B$6:$E$14,ROW($A10)-ROW($A$7),MATCH(B$7,Metrics!$B$5:$E$5,0))),"") -> 103 | C10: =IFERROR(IF(LEN(INDEX(Metrics!$B$6:$E$14,ROW($A10)-ROW($A$7),MATCH(C$7,Metrics!$B$5:$E$5,0)))=0,"",INDEX(Metrics!$B$6:$E$14,ROW($A10)-ROW($A$7),MATCH(C$7,Metrics!$B$5:$E$5,0))),"") -> Profit Metrics | D10: =IFERROR(IF(LEN(INDEX(Metrics!$B$6:$E$14,ROW($A10)-ROW($A$7),MATCH(D$7,Metrics!$B$5:$E$5,0)))=0,"",INDEX(Metrics!$B$6:$E$14,ROW($A10)-ROW($A$7),MATCH(D$7,Metrics!$B$5:$E$5,0))),"") -> Net Profit | E10: =IFERROR(IF(LEN(INDEX(Metrics!$B$6:$E$14,ROW($A10)-ROW($A$7),MATCH(E$7,Metrics!$B$5:$E$5,0)))=0,"",INDEX(Metrics!$B$6:$E$14,ROW($A10)-ROW($A$7),MATCH(E$7,Metrics!$B$5:$E$5,0))),"") -> USD | G10: =IFERROR(IF(D10="","",IF(LEN(INDEX(PY_Actual!$F$6:$Q$14,MATCH(Monthly_Analysis!$D10,PY_Actual!$D$6:$D$14,0),MATCH(Calc!$L$11,PY_Actual!$F$5:$Q$5,0)))=0,"",INDEX(PY_Actual!$F$6:$Q$14,MATCH(Monthly_Analysis!$D10,PY_Actual!$D$6:$D$14,0),MATCH(Calc!$L$11,PY_Actual!$F$5:$Q$5,0)))),"") -> 40219.226 | H10: =IFERROR(IF(D10="","",IF(LEN(INDEX(CY_Target!$F$6:$Q$14,MATCH(Monthly_Analysis!$D10,CY_Target!$D$6:$D$14,0),MATCH(Calc!$L$10,CY_Target!$F$5:$Q$5,0)))=0,"",INDEX(CY_Target!$F$6:$Q$14,MATCH(Monthly_Analysis!$D10,CY_Target!$D$6:$D$14,0),MATCH(Calc!$L$10,CY_Target!$F$5:$Q$5,0)))),"") -> 33879.3 | I10: =IFERROR(IF(D10="","",IF(LEN(INDEX(CY_Actual!$F$6:$Q$14,MATCH(Monthly_Analysis!$D10,CY_Actual!$D$6:$D$14,0),MATCH(Calc!$L$10,CY_Actual!$F$5:$Q$5,0)))=0,"",INDEX(CY_Actual!$F$6:$Q$14,MATCH(Monthly_Analysis!$D10,CY_Actual!$D$6:$D$14,0),MATCH(Calc!$L$10,CY_Actual!$F$5:$Q$5,0)))),"") -> 37230 | J10: =IFERROR(IF(OR(LEN($D10)=0,LEN(G10)=0,LEN(I10)=0),"",IF(INDEX(Metrics!$F$6:$F$14,MATCH(Monthly_Analysis!$B10,Metrics!$B$6:$B$14,0))=Calc!$L$7,G10/I10*100,I10/G10*100)),100) -> 92.567668 | K10: =IFERROR(IF(OR(LEN($D10)=0,LEN(H10)=0,LEN(I10)=0),"",IF(INDEX(Metrics!$F$6:$F$14,MATCH(Monthly_Analysis!$B10,Metrics!$B$6:$B$14,0))=Calc!$L$7,H10/I10*100,I10/H10*100)),100) -> 109.89011 | M10: =IFERROR(IF(B10="","",INDEX(PY_Actual_Cumulative!$F$6:$Q$14,MATCH(Monthly_Analysis!$B10,PY_Actual_Cumulative!$B$6:$B$14,0),MATCH(Calc!$L$11,PY_Actual_Cumulative!$F$5:$Q$5,0))),"") -> 168938.59 | N10: =IFERROR(IF(B10="","",INDEX(CY_Target_Cumulative!$F$6:$Q$14,MATCH(Monthly_Analysis!$B10,CY_Target_Cumulative!$B$6:$B$14,0),MATCH(Calc!$L$10,CY_Target_Cumulative!$F$5:$Q$5,0))),"") -> 179043.45 | O10: =IFERROR(IF(B10="","",INDEX(CY_Actual_Cumulative!$F$6:$Q$14,MATCH(Monthly_Analysis!$B10,CY_Actual_Cumulative!$B$6:$B$14,0),MATCH(Calc!$L$10,CY_Actual_Cumulative!$F$5:$Q$5,0))),"") -> 174835 | P10: =IFERROR(IF(OR(LEN($D10)=0,LEN(M10)=0,LEN(O10)=0),"",IF(INDEX(Metrics!$F$6:$F$14,MATCH(Monthly_Analysis!$B10,Metrics!$B$6:$B$14,0))=Calc!$L$7,M10/O10*100,O10/M10*100)),100) -> 103.49027 | Q10: =IFERROR(IF(OR(LEN($D10)=0,LEN(N10)=0,LEN(O10)=0),"",IF(INDEX(Metrics!$F$6:$F$14,MATCH(Monthly_Analysis!$B10,Metrics!$B$6:$B$14,0))=Calc!$L$7,N10/O10*100,O10/N10*100)),100) -> 97.649481
B11: =IFERROR(IF(LEN(INDEX(Metrics!$B$6:$E$14,ROW($A11)-ROW($A$7),MATCH(B$7,Metrics!$B$5:$E$5,0)))=0,"",INDEX(Metrics!$B$6:$E$14,ROW($A11)-ROW($A$7),MATCH(B$7,Metrics!$B$5:$E$5,0))),"") -> 104 | C11: =IFERROR(IF(LEN(INDEX(Metrics!$B$6:$E$14,ROW($A11)-ROW($A$7),MATCH(C$7,Metrics!$B$5:$E$5,0)))=0,"",INDEX(Metrics!$B$6:$E$14,ROW($A11)-ROW($A$7),MATCH(C$7,Metrics!$B$5:$E$5,0))),"") -> Profit Metrics | D11: =IFERROR(IF(LEN(INDEX(Metrics!$B$6:$E$14,ROW($A11)-ROW($A$7),MATCH(D$7,Metrics!$B$5:$E$5,0)))=0,"",INDEX(Metrics!$B$6:$E$14,ROW($A11)-ROW($A$7),MATCH(D$7,Metrics!$B$5:$E$5,0))),"") -> Net Profit Margin | E11: =IFERROR(IF(LEN(INDEX(Metrics!$B$6:$E$14,ROW($A11)-ROW($A$7),MATCH(E$7,Metrics!$B$5:$E$5,0)))=0,"",INDEX(Metrics!$B$6:$E$14,ROW($A11)-ROW($A$7),MATCH(E$7,Metrics!$B$5:$E$5,0))),"") -> % | G11: =IFERROR(IF(D11="","",IF(LEN(INDEX(PY_Actual!$F$6:$Q$14,MATCH(Monthly_Analysis!$D11,PY_Actual!$D$6:$D$14,0),MATCH(Calc!$L$11,PY_Actual!$F$5:$Q$5,0)))=0,"",INDEX(PY_Actual!$F$6:$Q$14,MATCH(Monthly_Analysis!$D11,PY_Actual!$D$6:$D$14,0),MATCH(Calc!$L$11,PY_Actual!$F$5:$Q$5,0)))),"") -> 0.19611764 | H11: =IFERROR(IF(D11="","",IF(LEN(INDEX(CY_Target!$F$6:$Q$14,MATCH(Monthly_Analysis!$D11,CY_Target!$D$6:$D$14,0),MATCH(Calc!$L$10,CY_Target!$F$5:$Q$5,0)))=0,"",INDEX(CY_Target!$F$6:$Q$14,MATCH(Monthly_Analysis!$D11,CY_Target!$D$6:$D$14,0),MATCH(Calc!$L$10,CY_Target!$F$5:$Q$5,0)))),"") -> 0.20543309 | I11: =IFERROR(IF(D11="","",IF(LEN(INDEX(CY_Actual!$F$6:$Q$14,MATCH(Monthly_Analysis!$D11,CY_Actual!$D$6:$D$14,0),MATCH(Calc!$L$10,CY_Actual!$F$5:$Q$5,0)))=0,"",INDEX(CY_Actual!$F$6:$Q$14,MATCH(Monthly_Analysis!$D11,CY_Actual!$D$6:$D$14,0),MATCH(Calc!$L$10,CY_Actual!$F$5:$Q$5,0)))),"") -> 0.20543309 | J11: =IFERROR(IF(OR(LEN($D11)=0,LEN(G11)=0,LEN(I11)=0),"",IF(INDEX(Metrics!$F$6:$F$14,MATCH(Monthly_Analysis!$B11,Metrics!$B$6:$B$14,0))=Calc!$L$7,G11/I11*100,I11/G11*100)),100) -> 104.74993 | K11: =IFERROR(IF(OR(LEN($D11)=0,LEN(H11)=0,LEN(I11)=0),"",IF(INDEX(Metrics!$F$6:$F$14,MATCH(Monthly_Analysis!$B11,Metrics!$B$6:$B$14,0))=Calc!$L$7,H11/I11*100,I11/H11*100)),100) -> 100 | M11: =IFERROR(IF(B11="","",INDEX(PY_Actual_Cumulative!$F$6:$Q$14,MATCH(Monthly_Analysis!$B11,PY_Actual_Cumulative!$B$6:$B$14,0),MATCH(Calc!$L$11,PY_Actual_Cumulative!$F$5:$Q$5,0))),"") -> 0.1971003 | N11: =IFERROR(IF(B11="","",INDEX(CY_Target_Cumulative!$F$6:$Q$14,MATCH(Monthly_Analysis!$B11,CY_Target_Cumulative!$B$6:$B$14,0),MATCH(Calc!$L$10,CY_Target_Cumulative!$F$5:$Q$5,0))),"") -> 0.20341782 | O11: =IFERROR(IF(B11="","",INDEX(CY_Actual_Cumulative!$F$6:$Q$14,MATCH(Monthly_Analysis!$B11,CY_Actual_Cumulative!$B$6:$B$14,0),MATCH(Calc!$L$10,CY_Actual_Cumulative!$F$5:$Q$5,0))),"") -> 0.20510067 | P11: =IFERROR(IF(OR(LEN($D11)=0,LEN(M11)=0,LEN(O11)=0),"",IF(INDEX(Metrics!$F$6:$F$14,MATCH(Monthly_Analysis!$B11,Metrics!$B$6:$B$14,0))=Calc!$L$7,M11/O11*100,O11/M11*100)),100) -> 104.05904 | Q11: =IFERROR(IF(OR(LEN($D11)=0,LEN(N11)=0,LEN(O11)=0),"",IF(INDEX(Metrics!$F$6:$F$14,MATCH(Monthly_Analysis!$B11,Metrics!$B$6:$B$14,0))=Calc!$L$7,N11/O11*100,O11/N11*100)),100) -> 100.82729
B12: =IFERROR(IF(LEN(INDEX(Metrics!$B$6:$E$14,ROW($A12)-ROW($A$7),MATCH(B$7,Metrics!$B$5:$E$5,0)))=0,"",INDEX(Metrics!$B$6:$E$14,ROW($A12)-ROW($A$7),MATCH(B$7,Metrics!$B$5:$E$5,0))),"") -> 105 | C12: =IFERROR(IF(LEN(INDEX(Metrics!$B$6:$E$14,ROW($A12)-ROW($A$7),MATCH(C$7,Metrics!$B$5:$E$5,0)))=0,"",INDEX(Metrics!$B$6:$E$14,ROW($A12)-ROW($A$7),MATCH(C$7,Metrics!$B$5:$E$5,0))),"") -> Profit Metrics | D12: =IFERROR(IF(LEN(INDEX(Metrics!$B$6:$E$14,ROW($A12)-ROW($A$7),MATCH(D$7,Metrics!$B$5:$E$5,0)))=0,"",INDEX(Metrics!$B$6:$E$14,ROW($A12)-ROW($A$7),MATCH(D$7,Metrics!$B$5:$E$5,0))),"") -> EBIT | E12: =IFERROR(IF(LEN(INDEX(Metrics!$B$6:$E$14,ROW($A12)-ROW($A$7),MATCH(E$7,Metrics!$B$5:$E$5,0)))=0,"",INDEX(Metrics!$B$6:$E$14,ROW($A12)-ROW($A$7),MATCH(E$7,Metrics!$B$5:$E$5,0))),"") -> USD | G12: =IFERROR(IF(D12="","",IF(LEN(INDEX(PY_Actual!$F$6:$Q$14,MATCH(Monthly_Analysis!$D12,PY_Actual!$D$6:$D$14,0),MATCH(Calc!$L$11,PY_Actual!$F$5:$Q$5,0)))=0,"",INDEX(PY_Actual!$F$6:$Q$14,MATCH(Monthly_Analysis!$D12,PY_Actual!$D$6:$D$14,0),MATCH(Calc!$L$11,PY_Actual!$F$5:$Q$5,0)))),"") -> 28555.651 | H12: =IFERROR(IF(D12="","",IF(LEN(INDEX(CY_Target!$F$6:$Q$14,MATCH(Monthly_Analysis!$D12,CY_Target!$D$6:$D$14,0),MATCH(Calc!$L$10,CY_Target!$F$5:$Q$5,0)))=0,"",INDEX(CY_Target!$F$6:$Q$14,MATCH(Monthly_Analysis!$D12,CY_Target!$D$6:$D$14,0),MATCH(Calc!$L$10,CY_Target!$F$5:$Q$5,0)))),"") -> 30133.962 | I12: =IFERROR(IF(D12="","",IF(LEN(INDEX(CY_Actual!$F$6:$Q$14,MATCH(Monthly_Analysis!$D12,CY_Actual!$D$6:$D$14,0),MATCH(Calc!$L$10,CY_Actual!$F$5:$Q$5,0)))=0,"",INDEX(CY_Actual!$F$6:$Q$14,MATCH(Monthly_Analysis!$D12,CY_Actual!$D$6:$D$14,0),MATCH(Calc!$L$10,CY_Actual!$F$5:$Q$5,0)))),"") -> 26433.3 | J12: =IFERROR(IF(OR(LEN($D12)=0,LEN(G12)=0,LEN(I12)=0),"",IF(INDEX(Metrics!$F$6:$F$14,MATCH(Monthly_Analysis!$B12,Metrics!$B$6:$B$14,0))=Calc!$L$7,G12/I12*100,I12/G12*100)),100) -> 92.567668 | K12: =IFERROR(IF(OR(LEN($D12)=0,LEN(H12)=0,LEN(I12)=0),"",IF(INDEX(Metrics!$F$6:$F$14,MATCH(Monthly_Analysis!$B12,Metrics!$B$6:$B$14,0))=Calc!$L$7,H12/I12*100,I12/H12*100)),100) -> 87.719298 | M12: =IFERROR(IF(B12="","",INDEX(PY_Actual_Cumulative!$F$6:$Q$14,MATCH(Monthly_Analysis!$B12,PY_Actual_Cumulative!$B$6:$B$14,0),MATCH(Calc!$L$11,PY_Actual_Cumulative!$F$5:$Q$5,0))),"") -> 129357.39 | N12: =IFERROR(IF(B12="","",INDEX(CY_Target_Cumulative!$F$6:$Q$14,MATCH(Monthly_Analysis!$B12,CY_Target_Cumulative!$B$6:$B$14,0),MATCH(Calc!$L$10,CY_Target_Cumulative!$F$5:$Q$5,0))),"") -> 142931.59 | O12: =IFERROR(IF(B12="","",INDEX(CY_Actual_Cumulative!$F$6:$Q$14,MATCH(Monthly_Analysis!$B12,CY_Actual_Cumulative!$B$6:$B$14,0),MATCH(Calc!$L$10,CY_Actual_Cumulative!$F$5:$Q$5,0))),"") -> 124132.85 | P12: =IFERROR(IF(OR(LEN($D12)=0,LEN(M12)=0,LEN(O12)=0),"",IF(INDEX(Metrics!$F$6:$F$14,MATCH(Monthly_Analysis!$B12,Metrics!$B$6:$B$14,0))=Calc!$L$7,M12/O12*100,O12/M12*100)),100) -> 95.96116 | Q12: =IFERROR(IF(OR(LEN($D12)=0,LEN(N12)=0,LEN(O12)=0),"",IF(INDEX(Metrics!$F$6:$F$14,MATCH(Monthly_Analysis!$B12,Metrics!$B$6:$B$14,0))=Calc!$L$7,N12/O12*100,O12/N12*100)),100) -> 86.847735
B13: =IFERROR(IF(LEN(INDEX(Metrics!$B$6:$E$14,ROW($A13)-ROW($A$7),MATCH(B$7,Metrics!$B$5:$E$5,0)))=0,"",INDEX(Metrics!$B$6:$E$14,ROW($A13)-ROW($A$7),MATCH(B$7,Metrics!$B$5:$E$5,0))),"") -> 106 | C13: =IFERROR(IF(LEN(INDEX(Metrics!$B$6:$E$14,ROW($A13)-ROW($A$7),MATCH(C$7,Metrics!$B$5:$E$5,0)))=0,"",INDEX(Metrics!$B$6:$E$14,ROW($A13)-ROW($A$7),MATCH(C$7,Metrics!$B$5:$E$5,0))),"") -> Profit Metrics | D13: =IFERROR(IF(LEN(INDEX(Metrics!$B$6:$E$14,ROW($A13)-ROW($A$7),MATCH(D$7,Metrics!$B$5:$E$5,0)))=0,"",INDEX(Metrics!$B$6:$E$14,ROW($A13)-ROW($A$7),MATCH(D$7,Metrics!$B$5:$E$5,0))),"") -> EBIT Margin | E13: =IFERROR(IF(LEN(INDEX(Metrics!$B$6:$E$14,ROW($A13)-ROW($A$7),MATCH(E$7,Metrics!$B$5:$E$5,0)))=0,"",INDEX(Metrics!$B$6:$E$14,ROW($A13)-ROW($A$7),MATCH(E$7,Metrics!$B$5:$E$5,0))),"") -> % | G13: =IFERROR(IF(D13="","",IF(LEN(INDEX(PY_Actual!$F$6:$Q$14,MATCH(Monthly_Analysis!$D13,PY_Actual!$D$6:$D$14,0),MATCH(Calc!$L$11,PY_Actual!$F$5:$Q$5,0)))=0,"",INDEX(PY_Actual!$F$6:$Q$14,MATCH(Monthly_Analysis!$D13,PY_Actual!$D$6:$D$14,0),MATCH(Calc!$L$11,PY_Actual!$F$5:$Q$5,0)))),"") -> 0.10717012 | H13: =IFERROR(IF(D13="","",IF(LEN(INDEX(CY_Target!$F$6:$Q$14,MATCH(Monthly_Analysis!$D13,CY_Target!$D$6:$D$14,0),MATCH(Calc!$L$10,CY_Target!$F$5:$Q$5,0)))=0,"",INDEX(CY_Target!$F$6:$Q$14,MATCH(Monthly_Analysis!$D13,CY_Target!$D$6:$D$14,0),MATCH(Calc!$L$10,CY_Target!$F$5:$Q$5,0)))),"") -> 0.14411131 | I13: =IFERROR(IF(D13="","",IF(LEN(INDEX(CY_Actual!$F$6:$Q$14,MATCH(Monthly_Analysis!$D13,CY_Actual!$D$6:$D$14,0),MATCH(Calc!$L$10,CY_Actual!$F$5:$Q$5,0)))=0,"",INDEX(CY_Actual!$F$6:$Q$14,MATCH(Monthly_Analysis!$D13,CY_Actual!$D$6:$D$14,0),MATCH(Calc!$L$10,CY_Actual!$F$5:$Q$5,0)))),"") -> 0.12531418 | J13: =IFERROR(IF(OR(LEN($D13)=0,LEN(G13)=0,LEN(I13)=0),"",IF(INDEX(Metrics!$F$6:$F$14,MATCH(Monthly_Analysis!$B13,Metrics!$B$6:$B$14,0))=Calc!$L$7,G13/I13*100,I13/G13*100)),100) -> 116.93015 | K13: =IFERROR(IF(OR(LEN($D13)=0,LEN(H13)=0,LEN(I13)=0),"",IF(INDEX(Metrics!$F$6:$F$14,MATCH(Monthly_Analysis!$B13,Metrics!$B$6:$B$14,0))=Calc!$L$7,H13/I13*100,I13/H13*100)),100) -> 86.956522 | M13: =IFERROR(IF(B13="","",INDEX(PY_Actual_Cumulative!$F$6:$Q$14,MATCH(Monthly_Analysis!$B13,PY_Actual_Cumulative!$B$6:$B$14,0),MATCH(Calc!$L$11,PY_Actual_Cumulative!$F$5:$Q$5,0))),"") -> 0.11016876 | N13: =IFERROR(IF(B13="","",INDEX(CY_Target_Cumulative!$F$6:$Q$14,MATCH(Monthly_Analysis!$B13,CY_Target_Cumulative!$B$6:$B$14,0),MATCH(Calc!$L$10,CY_Target_Cumulative!$F$5:$Q$5,0))),"") -> 0.14328247 | O13: =IFERROR(IF(B13="","",INDEX(CY_Actual_Cumulative!$F$6:$Q$14,MATCH(Monthly_Analysis!$B13,CY_Actual_Cumulative!$B$6:$B$14,0),MATCH(Calc!$L$10,CY_Actual_Cumulative!$F$5:$Q$5,0))),"") -> 0.12511141 | P13: =IFERROR(IF(OR(LEN($D13)=0,LEN(M13)=0,LEN(O13)=0),"",IF(INDEX(Metrics!$F$6:$F$14,MATCH(Monthly_Analysis!$B13,Metrics!$B$6:$B$14,0))=Calc!$L$7,M13/O13*100,O13/M13*100)),100) -> 113.56342 | Q13: =IFERROR(IF(OR(LEN($D13)=0,LEN(N13)=0,LEN(O13)=0),"",IF(INDEX(Metrics!$F$6:$F$14,MATCH(Monthly_Analysis!$B13,Metrics!$B$6:$B$14,0))=Calc!$L$7,N13/O13*100,O13/N13*100)),100) -> 87.318014
B14: =IFERROR(IF(LEN(INDEX(Metrics!$B$6:$E$14,ROW($A14)-ROW($A$7),MATCH(B$7,Metrics!$B$5:$E$5,0)))=0,"",INDEX(Metrics!$B$6:$E$14,ROW($A14)-ROW($A$7),MATCH(B$7,Metrics!$B$5:$E$5,0))),"") -> 107 | C14: =IFERROR(IF(LEN(INDEX(Metrics!$B$6:$E$14,ROW($A14)-ROW($A$7),MATCH(C$7,Metrics!$B$5:$E$5,0)))=0,"",INDEX(Metrics!$B$6:$E$14,ROW($A14)-ROW($A$7),MATCH(C$7,Metrics!$B$5:$E$5,0))),"") -> Profit Metrics | D14: =IFERROR(IF(LEN(INDEX(Metrics!$B$6:$E$14,ROW($A14)-ROW($A$7),MATCH(D$7,Metrics!$B$5:$E$5,0)))=0,"",INDEX(Metrics!$B$6:$E$14,ROW($A14)-ROW($A$7),MATCH(D$7,Metrics!$B$5:$E$5,0))),"") -> Operating Expense Ratio | E14: =IFERROR(IF(LEN(INDEX(Metrics!$B$6:$E$14,ROW($A14)-ROW($A$7),MATCH(E$7,Metrics!$B$5:$E$5,0)))=0,"",INDEX(Metrics!$B$6:$E$14,ROW($A14)-ROW($A$7),MATCH(E$7,Metrics!$B$5:$E$5,0))),"") -> % | G14: =IFERROR(IF(D14="","",IF(LEN(INDEX(PY_Actual!$F$6:$Q$14,MATCH(Monthly_Analysis!$D14,PY_Actual!$D$6:$D$14,0),MATCH(Calc!$L$11,PY_Actual!$F$5:$Q$5,0)))=0,"",INDEX(PY_Actual!$F$6:$Q$14,MATCH(Monthly_Analysis!$D14,PY_Actual!$D$6:$D$14,0),MATCH(Calc!$L$11,PY_Actual!$F$5:$Q$5,0)))),"") -> 0.29808247 | H14: =IFERROR(IF(D14="","",IF(LEN(INDEX(CY_Target!$F$6:$Q$14,MATCH(Monthly_Analysis!$D14,CY_Target!$D$6:$D$14,0),MATCH(Calc!$L$10,CY_Target!$F$5:$Q$5,0)))=0,"",INDEX(CY_Target!$F$6:$Q$14,MATCH(Monthly_Analysis!$D14,CY_Target!$D$6:$D$14,0),MATCH(Calc!$L$10,CY_Target!$F$5:$Q$5,0)))),"") -> 0.28822262 | I14: =IFERROR(IF(D14="","",IF(LEN(INDEX(CY_Actual!$F$6:$Q$14,MATCH(Monthly_Analysis!$D14,CY_Actual!$D$6:$D$14,0),MATCH(Calc!$L$10,CY_Actual!$F$5:$Q$5,0)))=0,"",INDEX(CY_Actual!$F$6:$Q$14,MATCH(Monthly_Analysis!$D14,CY_Actual!$D$6:$D$14,0),MATCH(Calc!$L$10,CY_Actual!$F$5:$Q$5,0)))),"") -> 0.28822262 | J14: =IFERROR(IF(OR(LEN($D14)=0,LEN(G14)=0,LEN(I14)=0),"",IF(INDEX(Metrics!$F$6:$F$14,MATCH(Monthly_Analysis!$B14,Metrics!$B$6:$B$14,0))=Calc!$L$7,G14/I14*100,I14/G14*100)),100) -> 103.42091 | K14: =IFERROR(IF(OR(LEN($D14)=0,LEN(H14)=0,LEN(I14)=0),"",IF(INDEX(Metrics!$F$6:$F$14,MATCH(Monthly_Analysis!$B14,Metrics!$B$6:$B$14,0))=Calc!$L$7,H14/I14*100,I14/H14*100)),100) -> 100 | M14: =IFERROR(IF(B14="","",INDEX(PY_Actual_Cumulative!$F$6:$Q$14,MATCH(Monthly_Analysis!$B14,PY_Actual_Cumulative!$B$6:$B$14,0),MATCH(Calc!$L$11,PY_Actual_Cumulative!$F$5:$Q$5,0))),"") -> 0.27554033 | N14: =IFERROR(IF(B14="","",INDEX(CY_Target_Cumulative!$F$6:$Q$14,MATCH(Monthly_Analysis!$B14,CY_Target_Cumulative!$B$6:$B$14,0),MATCH(Calc!$L$10,CY_Target_Cumulative!$F$5:$Q$5,0))),"") -> 0.33299507 | O14: =IFERROR(IF(B14="","",INDEX(CY_Actual_Cumulative!$F$6:$Q$14,MATCH(Monthly_Analysis!$B14,CY_Actual_Cumulative!$B$6:$B$14,0),MATCH(Calc!$L$10,CY_Actual_Cumulative!$F$5:$Q$5,0))),"") -> 0.28775624 | P14: =IFERROR(IF(OR(LEN($D14)=0,LEN(M14)=0,LEN(O14)=0),"",IF(INDEX(Metrics!$F$6:$F$14,MATCH(Monthly_Analysis!$B14,Metrics!$B$6:$B$14,0))=Calc!$L$7,M14/O14*100,O14/M14*100)),100) -> 95.754772 | Q14: =IFERROR(IF(OR(LEN($D14)=0,LEN(N14)=0,LEN(O14)=0),"",IF(INDEX(Metrics!$F$6:$F$14,MATCH(Monthly_Analysis!$B14,Metrics!$B$6:$B$14,0))=Calc!$L$7,N14/O14*100,O14/N14*100)),100) -> 115.72123
B15: =IFERROR(IF(LEN(INDEX(Metrics!$B$6:$E$14,ROW($A15)-ROW($A$7),MATCH(B$7,Metrics!$B$5:$E$5,0)))=0,"",INDEX(Metrics!$B$6:$E$14,ROW($A15)-ROW($A$7),MATCH(B$7,Metrics!$B$5:$E$5,0))),"") -> 108 | C15: =IFERROR(IF(LEN(INDEX(Metrics!$B$6:$E$14,ROW($A15)-ROW($A$7),MATCH(C$7,Metrics!$B$5:$E$5,0)))=0,"",INDEX(Metrics!$B$6:$E$14,ROW($A15)-ROW($A$7),MATCH(C$7,Metrics!$B$5:$E$5,0))),"") -> Profit Metrics | D15: =IFERROR(IF(LEN(INDEX(Metrics!$B$6:$E$14,ROW($A15)-ROW($A$7),MATCH(D$7,Metrics!$B$5:$E$5,0)))=0,"",INDEX(Metrics!$B$6:$E$14,ROW($A15)-ROW($A$7),MATCH(D$7,Metrics!$B$5:$E$5,0))),"") | E15: =IFERROR(IF(LEN(INDEX(Metrics!$B$6:$E$14,ROW($A15)-ROW($A$7),MATCH(E$7,Metrics!$B$5:$E$5,0)))=0,"",INDEX(Metrics!$B$6:$E$14,ROW($A15)-ROW($A$7),MATCH(E$7,Metrics!$B$5:$E$5,0))),"") | G15: =IFERROR(IF(D15="","",IF(LEN(INDEX(PY_Actual!$F$6:$Q$14,MATCH(Monthly_Analysis!$D15,PY_Actual!$D$6:$D$14,0),MATCH(Calc!$L$11,PY_Actual!$F$5:$Q$5,0)))=0,"",INDEX(PY_Actual!$F$6:$Q$14,MATCH(Monthly_Analysis!$D15,PY_Actual!$D$6:$D$14,0),MATCH(Calc!$L$11,PY_Actual!$F$5:$Q$5,0)))),"") | H15: =IFERROR(IF(D15="","",IF(LEN(INDEX(CY_Target!$F$6:$Q$14,MATCH(Monthly_Analysis!$D15,CY_Target!$D$6:$D$14,0),MATCH(Calc!$L$10,CY_Target!$F$5:$Q$5,0)))=0,"",INDEX(CY_Target!$F$6:$Q$14,MATCH(Monthly_Analysis!$D15,CY_Target!$D$6:$D$14,0),MATCH(Calc!$L$10,CY_Target!$F$5:$Q$5,0)))),"") | I15: =IFERROR(IF(D15="","",IF(LEN(INDEX(CY_Actual!$F$6:$Q$14,MATCH(Monthly_Analysis!$D15,CY_Actual!$D$6:$D$14,0),MATCH(Calc!$L$10,CY_Actual!$F$5:$Q$5,0)))=0,"",INDEX(CY_Actual!$F$6:$Q$14,MATCH(Monthly_Analysis!$D15,CY_Actual!$D$6:$D$14,0),MATCH(Calc!$L$10,CY_Actual!$F$5:$Q$5,0)))),"") | J15: =IFERROR(IF(OR(LEN($D15)=0,LEN(G15)=0,LEN(I15)=0),"",IF(INDEX(Metrics!$F$6:$F$14,MATCH(Monthly_Analysis!$B15,Metrics!$B$6:$B$14,0))=Calc!$L$7,G15/I15*100,I15/G15*100)),100) | K15: =IFERROR(IF(OR(LEN($D15)=0,LEN(H15)=0,LEN(I15)=0),"",IF(INDEX(Metrics!$F$6:$F$14,MATCH(Monthly_Analysis!$B15,Metrics!$B$6:$B$14,0))=Calc!$L$7,H15/I15*100,I15/H15*100)),100) | M15: =IFERROR(IF(B15="","",INDEX(PY_Actual_Cumulative!$F$6:$Q$14,MATCH(Monthly_Analysis!$B15,PY_Actual_Cumulative!$B$6:$B$14,0),MATCH(Calc!$L$11,PY_Actual_Cumulative!$F$5:$Q$5,0))),"") | N15: =IFERROR(IF(B15="","",INDEX(CY_Target_Cumulative!$F$6:$Q$14,MATCH(Monthly_Analysis!$B15,CY_Target_Cumulative!$B$6:$B$14,0),MATCH(Calc!$L$10,CY_Target_Cumulative!$F$5:$Q$5,0))),"") | O15: =IFERROR(IF(B15="","",INDEX(CY_Actual_Cumulative!$F$6:$Q$14,MATCH(Monthly_Analysis!$B15,CY_Actual_Cumulative!$B$6:$B$14,0),MATCH(Calc!$L$10,CY_Actual_Cumulative!$F$5:$Q$5,0))),"") | P15: =IFERROR(IF(OR(LEN($D15)=0,LEN(M15)=0,LEN(O15)=0),"",IF(INDEX(Metrics!$F$6:$F$14,MATCH(Monthly_Analysis!$B15,Metrics!$B$6:$B$14,0))=Calc!$L$7,M15/O15*100,O15/M15*100)),100) | Q15: =IFERROR(IF(OR(LEN($D15)=0,LEN(N15)=0,LEN(O15)=0),"",IF(INDEX(Metrics!$F$6:$F$14,MATCH(Monthly_Analysis!$B15,Metrics!$B$6:$B$14,0))=Calc!$L$7,N15/O15*100,O15/N15*100)),100)
B16: =IFERROR(IF(LEN(INDEX(Metrics!$B$6:$E$14,ROW($A16)-ROW($A$7),MATCH(B$7,Metrics!$B$5:$E$5,0)))=0,"",INDEX(Metrics!$B$6:$E$14,ROW($A16)-ROW($A$7),MATCH(B$7,Metrics!$B$5:$E$5,0))),"") -> 109 | C16: =IFERROR(IF(LEN(INDEX(Metrics!$B$6:$E$14,ROW($A16)-ROW($A$7),MATCH(C$7,Metrics!$B$5:$E$5,0)))=0,"",INDEX(Metrics!$B$6:$E$14,ROW($A16)-ROW($A$7),MATCH(C$7,Metrics!$B$5:$E$5,0))),"") -> Profit Metrics | D16: =IFERROR(IF(LEN(INDEX(Metrics!$B$6:$E$14,ROW($A16)-ROW($A$7),MATCH(D$7,Metrics!$B$5:$E$5,0)))=0,"",INDEX(Metrics!$B$6:$E$14,ROW($A16)-ROW($A$7),MATCH(D$7,Metrics!$B$5:$E$5,0))),"") | E16: =IFERROR(IF(LEN(INDEX(Metrics!$B$6:$E$14,ROW($A16)-ROW($A$7),MATCH(E$7,Metrics!$B$5:$E$5,0)))=0,"",INDEX(Metrics!$B$6:$E$14,ROW($A16)-ROW($A$7),MATCH(E$7,Metrics!$B$5:$E$5,0))),"") | G16: =IFERROR(IF(D16="","",IF(LEN(INDEX(PY_Actual!$F$6:$Q$14,MATCH(Monthly_Analysis!$D16,PY_Actual!$D$6:$D$14,0),MATCH(Calc!$L$11,PY_Actual!$F$5:$Q$5,0)))=0,"",INDEX(PY_Actual!$F$6:$Q$14,MATCH(Monthly_Analysis!$D16,PY_Actual!$D$6:$D$14,0),MATCH(Calc!$L$11,PY_Actual!$F$5:$Q$5,0)))),"") | H16: =IFERROR(IF(D16="","",IF(LEN(INDEX(CY_Target!$F$6:$Q$14,MATCH(Monthly_Analysis!$D16,CY_Target!$D$6:$D$14,0),MATCH(Calc!$L$10,CY_Target!$F$5:$Q$5,0)))=0,"",INDEX(CY_Target!$F$6:$Q$14,MATCH(Monthly_Analysis!$D16,CY_Target!$D$6:$D$14,0),MATCH(Calc!$L$10,CY_Target!$F$5:$Q$5,0)))),"") | I16: =IFERROR(IF(D16="","",IF(LEN(INDEX(CY_Actual!$F$6:$Q$14,MATCH(Monthly_Analysis!$D16,CY_Actual!$D$6:$D$14,0),MATCH(Calc!$L$10,CY_Actual!$F$5:$Q$5,0)))=0,"",INDEX(CY_Actual!$F$6:$Q$14,MATCH(Monthly_Analysis!$D16,CY_Actual!$D$6:$D$14,0),MATCH(Calc!$L$10,CY_Actual!$F$5:$Q$5,0)))),"") | J16: =IFERROR(IF(OR(LEN($D16)=0,LEN(G16)=0,LEN(I16)=0),"",IF(INDEX(Metrics!$F$6:$F$14,MATCH(Monthly_Analysis!$B16,Metrics!$B$6:$B$14,0))=Calc!$L$7,G16/I16*100,I16/G16*100)),100) | K16: =IFERROR(IF(OR(LEN($D16)=0,LEN(H16)=0,LEN(I16)=0),"",IF(INDEX(Metrics!$F$6:$F$14,MATCH(Monthly_Analysis!$B16,Metrics!$B$6:$B$14,0))=Calc!$L$7,H16/I16*100,I16/H16*100)),100) | M16: =IFERROR(IF(B16="","",INDEX(PY_Actual_Cumulative!$F$6:$Q$14,MATCH(Monthly_Analysis!$B16,PY_Actual_Cumulative!$B$6:$B$14,0),MATCH(Calc!$L$11,PY_Actual_Cumulative!$F$5:$Q$5,0))),"") | N16: =IFERROR(IF(B16="","",INDEX(CY_Target_Cumulative!$F$6:$Q$14,MATCH(Monthly_Analysis!$B16,CY_Target_Cumulative!$B$6:$B$14,0),MATCH(Calc!$L$10,CY_Target_Cumulative!$F$5:$Q$5,0))),"") | O16: =IFERROR(IF(B16="","",INDEX(CY_Actual_Cumulative!$F$6:$Q$14,MATCH(Monthly_Analysis!$B16,CY_Actual_Cumulative!$B$6:$B$14,0),MATCH(Calc!$L$10,CY_Actual_Cumulative!$F$5:$Q$5,0))),"") | P16: =IFERROR(IF(OR(LEN($D16)=0,LEN(M16)=0,LEN(O16)=0),"",IF(INDEX(Metrics!$F$6:$F$14,MATCH(Monthly_Analysis!$B16,Metrics!$B$6:$B$14,0))=Calc!$L$7,M16/O16*100,O16/M16*100)),100) | Q16: =IFERROR(IF(OR(LEN($D16)=0,LEN(N16)=0,LEN(O16)=0),"",IF(INDEX(Metrics!$F$6:$F$14,MATCH(Monthly_Analysis!$B16,Metrics!$B$6:$B$14,0))=Calc!$L$7,N16/O16*100,O16/N16*100)),100)
B17: 201 | C17: Cash Flow Metrics | D17: Current Ratio | E17: %
B18: 202 | C18: Cash Flow Metrics | D18: Accounts Payable Trunover Ratio | E18: #
B19: 203 | C19: Cash Flow Metrics | D19: Accounts Receivable Days | E19: Days
B20: 204 | C20: Cash Flow Metrics | D20: Accounts Receivable Trunover Ratio | E20: #
B21: 205 | C21: Cash Flow Metrics
B22: 206 | C22: Cash Flow Metrics

Sheet KPI_Analysis
B2: FINANCE KPI DASHBOARD
B3: TRENDS & CHARTS
B5: 101 : Profit Metrics / Gross Profit
D8: =IFERROR(INDEX(Calc!$H$7:$H$18,COLUMN(D$6)-COLUMN($C$6)),"") -> Jan 2022 | E8: =IFERROR(INDEX(Calc!$H$7:$H$18,COLUMN(E$6)-COLUMN($C$6)),"") -> Feb 2022 | F8: =IFERROR(INDEX(Calc!$H$7:$H$18,COLUMN(F$6)-COLUMN($C$6)),"") -> Mar 2022 | G8: =IFERROR(INDEX(Calc!$H$7:$H$18,COLUMN(G$6)-COLUMN($C$6)),"") -> Apr 2022 | H8: =IFERROR(INDEX(Calc!$H$7:$H$18,COLUMN(H$6)-COLUMN($C$6)),"") -> May 2022 | I8: =IFERROR(INDEX(Calc!$H$7:$H$18,COLUMN(I$6)-COLUMN($C$6)),"") -> Jun 2022 | J8: =IFERROR(INDEX(Calc!$H$7:$H$18,COLUMN(J$6)-COLUMN($C$6)),"") -> Jul 2022 | K8: =IFERROR(INDEX(Calc!$H$7:$H$18,COLUMN(K$6)-COLUMN($C$6)),"") -> Aug 2022 | ... O8: =IFERROR(INDEX(Calc!$H$7:$H$18,COLUMN(O$6)-COLUMN($C$6)),"") -> Dec 2022
B9: Monthly | C9: Previous Year | D9: =IFERROR(IF(Calc!$L$15="","",INDEX(PY_Actual!$F$6:$Q$14,MATCH(Calc!$L$15,PY_Actual!$D$6:$D$14,0),MATCH(INDEX(Calc!$I$7:$I$18,MATCH(KPI_Analysis!D$8,Calc!$H$7:$H$18,0)),PY_Actual!$F$5:$Q$5,0))),"") -> 66326.04 | E9: =IFERROR(IF(Calc!$L$15="","",INDEX(PY_Actual!$F$6:$Q$14,MATCH(Calc!$L$15,PY_Actual!$D$6:$D$14,0),MATCH(INDEX(Calc!$I$7:$I$18,MATCH(KPI_Analysis!E$8,Calc!$H$7:$H$18,0)),PY_Actual!$F$5:$Q$5,0))),"") -> 59427.685 | F9: =IFERROR(IF(Calc!$L$15="","",INDEX(PY_Actual!$F$6:$Q$14,MATCH(Calc!$L$15,PY_Actual!$D$6:$D$14,0),MATCH(INDEX(Calc!$I$7:$I$18,MATCH(KPI_Analysis!F$8,Calc!$H$7:$H$18,0)),PY_Actual!$F$5:$Q$5,0))),"") -> 52812.109 | G9: =IFERROR(IF(Calc!$L$15="","",INDEX(PY_Actual!$F$6:$Q$14,MATCH(Calc!$L$15,PY_Actual!$D$6:$D$14,0),MATCH(INDEX(Calc!$I$7:$I$18,MATCH(KPI_Analysis!G$8,Calc!$H$7:$H$18,0)),PY_Actual!$F$5:$Q$5,0))),"") -> 64380.476 | H9: =IFERROR(IF(Calc!$L$15="","",INDEX(PY_Actual!$F$6:$Q$14,MATCH(Calc!$L$15,PY_Actual!$D$6:$D$14,0),MATCH(INDEX(Calc!$I$7:$I$18,MATCH(KPI_Analysis!H$8,Calc!$H$7:$H$18,0)),PY_Actual!$F$5:$Q$5,0))),"") -> 66271.225 | I9: =IFERROR(IF(Calc!$L$15="","",INDEX(PY_Actual!$F$6:$Q$14,MATCH(Calc!$L$15,PY_Actual!$D$6:$D$14,0),MATCH(INDEX(Calc!$I$7:$I$18,MATCH(KPI_Analysis!I$8,Calc!$H$7:$H$18,0)),PY_Actual!$F$5:$Q$5,0))),"") -> 46885.476 | J9: =IFERROR(IF(Calc!$L$15="","",INDEX(PY_Actual!$F$6:$Q$14,MATCH(Calc!$L$15,PY_Actual!$D$6:$D$14,0),MATCH(INDEX(Calc!$I$7:$I$18,MATCH(KPI_Analysis!J$8,Calc!$H$7:$H$18,0)),PY_Actual!$F$5:$Q$5,0))),"") -> 0 | K9: =IFERROR(IF(Calc!$L$15="","",INDEX(PY_Actual!$F$6:$Q$14,MATCH(Calc!$L$15,PY_Actual!$D$6:$D$14,0),MATCH(INDEX(Calc!$I$7:$I$18,MATCH(KPI_Analysis!K$8,Calc!$H$7:$H$18,0)),PY_Actual!$F$5:$Q$5,0))),"") -> 0 | ... O9: =IFERROR(IF(Calc!$L$15="","",INDEX(PY_Actual!$F$6:$Q$14,MATCH(Calc!$L$15,PY_Actual!$D$6:$D$14,0),MATCH(INDEX(Calc!$I$7:$I$18,MATCH(KPI_Analysis!O$8,Calc!$H$7:$H$18,0)),PY_Actual!$F$5:$Q$5,0))),"") -> 0
C10: Target | D10: =IFERROR(IF(Calc!$L$15="","",INDEX(CY_Target!$F$6:$Q$14,MATCH(Calc!$L$15,CY_Target!$D$6:$D$14,0),MATCH(KPI_Analysis!D$8,CY_Target!$F$5:$Q$5,0))),"") -> 67860 | E10: =IFERROR(IF(Calc!$L$15="","",INDEX(CY_Target!$F$6:$Q$14,MATCH(Calc!$L$15,CY_Target!$D$6:$D$14,0),MATCH(KPI_Analysis!E$8,CY_Target!$F$5:$Q$5,0))),"") -> 77880 | F10: =IFERROR(IF(Calc!$L$15="","",INDEX(CY_Target!$F$6:$Q$14,MATCH(Calc!$L$15,CY_Target!$D$6:$D$14,0),MATCH(KPI_Analysis!F$8,CY_Target!$F$5:$Q$5,0))),"") -> 79360 | G10: =IFERROR(IF(Calc!$L$15="","",INDEX(CY_Target!$F$6:$Q$14,MATCH(Calc!$L$15,CY_Target!$D$6:$D$14,0),MATCH(KPI_Analysis!G$8,CY_Target!$F$5:$Q$5,0))),"") -> 62220 | H10: =IFERROR(IF(Calc!$L$15="","",INDEX(CY_Target!$F$6:$Q$14,MATCH(Calc!$L$15,CY_Target!$D$6:$D$14,0),MATCH(KPI_Analysis!H$8,CY_Target!$F$5:$Q$5,0))),"") -> 88900 | I10: =IFERROR(IF(Calc!$L$15="","",INDEX(CY_Target!$F$6:$Q$14,MATCH(Calc!$L$15,CY_Target!$D$6:$D$14,0),MATCH(KPI_Analysis!I$8,CY_Target!$F$5:$Q$5,0))),"") -> 64581 | J10: =IFERROR(IF(Calc!$L$15="","",INDEX(CY_Target!$F$6:$Q$14,MATCH(Calc!$L$15,CY_Target!$D$6:$D$14,0),MATCH(KPI_Analysis!J$8,CY_Target!$F$5:$Q$5,0))),"") -> 0 | K10: =IFERROR(IF(Calc!$L$15="","",INDEX(CY_Target!$F$6:$Q$14,MATCH(Calc!$L$15,CY_Target!$D$6:$D$14,0),MATCH(KPI_Analysis!K$8,CY_Target!$F$5:$Q$5,0))),"") -> 0 | ... O10: =IFERROR(IF(Calc!$L$15="","",INDEX(CY_Target!$F$6:$Q$14,MATCH(Calc!$L$15,CY_Target!$D$6:$D$14,0),MATCH(KPI_Analysis!O$8,CY_Target!$F$5:$Q$5,0))),"") -> 0
C11: Actual | D11: =IFERROR(IF(Calc!$L$15="","",INDEX(CY_Actual!$F$6:$Q$14,MATCH(Calc!$L$15,CY_Actual!$D$6:$D$14,0),MATCH(KPI_Analysis!D$8,CY_Actual!$F$5:$Q$5,0))),"") -> 58500 | E11: =IFERROR(IF(Calc!$L$15="","",INDEX(CY_Actual!$F$6:$Q$14,MATCH(Calc!$L$15,CY_Actual!$D$6:$D$14,0),MATCH(KPI_Analysis!E$8,CY_Actual!$F$5:$Q$5,0))),"") -> 66000 | F11: =IFERROR(IF(Calc!$L$15="","",INDEX(CY_Actual!$F$6:$Q$14,MATCH(Calc!$L$15,CY_Actual!$D$6:$D$14,0),MATCH(KPI_Analysis!F$8,CY_Actual!$F$5:$Q$5,0))),"") -> 64000 | G11: =IFERROR(IF(Calc!$L$15="","",INDEX(CY_Actual!$F$6:$Q$14,MATCH(Calc!$L$15,CY_Actual!$D$6:$D$14,0),MATCH(KPI_Analysis!G$8,CY_Actual!$F$5:$Q$5,0))),"") -> 51000 | H11: =IFERROR(IF(Calc!$L$15="","",INDEX(CY_Actual!$F$6:$Q$14,MATCH(Calc!$L$15,CY_Actual!$D$6:$D$14,0),MATCH(KPI_Analysis!H$8,CY_Actual!$F$5:$Q$5,0))),"") -> 70000 | I11: =IFERROR(IF(Calc!$L$15="","",INDEX(CY_Actual!$F$6:$Q$14,MATCH(Calc!$L$15,CY_Actual!$D$6:$D$14,0),MATCH(KPI_Analysis!I$8,CY_Actual!$F$5:$Q$5,0))),"") -> 62700 | J11: =IFERROR(IF(Calc!$L$15="","",INDEX(CY_Actual!$F$6:$Q$14,MATCH(Calc!$L$15,CY_Actual!$D$6:$D$14,0),MATCH(KPI_Analysis!J$8,CY_Actual!$F$5:$Q$5,0))),"") -> 0 | K11: =IFERROR(IF(Calc!$L$15="","",INDEX(CY_Actual!$F$6:$Q$14,MATCH(Calc!$L$15,CY_Actual!$D$6:$D$14,0),MATCH(KPI_Analysis!K$8,CY_Actual!$F$5:$Q$5,0))),"") -> 0 | ... O11: =IFERROR(IF(Calc!$L$15="","",INDEX(CY_Actual!$F$6:$Q$14,MATCH(Calc!$L$15,CY_Actual!$D$6:$D$14,0),MATCH(KPI_Analysis!O$8,CY_Actual!$F$5:$Q$5,0))),"") -> 0
C12: Act./Target Index | D12: =IF(OR(LEN(D$10)=0,LEN(D$11)=0),"",IFERROR(IF(Calc!$L$16=Calc!$L$7,D$10/D$11*100,D$11/D$10*100),"")) -> 86.206897 | E12: =IF(OR(LEN(E$10)=0,LEN(E$11)=0),"",IFERROR(IF(Calc!$L$16=Calc!$L$7,E$10/E$11*100,E$11/E$10*100),"")) -> 84.745763 | F12: =IF(OR(LEN(F$10)=0,LEN(F$11)=0),"",IFERROR(IF(Calc!$L$16=Calc!$L$7,F$10/F$11*100,F$11/F$10*100),"")) -> 80.645161 | G12: =IF(OR(LEN(G$10)=0,LEN(G$11)=0),"",IFERROR(IF(Calc!$L$16=Calc!$L$7,G$10/G$11*100,G$11/G$10*100),"")) -> 81.967213 | H12: =IF(OR(LEN(H$10)=0,LEN(H$11)=0),"",IFERROR(IF(Calc!$L$16=Calc!$L$7,H$10/H$11*100,H$11/H$10*100),"")) -> 78.740157 | I12: =IF(OR(LEN(I$10)=0,LEN(I$11)=0),"",IFERROR(IF(Calc!$L$16=Calc!$L$7,I$10/I$11*100,I$11/I$10*100),"")) -> 97.087379 | J12: =IF(OR(LEN(J$10)=0,LEN(J$11)=0),"",IFERROR(IF(Calc!$L$16=Calc!$L$7,J$10/J$11*100,J$11/J$10*100),"")) | K12: =IF(OR(LEN(K$10)=0,LEN(K$11)=0),"",IFERROR(IF(Calc!$L$16=Calc!$L$7,K$10/K$11*100,K$11/K$10*100),"")) | ... O12: =IF(OR(LEN(O$10)=0,LEN(O$11)=0),"",IFERROR(IF(Calc!$L$16=Calc!$L$7,O$10/O$11*100,O$11/O$10*100),""))
B13: Cumulative | C13: PY Cum | D13: =IFERROR(IF(Calc!$L$15="","",INDEX(PY_Actual_Cumulative!$F$6:$Q$14,MATCH(Calc!$L$15,PY_Actual_Cumulative!$D$6:$D$14,0),MATCH(INDEX(Calc!$I$7:$I$18,MATCH(KPI_Analysis!D$8,Calc!$H$7:$H$18,0)),PY_Actual_Cumulative!$F$5:$Q$5,0))),"") -> 66326.04 | E13: =IFERROR(IF(Calc!$L$15="","",INDEX(PY_Actual_Cumulative!$F$6:$Q$14,MATCH(Calc!$L$15,PY_Actual_Cumulative!$D$6:$D$14,0),MATCH(INDEX(Calc!$I$7:$I$18,MATCH(KPI_Analysis!E$8,Calc!$H$7:$H$18,0)),PY_Actual_Cumulative!$F$5:$Q$5,0))),"") -> 125753.73 | F13: =IFERROR(IF(Calc!$L$15="","",INDEX(PY_Actual_Cumulative!$F$6:$Q$14,MATCH(Calc!$L$15,PY_Actual_Cumulative!$D$6:$D$14,0),MATCH(INDEX(Calc!$I$7:$I$18,MATCH(KPI_Analysis!F$8,Calc!$H$7:$H$18,0)),PY_Actual_Cumulative!$F$5:$Q$5,0))),"") -> 178565.83 | G13: =IFERROR(IF(Calc!$L$15="","",INDEX(PY_Actual_Cumulative!$F$6:$Q$14,MATCH(Calc!$L$15,PY_Actual_Cumulative!$D$6:$D$14,0),MATCH(INDEX(Calc!$I$7:$I$18,MATCH(KPI_Analysis!G$8,Calc!$H$7:$H$18,0)),PY_Actual_Cumulative!$F$5:$Q$5,0))),"") -> 242946.31 | H13: =IFERROR(IF(Calc!$L$15="","",INDEX(PY_Actual_Cumulative!$F$6:$Q$14,MATCH(Calc!$L$15,PY_Actual_Cumulative!$D$6:$D$14,0),MATCH(INDEX(Calc!$I$7:$I$18,MATCH(KPI_Analysis!H$8,Calc!$H$7:$H$18,0)),PY_Actual_Cumulative!$F$5:$Q$5,0))),"") -> 309217.54 | I13: =IFERROR(IF(Calc!$L$15="","",INDEX(PY_Actual_Cumulative!$F$6:$Q$14,MATCH(Calc!$L$15,PY_Actual_Cumulative!$D$6:$D$14,0),MATCH(INDEX(Calc!$I$7:$I$18,MATCH(KPI_Analysis!I$8,Calc!$H$7:$H$18,0)),PY_Actual_Cumulative!$F$5:$Q$5,0))),"") -> 356103.01 | J13: =IFERROR(IF(Calc!$L$15="","",INDEX(PY_Actual_Cumulative!$F$6:$Q$14,MATCH(Calc!$L$15,PY_Actual_Cumulative!$D$6:$D$14,0),MATCH(INDEX(Calc!$I$7:$I$18,MATCH(KPI_Analysis!J$8,Calc!$H$7:$H$18,0)),PY_Actual_Cumulative!$F$5:$Q$5,0))),"") -> 356103.01 | K13: =IFERROR(IF(Calc!$L$15="","",INDEX(PY_Actual_Cumulative!$F$6:$Q$14,MATCH(Calc!$L$15,PY_Actual_Cumulative!$D$6:$D$14,0),MATCH(INDEX(Calc!$I$7:$I$18,MATCH(KPI_Analysis!K$8,Calc!$H$7:$H$18,0)),PY_Actual_Cumulative!$F$5:$Q$5,0))),"") -> 356103.01 | ... O13: =IFERROR(IF(Calc!$L$15="","",INDEX(PY_Actual_Cumulative!$F$6:$Q$14,MATCH(Calc!$L$15,PY_Actual_Cumulative!$D$6:$D$14,0),MATCH(INDEX(Calc!$I$7:$I$18,MATCH(KPI_Analysis!O$8,Calc!$H$7:$H$18,0)),PY_Actual_Cumulative!$F$5:$Q$5,0))),"") -> 356103.01
C14: Target Cum | D14: =IFERROR(IF(Calc!$L$15="","",INDEX(CY_Target_Cumulative!$F$6:$Q$14,MATCH(Calc!$L$15,CY_Target_Cumulative!$D$6:$D$14,0),MATCH(KPI_Analysis!D$8,CY_Target_Cumulative!$F$5:$Q$5,0))),"") -> 67860 | E14: =IFERROR(IF(Calc!$L$15="","",INDEX(CY_Target_Cumulative!$F$6:$Q$14,MATCH(Calc!$L$15,CY_Target_Cumulative!$D$6:$D$14,0),MATCH(KPI_Analysis!E$8,CY_Target_Cumulative!$F$5:$Q$5,0))),"") -> 145740 | F14: =IFERROR(IF(Calc!$L$15="","",INDEX(CY_Target_Cumulative!$F$6:$Q$14,MATCH(Calc!$L$15,CY_Target_Cumulative!$D$6:$D$14,0),MATCH(KPI_Analysis!F$8,CY_Target_Cumulative!$F$5:$Q$5,0))),"") -> 225100 | G14: =IFERROR(IF(Calc!$L$15="","",INDEX(CY_Target_Cumulative!$F$6:$Q$14,MATCH(Calc!$L$15,CY_Target_Cumulative!$D$6:$D$14,0),MATCH(KPI_Analysis!G$8,CY_Target_Cumulative!$F$5:$Q$5,0))),"") -> 287320 | H14: =IFERROR(IF(Calc!$L$15="","",INDEX(CY_Target_Cumulative!$F$6:$Q$14,MATCH(Calc!$L$15,CY_Target_Cumulative!$D$6:$D$14,0),MATCH(KPI_Analysis!H$8,CY_Target_Cumulative!$F$5:$Q$5,0))),"") -> 376220 | I14: =IFERROR(IF(Calc!$L$15="","",INDEX(CY_Target_Cumulative!$F$6:$Q$14,MATCH(Calc!$L$15,CY_Target_Cumulative!$D$6:$D$14,0),MATCH(KPI_Analysis!I$8,CY_Target_Cumulative!$F$5:$Q$5,0))),"") -> 440801 | J14: =IFERROR(IF(Calc!$L$15="","",INDEX(CY_Target_Cumulative!$F$6:$Q$14,MATCH(Calc!$L$15,CY_Target_Cumulative!$D$6:$D$14,0),MATCH(KPI_Analysis!J$8,CY_Target_Cumulative!$F$5:$Q$5,0))),"") -> 440801 | K14: =IFERROR(IF(Calc!$L$15="","",INDEX(CY_Target_Cumulative!$F$6:$Q$14,MATCH(Calc!$L$15,CY_Target_Cumulative!$D$6:$D$14,0),MATCH(KPI_Analysis!K$8,CY_Target_Cumulative!$F$5:$Q$5,0))),"") -> 440801 | ... O14: =IFERROR(IF(Calc!$L$15="","",INDEX(CY_Target_Cumulative!$F$6:$Q$14,MATCH(Calc!$L$15,CY_Target_Cumulative!$D$6:$D$14,0),MATCH(KPI_Analysis!O$8,CY_Target_Cumulative!$F$5:$Q$5,0))),"") -> 440801
C15: Actual Cum | D15: =IFERROR(IF(Calc!$L$15="","",INDEX(CY_Actual_Cumulative!$F$6:$Q$14,MATCH(Calc!$L$15,CY_Actual_Cumulative!$D$6:$D$14,0),MATCH(KPI_Analysis!D$8,CY_Actual_Cumulative!$F$5:$Q$5,0))),"") -> 58500 | E15: =IFERROR(IF(Calc!$L$15="","",INDEX(CY_Actual_Cumulative!$F$6:$Q$14,MATCH(Calc!$L$15,CY_Actual_Cumulative!$D$6:$D$14,0),MATCH(KPI_Analysis!E$8,CY_Actual_Cumulative!$F$5:$Q$5,0))),"") -> 124500 | F15: =IFERROR(IF(Calc!$L$15="","",INDEX(CY_Actual_Cumulative!$F$6:$Q$14,MATCH(Calc!$L$15,CY_Actual_Cumulative!$D$6:$D$14,0),MATCH(KPI_Analysis!F$8,CY_Actual_Cumulative!$F$5:$Q$5,0))),"") -> 188500 | G15: =IFERROR(IF(Calc!$L$15="","",INDEX(CY_Actual_Cumulative!$F$6:$Q$14,MATCH(Calc!$L$15,CY_Actual_Cumulative!$D$6:$D$14,0),MATCH(KPI_Analysis!G$8,CY_Actual_Cumulative!$F$5:$Q$5,0))),"") -> 239500 | H15: =IFERROR(IF(Calc!$L$15="","",INDEX(CY_Actual_Cumulative!$F$6:$Q$14,MATCH(Calc!$L$15,CY_Actual_Cumulative!$D$6:$D$14,0),MATCH(KPI_Analysis!H$8,CY_Actual_Cumulative!$F$5:$Q$5,0))),"") -> 309500 | I15: =IFERROR(IF(Calc!$L$15="","",INDEX(CY_Actual_Cumulative!$F$6:$Q$14,MATCH(Calc!$L$15,CY_Actual_Cumulative!$D$6:$D$14,0),MATCH(KPI_Analysis!I$8,CY_Actual_Cumulative!$F$5:$Q$5,0))),"") -> 372200 | J15: =IFERROR(IF(Calc!$L$15="","",INDEX(CY_Actual_Cumulative!$F$6:$Q$14,MATCH(Calc!$L$15,CY_Actual_Cumulative!$D$6:$D$14,0),MATCH(KPI_Analysis!J$8,CY_Actual_Cumulative!$F$5:$Q$5,0))),"") -> 372200 | K15: =IFERROR(IF(Calc!$L$15="","",INDEX(CY_Actual_Cumulative!$F$6:$Q$14,MATCH(Calc!$L$15,CY_Actual_Cumulative!$D$6:$D$14,0),MATCH(KPI_Analysis!K$8,CY_Actual_Cumulative!$F$5:$Q$5,0))),"") -> 372200 | ... O15: =IFERROR(IF(Calc!$L$15="","",INDEX(CY_Actual_Cumulative!$F$6:$Q$14,MATCH(Calc!$L$15,CY_Actual_Cumulative!$D$6:$D$14,0),MATCH(KPI_Analysis!O$8,CY_Actual_Cumulative!$F$5:$Q$5,0))),"") -> 372200
C16: Act./Target Index | D16: =IF(OR(LEN(D$14)=0,LEN(D$15)=0),"",IFERROR(IF(Calc!$L$16=Calc!$L$7,D$14/D$15*100,D$15/D$14*100),100)) -> 86.206897 | E16: =IF(OR(LEN(E$14)=0,LEN(E$15)=0),"",IFERROR(IF(Calc!$L$16=Calc!$L$7,E$14/E$15*100,E$15/E$14*100),100)) -> 85.426101 | F16: =IF(OR(LEN(F$14)=0,LEN(F$15)=0),"",IFERROR(IF(Calc!$L$16=Calc!$L$7,F$14/F$15*100,F$15/F$14*100),100)) -> 83.74056 | G16: =IF(OR(LEN(G$14)=0,LEN(G$15)=0),"",IFERROR(IF(Calc!$L$16=Calc!$L$7,G$14/G$15*100,G$15/G$14*100),100)) -> 83.356536 | H16: =IF(OR(LEN(H$14)=0,LEN(H$15)=0),"",IFERROR(IF(Calc!$L$16=Calc!$L$7,H$14/H$15*100,H$15/H$14*100),100)) -> 82.265696 | I16: =IF(OR(LEN(I$14)=0,LEN(I$15)=0),"",IFERROR(IF(Calc!$L$16=Calc!$L$7,I$14/I$15*100,I$15/I$14*100),100)) -> 84.437195 | J16: =IF(OR(LEN(J$14)=0,LEN(J$15)=0),"",IFERROR(IF(Calc!$L$16=Calc!$L$7,J$14/J$15*100,J$15/J$14*100),100)) -> 84.437195 | K16: =IF(OR(LEN(K$14)=0,LEN(K$15)=0),"",IFERROR(IF(Calc!$L$16=Calc!$L$7,K$14/K$15*100,K$15/K$14*100),100)) -> 84.437195 | ... O16: =IF(OR(LEN(O$14)=0,LEN(O$15)=0),"",IFERROR(IF(Calc!$L$16=Calc!$L$7,O$14/O$15*100,O$15/O$14*100),100)) -> 84.437195

Sheet Calc
B3: Date Settings | E3: Month Order | K3: General Calculations | N3: The Criteria's | S3: Print Area
B6: Starting Year | C6: =IFERROR(IF(Metrics!K6="","",Metrics!K6),"") -> 2022 | E6: Order | F6: Year | G6: Month | H6: Current Year | I6: Previous Year | K6: Cumulative Options | L6: Better Low Options | N6: Criteria's Without Blanks | O6: KPI Group | P6: KPI Code | Q6: Dropdown Menu | S6: Dimension
B7: Starting Month | C7: =IFERROR(IF(Metrics!K7="",Calc!B10,Metrics!K7),"") -> January | E7: 1 | F7: =IFERROR(C6,"") -> 2022 | G7: =IFERROR(INDEX($B$10:$B$21,IF(MOD($C$8+E7-1,12)=0,12,MOD($C$8+E7-1,12))),"") -> January | H7: =IFERROR(INDEX($C$10:$C$21,MATCH(G7,$B$10:$B$21,0))&" "&F7,"") -> Jan 2022 | I7: =IFERROR(INDEX($C$10:$C$21,MATCH(G7,$B$10:$B$21,0))&" "&IF(F7="","",F7-1),"") -> Jan 2021 | K7: Average | L7: Yes | N7: {=IFERROR(INDEX(Metrics!$D$6:$D$14,SMALL(IF(LEN(Metrics!$D$6:$D$14)>0,ROW(Metrics!$D$6:$D$14)-ROW(INDEX(Metrics!$D$6:$D$14,1,1))+1),ROW($A7)-ROW($A$6))),"")} -> Gross Profit | O7: =IFERROR(IF(INDEX(Metrics!$C$6:$C$14,MATCH(Calc!N7,Metrics!$D$6:$D$14,0))="","",INDEX(Metrics!$C$6:$C$14,MATCH(Calc!N7,Metrics!$D$6:$D$14,0))),"") -> Profit Metrics | P7: =IFERROR(IF(INDEX(Metrics!$B$6:$B$14,MATCH(Calc!N7,Metrics!$D$6:$D$14,0))="","",INDEX(Metrics!$B$6:$B$14,MATCH(Calc!N7,Metrics!$D$6:$D$14,0))),"") -> 101 | Q7: =IFERROR(IF(LEN(N7)=0,"",(P7&" : "&O7&" / "&N7)),"") -> 101 : Profit Metrics / Gross Profit | S7: Height | T7: {=MAX(IF(Metrics!$B$6:$B$14<>"",ROW(Metrics!$B$6:$B$14)))-1} -> 13
B8: Month Index | C8: =IFERROR(MATCH(C7,B10:B21,0),"") -> 1 | E8: 2 | F8: =IFERROR(IF(G7="December",F7+1,F7),"") -> 2022 | G8: =IFERROR(INDEX($B$10:$B$21,IF(MOD($C$8+E8-1,12)=0,12,MOD($C$8+E8-1,12))),"") -> February | H8: =IFERROR(INDEX($C$10:$C$21,MATCH(G8,$B$10:$B$21,0))&" "&F8,"") -> Feb 2022 | I8: =IFERROR(INDEX($C$10:$C$21,MATCH(G8,$B$10:$B$21,0))&" "&IF(F8="","",F8-1),"") -> Feb 2021 | K8: Sum | L8: No | N8: {=IFERROR(INDEX(Metrics!$D$6:$D$14,SMALL(IF(LEN(Metrics!$D$6:$D$14)>0,ROW(Metrics!$D$6:$D$14)-ROW(INDEX(Metrics!$D$6:$D$14,1,1))+1),ROW($A8)-ROW($A$6))),"")} -> Gross Profit Margin | O8: =IFERROR(IF(INDEX(Metrics!$C$6:$C$14,MATCH(Calc!N8,Metrics!$D$6:$D$14,0))="","",INDEX(Metrics!$C$6:$C$14,MATCH(Calc!N8,Metrics!$D$6:$D$14,0))),"") -> Profit Metrics | P8: =IFERROR(IF(INDEX(Metrics!$B$6:$B$14,MATCH(Calc!N8,Metrics!$D$6:$D$14,0))="","",INDEX(Metrics!$B$6:$B$14,MATCH(Calc!N8,Metrics!$D$6:$D$14,0))),"") -> 102 | Q8: =IFERROR(IF(LEN(N8)=0,"",(P8&" : "&O8&" / "&N8)),"") -> 102 : Profit Metrics / Gross Profit Margin | S8: Width | T8: =COUNTA(CY_Actual!$B$5:$Q$5) -> 16
E9: 3 | F9: =IFERROR(IF(G8="December",F8+1,F8),"") -> 2022 | G9: =IFERROR(INDEX($B$10:$B$21,IF(MOD($C$8+E9-1,12)=0,12,MOD($C$8+E9-1,12))),"") -> March | H9: =IFERROR(INDEX($C$10:$C$21,MATCH(G9,$B$10:$B$21,0))&" "&F9,"") -> Mar 2022 | I9: =IFERROR(INDEX($C$10:$C$21,MATCH(G9,$B$10:$B$21,0))&" "&IF(F9="","",F9-1),"") -> Mar 2021 | N9: {=IFERROR(INDEX(Metrics!$D$6:$D$14,SMALL(IF(LEN(Metrics!$D$6:$D$14)>0,ROW(Metrics!$D$6:$D$14)-ROW(INDEX(Metrics!$D$6:$D$14,1,1))+1),ROW($A9)-ROW($A$6))),"")} -> Net Profit | O9: =IFERROR(IF(INDEX(Metrics!$C$6:$C$14,MATCH(Calc!N9,Metrics!$D$6:$D$14,0))="","",INDEX(Metrics!$C$6:$C$14,MATCH(Calc!N9,Metrics!$D$6:$D$14,0))),"") -> Profit Metrics | P9: =IFERROR(IF(INDEX(Metrics!$B$6:$B$14,MATCH(Calc!N9,Metrics!$D$6:$D$14,0))="","",INDEX(Metrics!$B$6:$B$14,MATCH(Calc!N9,Metrics!$D$6:$D$14,0))),"") -> 103 | Q9: =IFERROR(IF(LEN(N9)=0,"",(P9&" : "&O9&" / "&N9)),"") -> 103 : Profit Metrics / Net Profit
B10: January | C10: Jan | E10: 4 | F10: =IFERROR(IF(G9="December",F9+1,F9),"") -> 2022 | G10: =IFERROR(INDEX($B$10:$B$21,IF(MOD($C$8+E10-1,12)=0,12,MOD($C$8+E10-1,12))),"") -> April | H10: =IFERROR(INDEX($C$10:$C$21,MATCH(G10,$B$10:$B$21,0))&" "&F10,"") -> Apr 2022 | I10: =IFERROR(INDEX($C$10:$C$21,MATCH(G10,$B$10:$B$21,0))&" "&IF(F10="","",F10-1),"") -> Apr 2021 | K10: Dashboard Selected Date | L10: =IFERROR(IF(LEN(Monthly_Analysis!C5)=0,"",Monthly_Analysis!C5),"") -> Apr 2022 | N10: {=IFERROR(INDEX(Metrics!$D$6:$D$14,SMALL(IF(LEN(Metrics!$D$6:$D$14)>0,ROW(Metrics!$D$6:$D$14)-ROW(INDEX(Metrics!$D$6:$D$14,1,1))+1),ROW($A10)-ROW($A$6))),"")} -> Net Profit Margin | O10: =IFERROR(IF(INDEX(Metrics!$C$6:$C$14,MATCH(Calc!N10,Metrics!$D$6:$D$14,0))="","",INDEX(Metrics!$C$6:$C$14,MATCH(Calc!N10,Metrics!$D$6:$D$14,0))),"") -> Profit Metrics | P10: =IFERROR(IF(INDEX(Metrics!$B$6:$B$14,MATCH(Calc!N10,Metrics!$D$6:$D$14,0))="","",INDEX(Metrics!$B$6:$B$14,MATCH(Calc!N10,Metrics!$D$6:$D$14,0))),"") -> 104 | Q10: =IFERROR(IF(LEN(N10)=0,"",(P10&" : "&O10&" / "&N10)),"") -> 104 : Profit Metrics / Net Profit Margin
B11: February | C11: Feb | E11: 5 | F11: =IFERROR(IF(G10="December",F10+1,F10),"") -> 2022 | G11: =IFERROR(INDEX($B$10:$B$21,IF(MOD($C$8+E11-1,12)=0,12,MOD($C$8+E11-1,12))),"") -> May | H11: =IFERROR(INDEX($C$10:$C$21,MATCH(G11,$B$10:$B$21,0))&" "&F11,"") -> May 2022 | I11: =IFERROR(INDEX($C$10:$C$21,MATCH(G11,$B$10:$B$21,0))&" "&IF(F11="","",F11-1),"") -> May 2021 | K11: Dashboard Previous Year | L11: =IFERROR(INDEX(I7:I18,MATCH(L10,H7:H18,0)),"") -> Apr 2021 | N11: {=IFERROR(INDEX(Metrics!$D$6:$D$14,SMALL(IF(LEN(Metrics!$D$6:$D$14)>0,ROW(Metrics!$D$6:$D$14)-ROW(INDEX(Metrics!$D$6:$D$14,1,1))+1),ROW($A11)-ROW($A$6))),"")} -> EBIT | O11: =IFERROR(IF(INDEX(Metrics!$C$6:$C$14,MATCH(Calc!N11,Metrics!$D$6:$D$14,0))="","",INDEX(Metrics!$C$6:$C$14,MATCH(Calc!N11,Metrics!$D$6:$D$14,0))),"") -> Profit Metrics | P11: =IFERROR(IF(INDEX(Metrics!$B$6:$B$14,MATCH(Calc!N11,Metrics!$D$6:$D$14,0))="","",INDEX(Metrics!$B$6:$B$14,MATCH(Calc!N11,Metrics!$D$6:$D$14,0))),"") -> 105 | Q11: =IFERROR(IF(LEN(N11)=0,"",(P11&" : "&O11&" / "&N11)),"") -> 105 : Profit Metrics / EBIT
B12: March | C12: Mar | E12: 6 | F12: =IFERROR(IF(G11="December",F11+1,F11),"") -> 2022 | G12: =IFERROR(INDEX($B$10:$B$21,IF(MOD($C$8+E12-1,12)=0,12,MOD($C$8+E12-1,12))),"") -> June | H12: =IFERROR(INDEX($C$10:$C$21,MATCH(G12,$B$10:$B$21,0))&" "&F12,"") -> Jun 2022 | I12: =IFERROR(INDEX($C$10:$C$21,MATCH(G12,$B$10:$B$21,0))&" "&IF(F12="","",F12-1),"") -> Jun 2021 | N12: {=IFERROR(INDEX(Metrics!$D$6:$D$14,SMALL(IF(LEN(Metrics!$D$6:$D$14)>0,ROW(Metrics!$D$6:$D$14)-ROW(INDEX(Metrics!$D$6:$D$14,1,1))+1),ROW($A12)-ROW($A$6))),"")} -> EBIT Margin | O12: =IFERROR(IF(INDEX(Metrics!$C$6:$C$14,MATCH(Calc!N12,Metrics!$D$6:$D$14,0))="","",INDEX(Metrics!$C$6:$C$14,MATCH(Calc!N12,Metrics!$D$6:$D$14,0))),"") -> Profit Metrics | P12: =IFERROR(IF(INDEX(Metrics!$B$6:$B$14,MATCH(Calc!N12,Metrics!$D$6:$D$14,0))="","",INDEX(Metrics!$B$6:$B$14,MATCH(Calc!N12,Metrics!$D$6:$D$14,0))),"") -> 106 | Q12: =IFERROR(IF(LEN(N12)=0,"",(P12&" : "&O12&" / "&N12)),"") -> 106 : Profit Metrics / EBIT Margin
B13: April | C13: Apr | E13: 7 | F13: =IFERROR(IF(G12="December",F12+1,F12),"") -> 2022 | G13: =IFERROR(INDEX($B$10:$B$21,IF(MOD($C$8+E13-1,12)=0,12,MOD($C$8+E13-1,12))),"") -> July | H13: =IFERROR(INDEX($C$10:$C$21,MATCH(G13,$B$10:$B$21,0))&" "&F13,"") -> Jul 2022 | I13: =IFERROR(INDEX($C$10:$C$21,MATCH(G13,$B$10:$B$21,0))&" "&IF(F13="","",F13-1),"") -> Jul 2021 | K13: Criteria Number | L13: =IFERROR(IF(COUNTIF(Q7:Q19,"?*")=0,1,COUNTIF(Q7:Q19,"?*")),100) -> 7 | N13: {=IFERROR(INDEX(Metrics!$D$6:$D$14,SMALL(IF(LEN(Metrics!$D$6:$D$14)>0,ROW(Metrics!$D$6:$D$14)-ROW(INDEX(Metrics!$D$6:$D$14,1,1))+1),ROW($A13)-ROW($A$6))),"")} -> Operating Expense Ratio | O13: =IFERROR(IF(INDEX(Metrics!$C$6:$C$14,MATCH(Calc!N13,Metrics!$D$6:$D$14,0))="","",INDEX(Metrics!$C$6:$C$14,MATCH(Calc!N13,Metrics!$D$6:$D$14,0))),"") -> Profit Metrics | P13: =IFERROR(IF(INDEX(Metrics!$B$6:$B$14,MATCH(Calc!N13,Metrics!$D$6:$D$14,0))="","",INDEX(Metrics!$B$6:$B$14,MATCH(Calc!N13,Metrics!$D$6:$D$14,0))),"") -> 107 | Q13: =IFERROR(IF(LEN(N13)=0,"",(P13&" : "&O13&" / "&N13)),"") -> 107 : Profit Metrics / Operating Expense Ratio
B14: May | C14: May | E14: 8 | F14: =IFERROR(IF(G13="December",F13+1,F13),"") -> 2022 | G14: =IFERROR(INDEX($B$10:$B$21,IF(MOD($C$8+E14-1,12)=0,12,MOD($C$8+E14-1,12))),"") -> August | H14: =IFERROR(INDEX($C$10:$C$21,MATCH(G14,$B$10:$B$21,0))&" "&F14,"") -> Aug 2022 | I14: =IFERROR(INDEX($C$10:$C$21,MATCH(G14,$B$10:$B$21,0))&" "&IF(F14="","",F14-1),"") -> Aug 2021 | N14: {=IFERROR(INDEX(Metrics!$D$6:$D$14,SMALL(IF(LEN(Metrics!$D$6:$D$14)>0,ROW(Metrics!$D$6:$D$14)-ROW(INDEX(Metrics!$D$6:$D$14,1,1))+1),ROW($A14)-ROW($A$6))),"")} | O14: =IFERROR(IF(INDEX(Metrics!$C$6:$C$14,MATCH(Calc!N14,Metrics!$D$6:$D$14,0))="","",INDEX(Metrics!$C$6:$C$14,MATCH(Calc!N14,Metrics!$D$6:$D$14,0))),"") | P14: =IFERROR(IF(INDEX(Metrics!$B$6:$B$14,MATCH(Calc!N14,Metrics!$D$6:$D$14,0))="","",INDEX(Metrics!$B$6:$B$14,MATCH(Calc!N14,Metrics!$D$6:$D$14,0))),"") | Q14: =IFERROR(IF(LEN(N14)=0,"",(P14&" : "&O14&" / "&N14)),"")
B15: June | C15: Jun | E15: 9 | F15: =IFERROR(IF(G14="December",F14+1,F14),"") -> 2022 | G15: =IFERROR(INDEX($B$10:$B$21,IF(MOD($C$8+E15-1,12)=0,12,MOD($C$8+E15-1,12))),"") -> September | H15: =IFERROR(INDEX($C$10:$C$21,MATCH(G15,$B$10:$B$21,0))&" "&F15,"") -> Sep 2022 | I15: =IFERROR(INDEX($C$10:$C$21,MATCH(G15,$B$10:$B$21,0))&" "&IF(F15="","",F15-1),"") -> Sep 2021 | K15: Charts Selected Criteria | L15: =IFERROR(INDEX(N7:N19,MATCH(KPI_Analysis!B5,Calc!Q7:Q19,0)),"") -> Gross Profit | N15: {=IFERROR(INDEX(Metrics!$D$6:$D$14,SMALL(IF(LEN(Metrics!$D$6:$D$14)>0,ROW(Metrics!$D$6:$D$14)-ROW(INDEX(Metrics!$D$6:$D$14,1,1))+1),ROW($A15)-ROW($A$6))),"")} | O15: =IFERROR(IF(INDEX(Metrics!$C$6:$C$14,MATCH(Calc!N15,Metrics!$D$6:$D$14,0))="","",INDEX(Metrics!$C$6:$C$14,MATCH(Calc!N15,Metrics!$D$6:$D$14,0))),"") | P15: =IFERROR(IF(INDEX(Metrics!$B$6:$B$14,MATCH(Calc!N15,Metrics!$D$6:$D$14,0))="","",INDEX(Metrics!$B$6:$B$14,MATCH(Calc!N15,Metrics!$D$6:$D$14,0))),"") | Q15: =IFERROR(IF(LEN(N15)=0,"",(P15&" : "&O15&" / "&N15)),"")
B16: July | C16: Jul | E16: 10 | F16: =IFERROR(IF(G15="December",F15+1,F15),"") -> 2022 | G16: =IFERROR(INDEX($B$10:$B$21,IF(MOD($C$8+E16-1,12)=0,12,MOD($C$8+E16-1,12))),"") -> October | H16: =IFERROR(INDEX($C$10:$C$21,MATCH(G16,$B$10:$B$21,0))&" "&F16,"") -> Oct 2022 | I16: =IFERROR(INDEX($C$10:$C$21,MATCH(G16,$B$10:$B$21,0))&" "&IF(F16="","",F16-1),"") -> Oct 2021 | K16: Charts Selected Low Better Option | L16: =IFERROR(INDEX(Metrics!$F$6:$F$14,MATCH(Calc!L15,Metrics!$D$6:$D$14,0)),"") -> No | N16: {=IFERROR(INDEX(Metrics!$D$6:$D$14,SMALL(IF(LEN(Metrics!$D$6:$D$14)>0,ROW(Metrics!$D$6:$D$14)-ROW(INDEX(Metrics!$D$6:$D$14,1,1))+1),ROW($A16)-ROW($A$6))),"")} | O16: =IFERROR(IF(INDEX(Metrics!$C$6:$C$14,MATCH(Calc!N16,Metrics!$D$6:$D$14,0))="","",INDEX(Metrics!$C$6:$C$14,MATCH(Calc!N16,Metrics!$D$6:$D$14,0))),"") | P16: =IFERROR(IF(INDEX(Metrics!$B$6:$B$14,MATCH(Calc!N16,Metrics!$D$6:$D$14,0))="","",INDEX(Metrics!$B$6:$B$14,MATCH(Calc!N16,Metrics!$D$6:$D$14,0))),"") | Q16: =IFERROR(IF(LEN(N16)=0,"",(P16&" : "&O16&" / "&N16)),"")
B17: August | C17: Aug | E17: 11 | F17: =IFERROR(IF(G16="December",F16+1,F16),"") -> 2022 | G17: =IFERROR(INDEX($B$10:$B$21,IF(MOD($C$8+E17-1,12)=0,12,MOD($C$8+E17-1,12))),"") -> November | H17: =IFERROR(INDEX($C$10:$C$21,MATCH(G17,$B$10:$B$21,0))&" "&F17,"") -> Nov 2022 | I17: =IFERROR(INDEX($C$10:$C$21,MATCH(G17,$B$10:$B$21,0))&" "&IF(F17="","",F17-1),"") -> Nov 2021 | N17: {=IFERROR(INDEX(Metrics!$D$6:$D$14,SMALL(IF(LEN(Metrics!$D$6:$D$14)>0,ROW(Metrics!$D$6:$D$14)-ROW(INDEX(Metrics!$D$6:$D$14,1,1))+1),ROW($A17)-ROW($A$6))),"")} | O17: =IFERROR(IF(INDEX(Metrics!$C$6:$C$14,MATCH(Calc!N17,Metrics!$D$6:$D$14,0))="","",INDEX(Metrics!$C$6:$C$14,MATCH(Calc!N17,Metrics!$D$6:$D$14,0))),"") | P17: =IFERROR(IF(INDEX(Metrics!$B$6:$B$14,MATCH(Calc!N17,Metrics!$D$6:$D$14,0))="","",INDEX(Metrics!$B$6:$B$14,MATCH(Calc!N17,Metrics!$D$6:$D$14,0))),"") | Q17: =IFERROR(IF(LEN(N17)=0,"",(P17&" : "&O17&" / "&N17)),"")
B18: September | C18: Sep | E18: 12 | F18: =IFERROR(IF(G17="December",F17+1,F17),"") -> 2022 | G18: =IFERROR(INDEX($B$10:$B$21,IF(MOD($C$8+E18-1,12)=0,12,MOD($C$8+E18-1,12))),"") -> December | H18: =IFERROR(INDEX($C$10:$C$21,MATCH(G18,$B$10:$B$21,0))&" "&F18,"") -> Dec 2022 | I18: =IFERROR(INDEX($C$10:$C$21,MATCH(G18,$B$10:$B$21,0))&" "&IF(F18="","",F18-1),"") -> Dec 2021 | K18: Last Row | L18: {=IFERROR(MAX(IF(LEN(Metrics!$B$6:$B$14)>0,ROW(Metrics!$B$6:$B$14))-4),70)} -> 10 | N18: {=IFERROR(INDEX(Metrics!$D$6:$D$14,SMALL(IF(LEN(Metrics!$D$6:$D$14)>0,ROW(Metrics!$D$6:$D$14)-ROW(INDEX(Metrics!$D$6:$D$14,1,1))+1),ROW($A18)-ROW($A$6))),"")} | O18: =IFERROR(IF(INDEX(Metrics!$C$6:$C$14,MATCH(Calc!N18,Metrics!$D$6:$D$14,0))="","",INDEX(Metrics!$C$6:$C$14,MATCH(Calc!N18,Metrics!$D$6:$D$14,0))),"") | P18: =IFERROR(IF(INDEX(Metrics!$B$6:$B$14,MATCH(Calc!N18,Metrics!$D$6:$D$14,0))="","",INDEX(Metrics!$B$6:$B$14,MATCH(Calc!N18,Metrics!$D$6:$D$14,0))),"") | Q18: =IFERROR(IF(LEN(N18)=0,"",(P18&" : "&O18&" / "&N18)),"")
B19: October | C19: Oct | N19: {=IFERROR(INDEX(Metrics!$D$6:$D$14,SMALL(IF(LEN(Metrics!$D$6:$D$14)>0,ROW(Metrics!$D$6:$D$14)-ROW(INDEX(Metrics!$D$6:$D$14,1,1))+1),ROW($A19)-ROW($A$6))),"")} | O19: =IFERROR(IF(INDEX(Metrics!$C$6:$C$14,MATCH(Calc!N19,Metrics!$D$6:$D$14,0))="","",INDEX(Metrics!$C$6:$C$14,MATCH(Calc!N19,Metrics!$D$6:$D$14,0))),"") | P19: =IFERROR(IF(INDEX(Metrics!$B$6:$B$14,MATCH(Calc!N19,Metrics!$D$6:$D$14,0))="","",INDEX(Metrics!$B$6:$B$14,MATCH(Calc!N19,Metrics!$D$6:$D$14,0))),"") | Q19: =IFERROR(IF(LEN(N19)=0,"",(P19&" : "&O19&" / "&N19)),"")
B20: November | C20: Nov
B21: December | C21: Dec | K21: Doughnut Charts
K23: Cumulative Index - Target Chart | L23: =IFERROR(KPI_Analysis!$O$16/100,0) -> 0.84437195
K24: Remaining | L24: =IFERROR(IF(L23>1,0,(1-L23)),"") -> 0.15562805
